 Dungeon Crawl Stone Soup version 0.27-a0-40-g5f2be0e231 (webtiles) character file.

Game seed: 14035421803008320279

7822565 night the Archmage (level 27, 323/323 HPs)
             Began as a Demonspawn Ice Elementalist on Dec 23, 2020.
             Was an Initiate of Gozag.
             Escaped with the Orb
             ... and 15 runes on Jan 5, 2021!
             The game lasted 22:54:55 (248516 turns).

night the Archmage (Demonspawn Ice Elementalist)  Turns: 248516, Time: 22:54:56

Health: 323/323    AC: 63    Str: 17    XL:     27
Magic:  63/63      EV: 14    Int: 41    God:    Gozag
Gold:   76046      SH: 27    Dex: 13    Spells: 6/80 levels left

rFire    + + +     SeeInvis .   h - +8 lance "Wyrmbane" {slay drac, rPois rF+ rC+ AC+3}
rCold    + + .     Faith    .   Z - +2 tower shield {AC+3}
rNeg     . . .     Spirit   +   J - +8 orange crystal plate armour {Archmagi, Int+3 Clar}
rPois    +         Reflect  .   (helmet unavailable)
rElec    +         Harm     .   O - +2 cloak of the Hills {rC+ Will+ Regen+ Stlth-}
rCorr    +         Rampage  .   z - +2 pair of gloves {Str+3}
Will     ++++.     Clarity  +   u - +2 pair of boots of Lugonu's Pride {rCorr Str+4}
Stlth    +.........             g - amulet "Asolel" {rC+ Regen+}
HPRegen  1.83/turn              q - ring "Fill" {Wiz rElec rF+++ rC- Int+6}
MPRegen  0.76/turn              d - ring "Doasuiph" {MP+9 Int+5 Dex-2}

@: no status effects
A: horns 3, talons 1, iridescent scales 3, strong-willed 1, powered by pain 3,
regeneration 1, robust 3, magic shield, magic regeneration, magic link,
MP-powered wands
0: Orb of Zot
}: 15/15 runes: serpentine, barnacled, slimy, silver, golden, iron, obsidian,
icy, bone, abyssal, demonic, glowing, magical, fiery, dark
a: Renounce Religion, Potion Petition, Call Merchant, Bribe Branch


You escaped.
You worshipped Gozag.
Gozag was exalted by your worship.
You visited 18 branches of the dungeon, and saw 89 of its levels.
You visited Pandemonium 2 times, and saw 16 of its levels.
You visited the Abyss 4 times.
You completed 6 ziggurats, and saw 162 of their levels.
You also visited: Gauntlet.

You collected 225021 gold pieces.
You spent 16347 gold pieces at shops.
You paid 132628 gold pieces to Gozag.

Inventory:

Hand Weapons
 a - a +9 demon blade of electrocution
 b - the +7 falchion "Icreitun" {freeze, rElec Int+8 Dex-5 Stlth+}
   (You found it on level 25 of a ziggurat)

   It has been specially enchanted to freeze those struck by it, causing extra
   injury to most foes and up to half again as much damage against particularly
   susceptible opponents.
   It can also slow down cold-blooded creatures.
   It affects your intelligence (+8).
   It affects your dexterity (-5).
   It insulates you from electricity.
   It makes you more stealthy.
 f - the +7 Singing Sword {vorpal, sonic wave}
   (You found it on level 13 of a ziggurat)

   It inflicts extra damage upon your enemies.
 h - the +8 lance "Wyrmbane" (weapon) {slay drac, rPois rF+ rC+ AC+3}
   (You found it on level 22 of a ziggurat)

   It affects your AC (+3).
   It protects you from fire.
   It protects you from cold.
   It protects you from poison.
 k - the +6 dagger of Calamity {vamp, Will+ Int+4 SInv}
   (You found it on level 12 of a ziggurat)

   It inflicts no extra harm, but heals its wielder when it wounds a living foe.
   It affects your intelligence (+4).
   It affects your willpower, your defense against some magical effects.
   It lets you see invisible.
 n - the +3 sling "Punk" {acid, rCorr}
   (You found it on level 7 of Tartarus)

   It provides partial protection from all sources of acid and corrosion.
 L - the +2 dagger of the Imperium {flame, rF+ MP+9 Int+3 Stlth+}
   (You found it on level 14 of a ziggurat)

   It has been specially enchanted to burn those struck by it, causing extra
   injury to most foes and up to half again as much damage against particularly
   susceptible opponents.
   It affects your intelligence (+3).
   It protects you from fire.
   It affects your magic capacity (+9).
   It makes you more stealthy.
Missiles
 y - 611 silver javelins (quivered)
Armour
 j - the +2 shield of Resistance {rF++ rC++ Will++}
   (You took it off a deep elf death mage on level 3 of the Elven Halls)

   It greatly protects you from fire.
   It greatly protects you from cold.
   It affects your willpower, your defense against some magical effects.
 u - the +2 pair of boots of Lugonu's Pride (worn) {rCorr Str+4}
   (You found it on level 26 of a ziggurat)

   It affects your strength (+4).
   It provides partial protection from all sources of acid and corrosion.
 z - a +2 pair of gloves of strength (worn)
 J - the +8 orange crystal plate armour (worn) {Archmagi, Int+3 Clar}
   (You found it on level 7 of a ziggurat)

   It affects your intelligence (+3).
   It protects you against confusion.
 K - the +2 cloak of the Thief {*Fog Slay-2 SInv Stlth+}
   (You found it on level 19 of a ziggurat)

   It affects your accuracy and damage with ranged weapons and melee attacks
   (-2).
   It lets you see invisible.
   It makes you more stealthy.
 O - the +2 cloak of the Hills (worn) {rC+ Will+ Regen+ Stlth-}
   (You bought it in a shop on level 11 of the Dungeon)

   It protects you from cold.
   It affects your willpower, your defense against some magical effects.
   It increases your rate of regeneration.
   It makes you less stealthy.
 R - the +8 ice dragon scales of the Marlin {rF- rC++ rN+ Dex+5}
   (You took it off a vault warden on level 5 of the Vaults)

   It affects your dexterity (+5).
   It makes you vulnerable to fire.
   It greatly protects you from cold.
   It protects you from negative energy.
 Z - a +2 tower shield of protection (worn)
Magical Staves
 w - an uncursed staff of cold
 E - an uncursed staff of fire
 X - an uncursed staff of earth
Jewellery
 d - the ring "Doasuiph" (right hand) {MP+9 Int+5 Dex-2}
   (You found it on level 3 of the Shoals)

   [ring of magical power]

   It affects your intelligence (+5).
   It affects your dexterity (-2).
   It affects your magic capacity (+9).
 e - the amulet "Kommoed" {rN++ Will- Regen+}
   (You found it on level 23 of a ziggurat)

   [amulet of regeneration]

   It greatly protects you from negative energy.
   It affects your willpower, your defense against some magical effects.
   It increases your rate of regeneration.
 g - the amulet "Asolel" (around neck) {rC+ Regen+}
   (You took it off a warmonger in Pandemonium)

   [amulet of regeneration]

   It protects you from cold.
   It increases your rate of regeneration.
 q - the ring "Fill" (left hand) {Wiz rElec rF+++ rC- Int+6}
   (You found it on level 11 of the Dungeon)

   [ring of wizardry]

   It improves your spell success rate.
   It affects your intelligence (+6).
   It renders you almost immune to fire.
   It makes you vulnerable to cold.
   It insulates you from electricity.
 s - the ring "Xiurue Foec" {rPois rF++ rN+ SInv}
   (You found it on level 7 of Tartarus)

   [ring of see invisible]

   It greatly protects you from fire.
   It protects you from poison.
   It protects you from negative energy.
   It lets you see invisible.
 x - the ring "Reyh Woi" {Fire Str+7}
   (You found it on level 6 of a ziggurat)

   [ring of fire]

   It enhances your fire magic.
   It affects your strength (+7).
   It protects you from fire.
   It makes you vulnerable to cold.
 C - the ring "Kaeqergh" {rF+ MP+9 Slay+4}
   (You found it on level 7 of Tartarus)

   [ring of slaying]

   It affects your accuracy and damage with ranged weapons and melee attacks
   (+4).
   It protects you from fire.
   It affects your magic capacity (+9).
 P - the amulet of Culeamat {Acrobat rN++}
   (You found it on level 11 of a ziggurat)

   [amulet of the acrobat]

   It helps you evade while moving and waiting.
   It greatly protects you from negative energy.
 S - the ring of Xom's Recklessness {Fire rElec Will+}
   (You found it on level 16 of a ziggurat)

   [ring of fire]

   It enhances your fire magic.
   It protects you from fire.
   It makes you vulnerable to cold.
   It insulates you from electricity.
   It affects your willpower, your defense against some magical effects.
 T - the ring "Wodok" {rC++ rN+ Str+3 Int+3 Slay+2}
   (You found it on level 24 of a ziggurat)

   [ring of positive energy]

   It affects your strength (+3).
   It affects your intelligence (+3).
   It affects your accuracy and damage with ranged weapons and melee attacks
   (+2).
   It greatly protects you from cold.
   It protects you from negative energy.
 U - the ring "Sios" {rElec rN+ MP+9 Str+2}
   (You acquired it on level 12 of a ziggurat)

   [ring of magical power]

   It affects your strength (+2).
   It insulates you from electricity.
   It protects you from negative energy.
   It affects your magic capacity (+9).
Wands
 B - a wand of acid (59)
Scrolls
 i - 73 scrolls of fog
 o - 45 scrolls of blinking
 A - 21 scrolls of silence
 M - 125 scrolls of teleportation
 W - 5 scrolls of summoning
Potions
 l - 54 potions of curing
 p - 143 potions of mutation
 r - 14 potions of invisibility
 t - 40 potions of heal wounds
 v - 21 potions of magic
 D - 13 potions of cancellation
 G - 30 potions of haste
 H - 8 potions of resistance
 I - 17 potions of lignification
 V - 11 potions of brilliance
 Y - 15 potions of ambrosia
Miscellaneous
 c - a box of beasts
 m - a +6 figurine of a ziggurat
 F - a condenser vane
 N - a lightning rod (4/4)
 Q - a phial of floods


   Skills:
 O Level 27 Fighting
 + Level 26.6(27) Short Blades
 O Level 27 Long Blades
 O Level 27 Axes
 + Level 26.6(27) Maces & Flails
 + Level 26.6(27) Polearms
 + Level 26.6(27) Staves
 O Level 27 Slings
 O Level 27 Throwing
 O Level 27 Armour
 O Level 27 Dodging
 O Level 27 Stealth
 O Level 27 Shields
 O Level 27 Unarmed Combat
 O Level 27 Spellcasting
 O Level 27 Conjurations
 O Level 27 Hexes
 O Level 27 Summonings
 O Level 27 Necromancy
 O Level 27 Translocations
 O Level 27 Transmutations
 O Level 27 Fire Magic
 O Level 27 Ice Magic
 O Level 27 Air Magic
 O Level 27 Earth Magic
 O Level 27 Poison Magic
 O Level 27 Evocations


You had 6 spell levels left.
You knew the following spells:

 Your Spells              Type           Power        Failure   Level
a - Tornado               Air            80%          2%          9
b - Death Channel         Necr           80%          0%          6
c - Death's Door          Necr           80%          2%          9
d - Necromutation         Tmut/Necr      80%          1%          8
e - Borgnjor's Revivific  Necr           80%          1%          8
f - Dragon's Call         Summ           80%          2%          9
g - Ozocubu's Refrigerat  Ice            80%          0%          6
h - Shatter               Erth           80%          2%          9
i - Sublimation of Blood  Necr           80%          0%          2
k - Ignition              Fire           80%          1%          8

Your spell library contained the following spells:

 Spells                   Type           Power        Failure   Level
 Animate Skeleton         Necr           100%         0%          1
 Apportation              Tloc           100%         0%          1
 Beastly Appendage        Tmut           100%         0%          1
 Corona                   Hex            100%         0%          1
 Foxfire                  Conj/Fire      100%         0%          1
 Freeze                   Ice            100%         0%          1
 Magic Dart               Conj           100%         0%          1
 Pain                     Necr           100%         0%          1
 Sandblast                Erth           100%         0%          1
 Shock                    Conj/Air       100%         0%          1
 Sting                    Tmut/Pois      100%         0%          1
 Summon Small Mammal      Summ           100%         0%          1
 Blink                    Tloc           N/A          0%          2
 Call Imp                 Summ           100%         0%          2
 Corpse Rot               Necr/Air       N/A          0%          2
 Ensorcelled Hibernation  Hex/Ice        100%         0%          2
 Passwall                 Tmut/Erth      100%         0%          2
 Poisonous Vapours        Pois/Air       100%         0%          2
 Searing Ray              Conj           100%         0%          2
 Slow                     Hex            100%         0%          2
 Swiftness                Air            100%         0%          2
 Wereblood                Tmut           100%         0%          2
 Call Canine Familiar     Summ           100%         0%          3
 Confusing Touch          Hex            100%         0%          3
 Conjure Flame            Conj/Fire      100%         0%          3
 Dazzling Flash           Conj/Hex       100%         0%          3
 Frozen Ramparts          Ice            100%         0%          3
 Gell's Gravitas          Tloc           80%          0%          3
 Ignite Poison            Fire/Tmut/Pois 100%         0%          3
 Inner Flame              Hex/Fire       100%         0%          3
 Lesser Beckoning         Tloc           80%          0%          3
 Mephitic Cloud           Conj/Pois/Air  100%         0%          3
 Ozocubu's Armour         Ice            100%         0%          3
 Portal Projectile        Hex/Tloc       100%         0%          3
 Spider Form              Tmut/Pois      80%          0%          3
 Static Discharge         Conj/Air       100%         0%          3
 Stone Arrow              Conj/Erth      100%         0%          3
 Summon Guardian Golem    Hex/Summ       100%         0%          3
 Teleport Other           Tloc           100%         0%          3
 Tukima's Dance           Hex            100%         0%          3
 Vampiric Draining        Necr           80%          0%          3
 Airstrike                Air            80%          0%          4
 Animate Dead             Necr           80%          0%          4
 Cause Fear               Hex            80%          0%          4
 Dispel Undead            Necr           100%         0%          4
 Fulminant Prism          Conj/Hex       80%          0%          4
 Hailstorm                Conj/Ice       100%         0%          4
 Ice Form                 Ice/Tmut       100%         0%          4
 Iskenderun's Mystic Bla  Conj/Tloc      100%         0%          4
 Leda's Liquefaction      Hex/Erth       80%          0%          4
 Olgreb's Toxic Radiance  Pois           100%         0%          4
 Passage of Golubria      Tloc           N/A          0%          4
 Petrify                  Tmut/Erth      100%         0%          4
 Sticky Flame             Conj/Fire      100%         0%          4
 Summon Ice Beast         Ice/Summ       100%         0%          4
 Summon Lightning Spire   Summ/Air       100%         0%          4
 Agony                    Necr           100%         0%          5
 Alistair's Intoxication  Tmut/Pois      100%         0%          5
 Blade Hands              Tmut           80%          0%          5
 Bolt of Magma            Conj/Fire/Erth 80%          0%          5
 Borgnjor's Vile Clutch   Necr/Erth      80%          0%          5
 Excruciating Wounds      Necr           80%          0%          5
 Fireball                 Conj/Fire      80%          0%          5
 Irradiate                Conj/Tmut      80%          0%          5
 Iskenderun's Battlesphe  Conj           100%         0%          5
 Lee's Rapid Deconstruct  Erth           80%          0%          5
 Lightning Bolt           Conj/Air       80%          0%          5
 Metabolic Englaciation   Hex/Ice        80%          0%          5
 Silence                  Hex/Air        80%          0%          5
 Summon Demon             Summ           80%          0%          5
 Summon Forest            Summ/Tloc      80%          0%          5
 Summon Mana Viper        Hex/Summ       100%         0%          5
 Yara's Violent Unravell  Hex/Tmut       80%          0%          5
 Conjure Ball Lightning   Conj/Air       80%          0%          6
 Dispersal                Tloc           80%          0%          6
 Eringya's Noxious Bog    Tmut/Pois      80%          0%          6
 Freezing Cloud           Conj/Ice/Air   80%          0%          6
 Hydra Form               Tmut           80%          0%          6
 Invisibility             Hex            100%         0%          6
 Iron Shot                Conj/Erth      80%          0%          6
 Shadow Creatures         Summ           N/A          0%          6
 Simulacrum               Ice/Necr       80%          0%          6
 Starburst                Conj/Fire      80%          0%          6
 Statue Form              Tmut/Erth      100%         0%          6
 Dragon Form              Tmut           80%          1%          7
 Haunt                    Necr/Summ      80%          1%          7
 Malign Gateway           Summ/Tloc      80%          1%          7
 Monstrous Menagerie      Summ           80%          1%          7
 Orb of Destruction       Conj           80%          1%          7
 Spellforged Servitor     Conj/Summ      80%          1%          7
 Summon Greater Demon     Summ           80%          1%          7
 Summon Hydra             Summ           80%          1%          7
 Chain Lightning          Conj/Air       80%          1%          8
 Discord                  Hex            80%          1%          8
 Disjunction              Tloc           80%          1%          8
 Infestation              Necr           80%          1%          8
 Lehudib's Crystal Spear  Conj/Erth      80%          1%          8
 Summon Horrible Things   Summ           80%          1%          8
 Absolute Zero            Ice            80%          2%          9
 Fire Storm               Conj/Fire      80%          2%          9


Dungeon Overview and Level Annotations

Branches:
Dungeon (15/15)            Temple (1/1) D:6            Lair (6/6) D:10
 Shoals (4/4) Lair:4        Snake (4/4) Lair:2        Slime (5/5) Lair:5
    Orc (2/2) D:10            Elf (3/3) Orc:2        Vaults (5/5) D:14
  Crypt (3/3) Vaults:2       Tomb (3/3) Crypt:3      Depths (5/5) D:15
   Hell (visited)             Dis (7/7) Hell            Geh (7/7) Hell
    Coc (7/7) Hell            Tar (7/7) Hell            Zot (5/5) Depths:5
Gauntlet (visited)

Altars:
Ashenzari
Cheibriados
Dithmenos
Elyvilon
Fedhas
Gozag
Hepliaklqana
Kikubaaqudgha
Makhleb
Nemelex Xobeh
Okawaru
Qazlal
Ru
Sif Muna
Trog
Uskayaw
Vehumet
Wu Jian
Xom
Yredelemnul
Zin
The Shining One
Jiyva

Shops:
D:4 (   D:6 ([(?}   D:8 *   D:10 ![=   D:11 [(:::   Orc:1 [   Orc:2 [?([
Shoals:2 *   Snake:3 =}}   Snake:4 ?:??!=}   Vaults:1 }   Vaults:2 !![:*
Vaults:4 ?   Vaults:5 ?((::   Hell ?=([([=   Depths:1 (![*   Depths:4 *?=(
Depths:5 !

Portals:
Hell: Depths:1 Depths:2 Depths:3 Depths:4 Depths:5
Abyss: Depths:1 Depths:4
Pandemonium: Depths:1 Depths:3
Ziggurat: Depths:4

Annotations:
D:4 exclusion: ogre
Lair:4 1 runed translucent door, Scuka's ghost, journeyman DrTm
Lair:5 1 transporter
Elf:2 2 runed translucent doors, Goabecolo's ghost, adept CeHu
Tomb:3 Khufu


Innate Abilities, Weirdness & Mutations

You have a pair of large horns on your head.
You are completely covered in iridescent scales. (AC +6)
You are powered by pain.
You are extremely robust. (+30% HP)
When hurt, damage is shared between your health and your magic reserves.
You regenerate magic rapidly.
When low on magic, you restore magic in place of health.
You have sharp toenails.
You are strong-willed. (Will+)
Your natural rate of healing is unusually fast.
You expend magic power (3 MP) to strengthen your wands.


Message History

You kill the sun demon!
The balrug hits you but does no damage.
Casting: Ozocubu's Refrigeration (safe; 0% risk of failure)
Confirm with . or Enter, or press ? or * to list all spells.
You feel a surge of power!
The heat is drained from your surroundings.
You resist.
You feel very cold.
The balrug is frozen.
The balrug is frozen!
You kill the balrug!
You now have 76029 gold pieces (gained 7).
You see here a +0 trident.
You now have 76034 gold pieces (gained 5).
You now have 76046 gold pieces (gained 12).
You see here a +0 demon whip.
There is an open door here.
Your transformation is almost over.
HP restored.
You feel yourself come back to life.
There is a staircase leading out of the dungeon here.
You can't go down here!
You have escaped!

#.$..#################....#
#...## ###.......### ##...# #..##
##..§........## ##..# #..#
##....≈≈.≈≈....## #..# #..#
#...≈§≈≈.≈≈≈≈...# #..##
#.####..≈≈.......≈≈..####..# ##.#
#...≈..≈≈≈≈§..≈...# #..# #..#
#..≈≈.≈≈...≈≈.≈≈..# #..# #..#
#..≈≈§≈≈.@.≈§.≈≈..# #..# #..#
#..§≈§≈≈...≈≈.≈§..# #..# #..#
#..§§§.≈§.≈≈.§§...# #..#
##.)####..§§§..§...≈≈..####..##
#.)..# #.§.≈§§§≈≈≈§≈...# #....#
##....# ##....§≈≈≈§....## #....#
......## ##...........## ##....#
.......## ###.......### ##.....#
........########.########......##


There were no monsters in sight!

Vanquished Creatures
  Cerebov (Pan)
  Antaeus (Coc:7)
  Asmodeus (Geh:7)
  the Royal Jelly (Slime:5)
  Gloorx Vloq (Pan)
  Ereshkigal (Tar:7)
  Mnoleg (Pan)
  the Serpent of Hell (Geh:7)
  Lom Lobon (Pan)
  87 orbs of fire
  Dispater (Dis:7)
  Mara (Crypt:1)
  50 juggernauts
  Mennas (Tomb:2)
  71 ancient liches
  Sojobo (Vaults:4)
  116 Killer Klowns
  Boris (twice) (Vaults:2 Tomb:1)
  180 royal mummies
  Margery (Vaults:3)
  Bai Suzhen (Vaults:2)
  29 caustic shrikes
  The ghost of Butoilik the Impregnable, a veteran MiBe of Trog (Vaults:3)
  81 shard shrikes
  90 golden dragons
  A caustic shrike (shapeshifter) (Zig:24)
  229 pandemonium lords
  Geryon (Hell)
  2 curse toes
  Nikola (Snake:4)
  Jory (Crypt:2)
  107 bone dragons
  71 liches
  40 doom hounds
  15 profane servitors
  113 Tzitzimimeh
  20 iron giants
  2 iron giants (shapeshifter)
  75 Brimstone Fiends
  6 electric golems
  53 tentacled monstrosities
  Jorgrun (Lair:2)
  44 hellephants
  The ghost of Gimozud the Bludgeoner, an adept TrBe of Trog (Vaults:1)
  94 Ice Fiends
  44 Hell Sentinels
  A shard shrike skeleton (Crypt:3)
  18 deep elf master archers
  An acid blob (shapeshifter) (Zig:19)
  31 titans
  14 deep elf blademasters
  50 quicksilver dragons
  8 quicksilver dragons (shapeshifter)
  93 ancient champions
  193 acid blobs
  27 Orb Guardians
  30 sphinxes
  69 Executioners
  9 death cobs
  An eldritch tentacle (Zig:24)
  50 tentacled starspawn
  2 sphinxes (shapeshifter)
  21 tengu reavers
  64 shadow dragons
  27 storm dragons
  Kirke (Lair:3)
  78 azure jellies
  190 nagarajas
  3 thorn hunters
  71 revenants
  Donald (Shoals:2)
  2 fenstrider witches (shapeshifter)
  2 shadow dragons (shapeshifter)
  Ilsuiw (Shoals:2)
  3 fenstrider witches
  A storm dragon (shapeshifter) (Zig:24)
  3 daevas
  7 azure jellies (shapeshifter)
  71 draconian monks
  9 fire giants (shapeshifter)
  100 draconian knights
  49 frost giants
  42 ghost moths
  6 frost giants (shapeshifter)
  74 fire giants
  16 juggernaut zombies
  94 draconian scorchers
  26 iron dragons
  32 vault wardens
  17 deep elf sorcerers
  14 caustic shrike zombies
  199 balrugs
  71 draconian shifters
  Aizul (Elf:3)
  142 orc warlords
  Louise (Elf:2)
  69 cacodemons
  19 ghouls
  60 curse skulls
  253 reapers
  53 warmongers
  An angel (Zig:20)
  63 draconian annihilators
  8 deep elf elementalists
  72 draconian stormcallers
  25 emperor scorpions
  4 spriggan defenders (Depths:3)
  90 very ugly things
  15 juggernaut skeletons
  9 stone giants (shapeshifter)
  23 war gargoyles
  27 ironheart preservers
  95 stone giants
  2 ophanim (Abyss:1)
  15 caustic shrike skeletons
  The ghost of Dracia the Grappler, a journeyman TrMo (Lair:5)
  Nessos (D:14)
  38 bennus
  65 corrupters
  6 elemental wellsprings
  80 vampire knights
  41 black draconians
  A minotaur (shapeshifter) (Zig:18)
  52 blood saints
  49 white draconians
  52 green draconians
  17 deep elf demonologists
  32 deep elf annihilators
  27 entropy weavers
  47 lorocyprocas
  A spark wasp (shapeshifter) (Zig:19)
  38 purple draconians
  Azrael (Elf:1)
  56 red draconians
  50 yellow draconians
  44 black suns
  10 spark wasps
  3 bunyips (shapeshifter)
  3 minotaurs
  42 dire elephants
  5 dire elephants (shapeshifter)
  8 eleionomae (shapeshifter)
  24 eleionomae
  136 blizzard demons
  20 bunyips
  42 deep elf death magi
  62 eidola
  42 merfolk javelineers
  2 crystal guardians
  16 quicksilver dragon zombies
  An ettin (shapeshifter) (Zig:24)
  26 ettins
  28 death oozes
  56 shambling mangroves
  123 mummy priests
  Josephine (Lair:4)
  31 merfolk impalers
  113 green deaths
  15 jiangshi
  93 fire dragons
  18 deep elf high priests
  53 great orbs of eyes
  16 yaktaur captains
  24 ogre magi
  4 kraken zombies
  74 ice dragons
  A boulder beetle (shapeshifter) (Zig:24)
  18 rakshasas
  An ice dragon (shapeshifter) (Zig:24)
  56 naga warriors
  19 quicksilver dragon skeletons
  13 monstrous demonspawn
  14 boulder beetles
  38 vault guards
  36 catoblepae
  A great orb of eyes (shapeshifter) (Depths:2)
  A hydra (shapeshifter) (Zig:18)
  165 hydras
  5 spriggan air magi
  27 hell beasts
  A caustic shrike simulacrum (Zig:18)
  A juggernaut simulacrum (Zig:18)
  5 merfolk avatars
  2 two-headed ogres (shapeshifter)
  23 ghost crabs
  2 catoblepae (shapeshifter)
  An anaconda (shapeshifter) (Zig:6)
  47 anacondas
  70 merfolk aquamancers
  5 centaur warriors
  7 death knights
  7 alligator snapping turtles (shapeshifter)
  17 alligators
  7 alligator snapping turtles
  6 satyrs
  Erica (Lair:1)
  A satyr (shapeshifter) (Zig:24)
  60 two-headed ogres
  7 deep troll earth magi
  3 death yaks (shapeshifter)
  26 death yaks
  4 tengu warriors
  127 death scarabs
  5 deep troll shamans
  118 orc high priests
  4 shock serpents (shapeshifter)
  5 spriggan berserkers
  52 hell hogs
  55 shock serpents
  25 storm dragon zombies
  68 thrashing horrors
  23 titan zombies
  70 vampire magi
  69 naga sharpshooters
  115 sun demons
  54 deep elf knights
  120 soul eaters
  16 iron golems
  70 wretched stars
  34 titan skeletons
  56 iron trolls
  A fire crab (shapeshifter) (Depths:3)
  32 fire crabs
  26 anaconda zombies
  400 skeletal warriors
  74 death drakes
  68 hell knights
  13 salamander mystics
  6 ghost moth zombies
  69 sixfirhies
  68 shadow wraiths
  21 storm dragon skeletons
  3 goliath frogs (shapeshifter)
  3 swamp dragons (shapeshifter)
  4 deep trolls (shapeshifter)
  6 goliath frogs
  27 spatial maelstroms
  44 sea snakes
  2 sea snakes (shapeshifter)
  60 spriggan druids
  94 swamp dragons
  5 iron trolls (shapeshifter)
  243 large abominations
  27 golden dragon zombies
  24 glowing orange brains
  3 death drakes (shapeshifter)
  7 infernal demonspawn
  71 shadow demons
  227 starcursed masses
  7 glowing orange brains (shapeshifter)
  62 flayed ghosts
  6 unseen horrors
  11 wizards
  15 gelid demonspawn
  14 orange crystal statues
  39 naga ritualists
  5 spark wasp zombies
  8 lindwurms
  24 deep trolls
  2 unseen horrors (shapeshifter)
  47 deep elf archers
  28 ironbrand convokers
  8 bog bodies
  19 torturous demonspawn
  92 phantasmal warriors
  15 anaconda skeletons
  31 golden dragon skeletons
  16 obsidian statues
  An orb spider (shapeshifter) (Depths:3)
  23 necromancers
  49 orb spiders
  10 wolf spider zombies
  41 harpies
  3 lindwurms (shapeshifter)
  14 sphinx zombies
  25 shadow dragon skeletons
  7 mana vipers (shapeshifter)
  37 mana vipers
  20 stone giant zombies
  36 cyclopes
  26 iron dragon zombies
  3 shining eyes (shapeshifter)
  46 wolf spiders
  32 frost giant zombies
  20 fauns
  55 shining eyes
  22 shadow dragon zombies
  20 fire giant zombies
  23 will-o-the-wisps
  A wolf spider (shapeshifter) (Zig:11)
  85 ugly things
  37 orc knights
  59 oklob plants
  9 cyclopes (shapeshifter)
  16 worldbinders
  148 deep elf magi
  39 manticores
  3 salamanders (shapeshifter)
  5 manticores (shapeshifter)
  75 orc sorcerers
  2 fauns (shapeshifter)
  98 rust devils
  20 sphinx skeletons
  2 moths of wrath (shapeshifter)
  5 draconians (Abyss:3)
  26 merfolk sirens
  112 moths of wrath
  An elephant (shapeshifter) (Zig:8)
  26 salamanders
  27 stone giant skeletons
  22 fire giant skeletons
  21 iron dragon skeletons
  2 black mambas (shapeshifter)
  31 vault sentinels
  58 guardian serpents
  190 black mambas
  3 torpor snails (shapeshifter)
  80 water nymphs
  9 dire elephant zombies
  5 shock serpent zombies
  3 eyes of devastation (shapeshifter)
  A guardian serpent (shapeshifter) (Zig:18)
  10 ice statues
  6 centaur zombies
  3 titan simulacra
  30 frost giant skeletons
  35 torpor snails
  104 naga magi
  69 apocalypse crabs
  27 eyes of devastation
  55 orange demons
  9 dire elephant skeletons
  4 water nymphs (shapeshifter)
  A cane toad (shapeshifter) (Depths:4)
  23 elephants
  10 molten gargoyles
  5 gargoyles
  35 elf skeletons
  129 smoke demons
  110 hellions
  4 shock serpent skeletons
  84 cane toads
  40 komodo dragons
  A yellow draconian zombie (Dis:4)
  A komodo dragon (shapeshifter) (Zig:16)
  2 catoblepas zombies
  A rime drake (shapeshifter) (Zig:18)
  3 kobold demonologists (D:15)
  6 tengu conjurers
  8 emperor scorpion zombies
  2 minotaur zombies
  31 rime drakes
  70 yaktaurs
  6 yaktaurs (shapeshifter)
  159 freezing wraiths
  51 demonic crawlers
  175 tormentors
  61 efreet
  2 anaconda simulacra
  48 ancient zymes
  A pale draconian skeleton (Crypt:1)
  155 ice devils
  A redback zombie (Crypt:1)
  A black draconian skeleton (Coc:2)
  5 catoblepas skeletons
  53 hellwings
  A spark wasp simulacrum (Depths:1)
  9 harpy zombies
  2 white draconian skeletons
  236 guardian mummies
  A queen bee (shapeshifter) (Vaults:3)
  21 silent spectres
  42 trolls
  32 hydra zombies
  107 merfolk
  A yaktaur skeleton (Vaults:1)
  A meliai (shapeshifter) (Zig:23)
  2 trolls (shapeshifter)
  25 jumping spiders
  2 wind drakes (shapeshifter)
  4 bloated husks
  4 merfolk (shapeshifter)
  79 raiju
  122 red devils
  3 jumping spiders (shapeshifter)
  A polar bear (shapeshifter) (Vaults:4)
  A death drake zombie (Crypt:1)
  27 wind drakes
  2 hornets (shapeshifter)
  23 fire dragon zombies
  5 shadow dragon simulacra
  8 polar bears
  55 blink frogs
  5 harpy skeletons
  3 tengu simulacra
  114 hornets
  2 raiju (shapeshifter)
  17 tyrant leeches
  A tyrant leech (shapeshifter) (Zig:11)
  3 iron dragon simulacra
  214 slime creatures
  3 fire giant simulacra
  14 alligator zombies
  3 slime creatures (shapeshifter)
  11 dream sheep
  7 dream sheep (shapeshifter)
  A blink frog (shapeshifter) (Zig:6)
  14 hydra skeletons
  30 snapping turtles
  22 ettin skeletons
  16 ettin zombies
  5 snapping turtles (shapeshifter)
  A guardian serpent zombie (Crypt:1)
  2 stone giant simulacra
  11 ice dragon zombies
  4 redbacks (shapeshifter)
  A frost giant simulacrum (Coc:2)
  7 alligator skeletons
  38 redbacks
  2 spriggans (shapeshifter)
  3 tarantellas (shapeshifter)
  19 spriggans
  443 flying skulls
  88 shadows
  A wyvern (shapeshifter) (Zig:8)
  16 wyverns
  9 black mamba zombies
  15 fire dragon skeletons
  A vampire (Abyss:3)
  73 ynoxinuls
  21 tarantellas
  91 yaks
  15 ice dragon skeletons
  A spriggan simulacrum (Zig:15)
  91 ushabtiu
  127 wraiths
  9 air elementals
  10 fire bats
  74 water elementals
  2 dire elephant simulacra
  A nameless horror (Tar:7)
  2 humans (shapeshifter)
  2 yaks (shapeshifter)
  A wind drake zombie (Crypt:1)
  16 basilisks
  61 neqoxecs
  7 hogs (Lair:4)
  30 golden eyes
  130 chaos spawn
  5 black mamba skeletons
  A hog (shapeshifter) (Zig:24)
  2 basilisks (shapeshifter)
  Grum (D:8)
  70 fire elementals
  10 vampire mosquitoes
  8 steam dragons
  A merfolk zombie (Coc:4)
  45 wargs
  A harpy simulacrum (Coc:7)
  4 swamp worms (shapeshifter)
  16 spatial vortices
  89 nagas
  A soldier ant (shapeshifter) (Abyss:3)
  12 acid dragons
  A faun zombie (Crypt:3)
  5 floating eyes (shapeshifter)
  207 hell hounds
  A soldier ant (D:15)
  48 water moccasins
  A swamp drake (shapeshifter) (Zig:24)
  15 cane toad zombies
  25 floating eyes
  37 ice beasts
  8 hydra simulacra
  113 necrophages
  5 cane toad skeletons
  An ogre (shapeshifter) (Zig:16)
  19 swamp drakes
  A fire dragon simulacrum (Coc:7)
  193 orc warriors
  A sky beast (shapeshifter) (Zig:24)
  62 eyes of draining
  A black bear (D:9)
  37 elf zombies
  12 snapping turtle zombies
  2 ettin simulacra (Coc:7)
  3 ice dragon simulacra
  An eye of draining (shapeshifter) (Depths:2)
  3 hornet zombies
  An alligator simulacrum (Coc:7)
  120 ogres
  23 phantoms
  7 manticore zombies
  3 sky beasts
  18 boggarts
  5 swamp dragon zombies
  A tengu (shapeshifter) (Vaults:1)
  24 wolves
  15 snapping turtle skeletons
  19 centaurs
  7 human skeletons
  4 manticore skeletons
  4 swamp dragon skeletons
  2 big kobolds
  2 yaktaur zombies
  11 human zombies
  A komodo dragon zombie (Crypt:3)
  27 bullfrogs
  2 gnoll sergeants
  An ogre simulacrum (Vaults:1)
  A palentonga zombie (Crypt:3)
  16 earth elementals
  3 cane toad simulacra
  3 glowing shapeshifter simulacra
  79 small abominations
  A troll zombie (Tar:7)
  A water moccasin skeleton (D:10)
  5 scorpions
  3 snapping turtle simulacra
  5 elf simulacra
  3 killer bees (D:7)
  An orc simulacrum (Vaults:1)
  A troll skeleton (Tar:2)
  3 electric eels (D:11)
  15 spriggan zombies
  196 wights
  3 howler monkeys
  15 spriggan skeletons
  3 bullfrog zombies
  13 crimson imps
  A human simulacrum (Vaults:2)
  5 hounds
  15 quasits
  86 iron imps
  45 orc wizards
  4 jellies
  A gnoll shaman (D:7)
  37 orc priests
  4 bullfrog skeletons
  8 centaur skeletons
  3 iguanas
  15 worker ants
  Natasha (thrice) (D:4)
  12 hell rats
  4 lightning spires (Zig:20)
  A killer bee zombie (D:6)
  16 tengu zombies
  A demigod zombie (Crypt:3)
  2 ogre zombies
  A big kobold skeleton (Crypt:1)
  A dwarf skeleton (Crypt:3)
  14 tengu skeletons
  3 hound zombies
  A naga skeleton (Crypt:3)
  424 mummies
  2 worker ant zombies
  32 gnolls
  13 adders
  9 river rats (Lair:6)
  46 shadow imps
  81 white imps
  14 ufetubi
  An adder skeleton (D:5)
  A worm (D:3)
  A dart slug (D:3)
  5 leopard geckos
  66 orcs
  A ball python (D:2)
  A bat skeleton (Crypt:2)
  7 giant cockroaches
  9 hobgoblins
  12 jackals
  14 kobolds
  4 quokkas
  A ball python zombie (Crypt:3)
  13 bats
  A frilled lizard (D:1)
  8 goblins
  A jackal zombie (D:6)
  A kobold skeleton (Geh:7)
  A kobold zombie (Coc:6)
  A leopard gecko skeleton (D:8)
  2 orc skeletons
  6 orc zombies
  5 rats
  A river rat skeleton (Crypt:3)
  2 ball lightnings (Zig:23)
  16 briar patches
  A fire vortex (Zig:14)
  5 lurking horrors
  5 plants
  32 starspawn tentacles
  9 tentacles
19201 creatures vanquished.

Vanquished Creatures (collateral kills)
  4 ancient liches (Zig:19)
  8 juggernauts
  25 pandemonium lords
  5 royal mummies
  5 Killer Klowns
  3 curse toes
  7 caustic shrikes
  23 golden dragons
  A profane servitor (Zig:19)
  15 bone dragons
  A doom hound (Zig:11)
  12 iron giants (Zig:22)
  A Brimstone Fiend (Geh:7)
  3 hellephants
  15 Tzitzimimeh
  5 Hell Sentinels
  2 liches
  15 tentacled monstrosities
  A titan (Zig:22)
  A deep elf blademaster (Zig:16)
  A quicksilver dragon (shapeshifter) (Zig:14)
  An acid blob (Slime:2)
  A sphinx (shapeshifter) (Zig:8)
  A tentacled starspawn (Abyss:3)
  3 Executioners
  An eldritch tentacle (Zig:24)
  A shadow dragon (Zig:24)
  2 revenants
  A nagaraja (Snake:4)
  A fire giant (shapeshifter) (Zig:24)
  3 frost giants (Zig:22)
  An azure jelly (Slime:2)
  12 fire giants
  3 iron dragons
  6 balrugs
  4 emperor scorpions
  An orc warlord (Zig:26)
  A draconian scorcher (Zig:20)
  A draconian shifter (Zig:20)
  A juggernaut zombie (Zig:23)
  3 curse skulls (Zig:25)
  An iron dragon (shapeshifter) (Zig:24)
  2 warmongers
  19 reapers
  A deep elf elementalist (Abyss:3)
  4 very ugly things
  A juggernaut skeleton (Zig:17)
  4 caustic shrike skeletons
  A stone giant (Zig:22)
  A green draconian (Abyss:3)
  12 bennus
  A stone giant (shapeshifter) (Zig:11)
  A corrupter (Zig:17)
  2 entropy weavers
  A vampire knight (Zig:25)
  A white draconian (Zig:20)
  A black sun (Zig:17)
  3 dire elephants (Zig:26)
  A red draconian (Zig:20)
  A blizzard demon (Abyss:3)
  5 green deaths
  An eleionoma (shapeshifter) (Zig:11)
  5 quicksilver dragon zombies
  6 fire dragons
  A mummy priest (Zig:20)
  A merfolk javelineer (Zig:27)
  6 shambling mangroves
  2 rakshasas (Abyss:3)
  A great orb of eyes (Gauntlet)
  2 monstrous demonspawn (Pan)
  A hell beast (Zig:24)
  2 ghost crabs
  6 hydras
  3 catoblepae
  4 alligators
  A merfolk aquamancer (Zig:27)
  2 vampire magi
  2 death scarabs (Tomb:1)
  A thrashing horror (Abyss:3)
  2 dancing weapons (Zig:16)
  2 titan zombies
  2 titan skeletons
  8 soul eaters
  A salamander mystic (Zig:20)
  2 sun demons
  4 iron trolls
  A hell knight (Geh:7)
  2 sea snakes (Zig:27)
  3 wretched stars
  A shadow wraith (Zig:25)
  8 skeletal warriors
  A cherub (Pan)
  3 golden dragon zombies
  An anaconda zombie (Dis:2)
  3 death drakes
  7 shadow demons
  A tengu zombie (Zig:23)
  2 swamp dragons (Zig:27)
  2 gelid demonspawn (Pan)
  4 shadow dragon zombies
  A bog body (Zig:27)
  3 harpies (Zig:27)
  2 golden dragon skeletons (Zig:23)
  A sphinx zombie (Zig:23)
  2 phantasmal warriors
  4 shadow dragon skeletons
  An orb spider (Zig:12)
  A mana viper (Snake:2)
  A lindwurm (Zig:23)
  2 iron dragon zombies
  2 sphinx skeletons
  An oklob plant (Zig:22)
  A stone giant zombie (Dis:3)
  3 will-o-the-wisps
  An ugly thing (Zig:11)
  A frost giant zombie (Zig:11)
  2 cyclopes (Zig:22)
  A moth of wrath (Zig:9)
  A worldbinder (Abyss:3)
  A black mamba (shapeshifter) (Abyss:3)
  3 elephants
  2 dire elephant zombies
  An iron dragon skeleton (Zig:23)
  A spriggan zombie (Zig:23)
  7 apocalypse crabs
  A stone giant skeleton (Dis:5)
  An orange demon (Pan)
  A rust devil (Dis:4)
  4 torpor snails
  4 molten gargoyles (Geh:7)
  2 elf zombies
  5 smoke demons
  A cane toad (Zig:26)
  2 hellions
  An emperor scorpion zombie (Tar:3)
  2 komodo dragons
  2 yaktaurs (D:12)
  4 demonic crawlers
  A rime drake (Lair:4)
  3 tormentors
  A golden dragon simulacrum (Tar:5)
  A silent spectre (Zig:11)
  A freezing wraith (Tar:7)
  2 efreet
  2 ice devils
  2 guardian mummies
  4 red devils
  A jumping spider (Zig:15)
  2 merfolk (Zig:27)
  A hydra skeleton (Tar:5)
  13 hornets
  5 raiju
  A blink frog (shapeshifter) (Zig:24)
  A tyrant leech (Lair:6)
  7 blink frogs
  4 slime creatures
  2 dream sheep (shapeshifter)
  2 ettin zombies
  An alligator zombie (Abyss:3)
  An ice dragon zombie (Tar:6)
  4 large abominations (Abyss:3)
  A redback (Zig:9)
  An alligator skeleton (Geh:7)
  4 wraiths
  4 shadows
  9 flying skulls
  2 ynoxinuls (Abyss:3)
  3 ushabtiu (Zig:20)
  2 tarantellas (Zig:15)
  A fire bat (Abyss:3)
  4 fire elementals
  2 small abominations
  4 yaks
  2 elf skeletons
  6 chaos spawn
  A vampire mosquito (Zig:21)
  A harpy simulacrum (Abyss:3)
  An acid dragon (Zig:15)
  2 water moccasins
  A floating eye (shapeshifter) (Zig:8)
  2 hell hounds
  A swamp drake (Zig:15)
  An eye of draining (shapeshifter) (Zig:18)
  An ogre (D:8)
  A phantom (D:7)
  5 necrophages
  A snapping turtle skeleton (Tar:7)
  A manticore skeleton (Abyss:3)
  A bullfrog (Lair:3)
  An earth elemental (Zig:10)
  A nameless horror (Tar:7)
  2 wights (D:9)
  A crimson imp (Zig:11)
  6 iron imps
  A bullfrog skeleton (D:12)
  4 mummies
  3 gnolls (D:9)
  4 shadow imps
  A white imp (D:7)
  An orc (D:9)
  A frilled lizard (shapeshifter) (Abyss:3)
  6 fire vortices
  2 starspawn tentacles (Abyss:3)
608 creatures vanquished.

Vanquished Creatures (others)
  An ancient lich (Zig:19)
  7 Killer Klowns
  7 pandemonium lords
  A golden dragon (Zig:21)
  A lich (Zig:22)
  A Tzitzimitl (Tar:5)
  2 tentacled monstrosities (Zig:16)
  A titan (Zig:22)
  An eldritch tentacle (Zig:18)
  A shadow dragon (shapeshifter) (Zig:19)
  2 draconian monks
  An azure jelly (shapeshifter) (Zig:24)
  A draconian knight (Zig:24)
  A draconian stormcaller (Zig:9)
  A black sun (Zig:13)
  A draconian shifter (Zig:15)
  A balrug (Zig:19)
  A cacodemon (Zig:13)
  An ironheart preserver (Zig:8)
  A stone giant (shapeshifter) (Zig:24)
  8 very ugly things (Zig:24)
  A green draconian (Zig:9)
  A lorocyproca (Pan)
  2 red draconians
  A white draconian (Zig:9)
  A blizzard demon (Coc:6)
  2 fire dragons (Zig:24)
  A rakshasa (Abyss:5)
  A hell beast (Zig:14)
  53 dancing weapons
  A skeletal warrior (Tar:7)
  A deep troll (shapeshifter) (Zig:24)
  A spriggan druid (Depths:3)
  A wizard (Pan)
  3 ugly things (Zig:24)
  A harpy (Zig:27)
  A mana viper (shapeshifter) (Zig:14)
  A lindwurm (shapeshifter) (Zig:24)
  2 necromancers (Geh:6)
  A moth of wrath (shapeshifter) (Zig:24)
  A naga mage (Snake:4)
  6 apocalypse crabs
  A guardian serpent (Snake:4)
  A water nymph (shapeshifter) (Zig:24)
  A yaktaur (shapeshifter) (Zig:24)
  An alligator zombie (Coc:1)
  A hornet (Depths:4)
  4 flying skulls
  2 air elementals
  A ynoxinul (Pan)
  3 chaos spawn
  A naga (Snake:4)
  4 large abominations
  2 spatial vortices (Abyss:5)
  A floating eye (shapeshifter) (Zig:24)
  A hell hound (Zig:11)
  A swamp drake (Zig:16)
  An eye of draining (Zig:25)
  7 small abominations
  An orc wizard (D:11)
  A worker ant (D:5)
  A shadow imp (Zig:11)
  2 white imps (Zig:25)
  An orc (D:11)
  19 ball lightnings
  A briar patch (Zig:13)
  2 bushes (Lair:6)
  14 fire vortices
  16 foxfires
  50 fungi
  3 lurking horrors (Abyss:3)
  356 plants
  38 starspawn tentacles
  13 tentacles
  A withered plant (Gauntlet)
677 creatures vanquished.

Grand Total: 20486 creatures vanquished

Notes
Turn   | Place    | Note
-------+----------+-------------------------------------------
     0 | D:1      | night the Demonspawn Ice Elementalist began the quest for
                  | the Orb.
     0 | D:1      | Reached XP level 1. HP: 13/13 MP: 3/3
   434 | D:2      | Gained mutation: You sometimes gain a little power by
                  | taking damage. [demonic ancestry]
   434 | D:2      | Reached XP level 2. HP: 19/19 MP: 3/5
   900 | D:2      | Reached XP level 3. HP: 24/24 MP: 2/7
  1483 | D:1      | Learned a level 3 spell: Frozen Ramparts
  1487 | D:1      | Learned a level 3 spell: Ozocubu's Armour
  2085 | D:3      | Found a bloodstained altar of Trog.
  2111 | D:3      | Reached XP level 4. HP: 25/30 MP: 1/9
  2379 | D:3      | Gained mutation: You have a pair of small horns on your
                  | head. [demonic ancestry]
  2379 | D:3      | Reached XP level 5. HP: 35/35 MP: 3/10
  2527 | D:3      | Found a sparkling altar of Nemelex Xobeh.
  2649 | D:3      | Found a white marble altar of Elyvilon.
  2702 | D:3      | Found a glowing silver altar of Zin.
  2704 | D:3      | Found a basalt altar of Yredelemnul.
  2999 | D:4      | Reached skill level 5 in Ice Magic
  3183 | D:4      | Noticed an ogre
  3192 | D:4      | HP: 3/35 [ogre/+0 giant club (28)]
  3193 | D:4      | Killed an ogre
  3194 | D:4      | Reached XP level 6. HP: 3/41 MP: 3/12
  3732 | D:4      | Noticed Natasha
  3737 | D:4      | Killed Natasha
  3956 | D:4      | Noticed Natasha
  3966 | D:4      | Killed Natasha
  4108 | D:4      | Reached skill level 5 in Spellcasting
  4162 | D:4      | Found Umedav's Antique Weapon Shoppe.
  4166 | D:4      | Bought a glowing hunting sling for 108 gold pieces
  4492 | D:4      | Noticed Natasha
  4494 | D:4      | Killed Natasha
  4495 | D:4      | Reached XP level 7. HP: 46/46 MP: 9/14
  4583 | D:5      | Entered Level 5 of the Dungeon
  5006 | D:4      | Learned a level 4 spell: Summon Ice Beast
  5424 | D:6      | Found Baas's Gadget Shop.
  5479 | D:6      | Found a glowing drain.
  5827 | D:5      | Found a blossoming altar of Fedhas.
  6214 | D:6      | HP: 2/46 [killer bee zombie (8)]
  6445 | D:6      | Gained mutation: You sometimes gain power by taking damage.
                  | [demonic ancestry]
  6445 | D:6      | Reached XP level 8. HP: 49/52 MP: 12/17
  6489 | D:6      | Found Yneju's Weapon Shoppe.
  6496 | D:6      | Found an iron altar of Okawaru.
  6531 | D:6      | Found Wuwimye's Magic Scroll Emporium.
  6534 | D:6      | Bought a scroll of teleportation for 36 gold pieces
  6534 | D:6      | Bought a scroll of identify for 24 gold pieces
  6542 | D:6      | Bought a scroll of identify for 24 gold pieces
  6753 | D:6      | Found a staircase to the Ecumenical Temple.
  6768 | Temple   | Entered the Ecumenical Temple
  6983 | D:6      | Found a shadowy altar of Dithmenos.
  7097 | D:6      | Found Kuizudi's Antique Weapon Shop.
  7358 | D:6      | Found Wofrom's Armour Boutique.
  7597 | Temple   | Became a worshipper of Gozag Ym Sagoz the Greedy
  7807 | D:7      | Found a broken altar of Ashenzari.
  9098 | D:8      | Found Kyrik's Serpentskin Sales.
  9191 | D:8      | Noticed Grum
  9195 | D:8      | Gained mutation: When hurt, damage is shared between your
                  | health and your magic reserves. [demonic ancestry]
  9195 | D:8      | Reached XP level 9. HP: 19/57 MP: 16/20
  9233 | D:8      | Killed Grum
 11131 | D:9      | You fall into a shaft and drop 1 floor!
 11131 | D:10     | Entered Level 10 of the Dungeon
 11242 | D:10     | HP: 5/57 [ice beast (11)]
 11404 | D:10     | Found Acown's Antique Armour Boutique.
 11463 | D:10     | Found Yhat's Distillery.
 11471 | D:10     | Bought a potion of heal wounds for 50 gold pieces
 11542 | D:10     | Reached skill level 1 in Armour
 11580 | D:10     | Reached skill level 1 in Shields
 11596 | D:10     | Found a shimmering altar of Xom.
 11612 | D:10     | Found a staircase to the Orcish Mines.
 11645 | D:10     | Found Woisearu's Jewellery Emporium.
 11653 | D:10     | Bought an uncursed ring of wizardry for 390 gold pieces
 11949 | D:10     | Reached skill level 2 in Armour
 11949 | D:10     | Reached skill level 2 in Shields
 11949 | D:10     | Gained mutation: You have a pair of horns on your head.
                  | [demonic ancestry]
 11949 | D:10     | Reached XP level 10. HP: 52/63 MP: 13/23
 12208 | D:10     | Found a staircase to the Lair.
 12219 | D:10     | Learned a level 5 spell: Borgnjor's Vile Clutch
 12536 | Lair:1   | Entered Level 1 of the Lair of Beasts
 12581 | Lair:1   | Reached skill level 1 in Necromancy
 12596 | Lair:1   | Reached skill level 2 in Necromancy
 12880 | Lair:1   | Noticed a black mamba
 12891 | Lair:1   | Killed a black mamba
 13159 | Lair:1   | Noticed a cane toad
 13169 | Lair:1   | Killed a cane toad
 13170 | Lair:1   | Reached skill level 5 in Armour
 13338 | Lair:1   | Noticed Erica
 13349 | Lair:1   | Killed Erica
 13350 | Lair:1   | Reached skill level 5 in Necromancy
 13450 | Lair:1   | Noticed a four-headed hydra
 13470 | Lair:1   | Killed a four-headed hydra
 13471 | Lair:1   | Reached XP level 11. HP: 68/68 MP: 4/24
 14102 | Lair:2   | Found a gate leading to a gauntlet.
 14124 | Gauntlet | Entered a Gauntlet
 14124 | Gauntlet | Found a transporter.
 14124 | Gauntlet | Found a transporter.
 14125 | Gauntlet | Found a transporter.
 14126 | Gauntlet | Noticed a sixfirhy
 14128 | Gauntlet | Found a transporter.
 14128 | Gauntlet | Found a transporter.
 14130 | Gauntlet | Found a transporter.
 14137 | Gauntlet | Noticed a necromancer
 14138 | Gauntlet | Found a transporter.
 14142 | Gauntlet | Found a transporter.
 14144 | Gauntlet | Noticed a thrashing horror
 14146 | Gauntlet | Noticed a great orb of eyes
 14149 | Gauntlet | Noticed a green ugly thing
 14151 | Gauntlet | Noticed a cyan ugly thing
 14152 | Gauntlet | Found a transporter.
 14259 | Gauntlet | Found a transporter.
 14259 | Gauntlet | Found a transporter.
 14269 | Gauntlet | Found a transporter.
 14403 | Gauntlet | Killed a sixfirhy
 14404 | Gauntlet | Reached skill level 1 in Long Blades
 14404 | Gauntlet | Reached skill level 1 in Earth Magic
 14439 | Gauntlet | Killed a necromancer
 14440 | Gauntlet | Reached skill level 2 in Long Blades
 14440 | Gauntlet | Reached skill level 2 in Earth Magic
 14517 | Gauntlet | Got a sparkling brass amulet
 14523 | Gauntlet | Killed a cyan ugly thing
 14524 | Gauntlet | Killed a green ugly thing
 14528 | Gauntlet | Killed a great orb of eyes
 14831 | Gauntlet | Identified the amulet of Qefiu {RegenMP rElec rPois} (You
                  | found it in a Gauntlet)
 14861 | Gauntlet | Noticed a minotaur
 14876 | Gauntlet | Killed a minotaur
 15148 | Lair:2   | Found a staircase to the Snake Pit.
 15438 | Lair:2   | Noticed a catoblepas
 16352 | Lair:2   | Identified a scroll of acquirement
 16352 | Lair:2   | Acquired a +1 cloak of willpower
 16474 | Lair:2   | Killed a catoblepas
 16482 | Lair:2   | Reached skill level 5 in Long Blades
 16482 | Lair:2   | Reached skill level 5 in Earth Magic
 17170 | Lair:3   | Reached XP level 12. HP: 74/74 MP: 18/25
 17927 | Lair:3   | Got an ivory whip
 17927 | Lair:3   | Identified the cursed +2 whip "Noiclueh" {vorpal, SInv}
                  | (You found it on level 3 of the Lair of Beasts)
 18114 | Lair:3   | Noticed a catoblepas
 18142 | Lair:3   | Killed a catoblepas
 18447 | Lair:4   | Noticed Kirke
 18467 | Lair:4   | Noticed a sphinx
 18478 | Lair:3   | Killed Kirke
 19118 | Lair:4   | Found a runed translucent door.
 19118 | Lair:4   | Found a shimmering altar of Xom.
 19118 | Lair:4   | Noticed Scuka's ghost (journeyman DrTm)
 19236 | Lair:4   | Noticed Josephine
 19245 | Lair:4   | Killed Josephine
 19765 | Lair:4   | Found a staircase to the Shoals.
 19947 | Lair:5   | Found a staircase to the Slime Pits.
 19987 | Lair:5   | Gained mutation: You regenerate magic rapidly. [demonic
                  | ancestry]
 19987 | Lair:5   | Reached XP level 13. HP: 79/79 MP: 21/26
 20242 | Lair:5   | Reached skill level 10 in Armour
 20657 | Lair:5   | Noticed Dracia's ghost (journeyman TrMo)
 20675 | Lair:5   | Found a transporter.
 21060 | Lair:5   | Reached skill level 1 in Fighting
 21746 | Lair:5   | Found a transporter.
 21918 | Lair:6   | Entered Level 6 of the Lair of Beasts
 22058 | Lair:6   | Reached skill level 2 in Fighting
 22058 | Lair:6   | Reached skill level 10 in Ice Magic
 22500 | Lair:5   | Learned a level 6 spell: Iron Shot
 22600 | Lair:6   | Reached skill level 1 in Conjurations
 22757 | Lair:6   | Reached skill level 2 in Conjurations
 23692 | Lair:6   | Gained mutation: You are partially covered in iridescent
                  | scales. (AC +2) [demonic ancestry]
 23692 | Lair:6   | Reached XP level 14. HP: 76/96 MP: 21/27
 24111 | Lair:6   | Reached skill level 5 in Fighting
 24364 | Lair:6   | Reached skill level 5 in Conjurations
 25641 | D:11     | Reached skill level 10 in Earth Magic
 25645 | D:11     | Reached skill level 10 in Long Blades
 26637 | D:11     | Identified the Compendium of the Yeti
 26653 | D:11     | Got a pitted pewter ring
 26655 | D:11     | Identified the ring "Fill" {Wiz rElec rF+++ rC- Int+6} (You
                  | found it on level 11 of the Dungeon)
 26676 | D:11     | HP: 6/101 [minotaur (10)]
 28853 | D:12     | Reached XP level 15. HP: 92/108 MP: 20/28
 29008 | D:13     | Identified the Guide on Ice and Changing
 30539 | D:14     | Noticed Nessos
 30565 | D:14     | Killed Nessos
 30802 | D:14     | Reached skill level 10 in Spellcasting
 31701 | D:14     | Found a gate to the Vaults.
 31918 | D:14     | Learned a level 6 spell: Ozocubu's Refrigeration
 31926 | D:15     | Entered Level 15 of the Dungeon
 33208 | D:15     | Found a staircase to the Depths.
 33468 | Orc:1    | Entered Level 1 of the Orcish Mines
 33479 | Orc:1    | Found Atestreu's Armour Boutique.
 33962 | Orc:2    | Entered Level 2 of the Orcish Mines
 34091 | Orc:2    | Found a staircase to the Elven Halls.
 34464 | Orc:2    | Found Fiach's Armour Shop.
 34874 | Orc:2    | Found Kygyirao's Armour Shop.
 34876 | Orc:2    | Found Ruxurcha's Magic Scroll Emporium.
 34878 | Orc:2    | Found Mequcatz's Weapon Emporium.
 35364 | Orc:2    | Bought a scroll of acquirement for 624 gold pieces
 35364 | Orc:2    | Bought a scroll of acquirement for 624 gold pieces
 35364 | Orc:2    | Acquired an uncursed staff of cold
 35365 | Orc:2    | Acquired 1235 gold pieces
 35521 | Snake:1  | Entered Level 1 of the Snake Pit
 35521 | Snake:1  | Noticed Jorgrun
 35529 | Lair:2   | Killed Jorgrun
 36179 | Snake:1  | Gained mutation: You are mostly covered in iridescent
                  | scales. (AC +4) [demonic ancestry]
 36179 | Snake:1  | Reached XP level 16. HP: 87/120 MP: 26/30
 37762 | Snake:2  | Reached skill level 12 in Earth Magic
 38827 | Snake:2  | Reached skill level 10 in Fighting
 38827 | Snake:2  | Reached skill level 12 in Long Blades
 38835 | Snake:2  | Got a transparent morningstar
 38835 | Snake:2  | Identified the +10 morningstar of the Known World {vorpal,
                  | *Slow +Rage rElec rPois} (You found it on level 2 of the
                  | Snake Pit)
 40187 | Snake:3  | Acquired the +0 kite shield "Ussoikky" {rF++ Str-5 Int+9
                  | Stlth+}
 40971 | Snake:3  | Found Kasysoaxoa's Jewellery Emporium.
 40971 | Snake:3  | Found Solilaisya's Gadget Boutique.
 40972 | Snake:3  | Found Gudexor's Gadget Boutique.
 41749 | Snake:4  | Entered Level 4 of the Snake Pit
 41855 | Snake:4  | Gained mutation: You are robust. (+10% HP) [demonic
                  | ancestry]
 41855 | Snake:4  | Reached XP level 17. HP: 124/141 MP: 7/32
 42226 | Snake:4  | Found Teif's Jewellery Emporium.
 42226 | Snake:4  | Found Bizuble's Distillery.
 42229 | Snake:4  | Found Nuiru's Magic Scroll Shoppe.
 42232 | Snake:4  | Found Waanafec's Gadget Emporium.
 42322 | Snake:4  | Noticed Nikola
 42342 | Snake:4  | Killed Nikola
 42408 | Snake:4  | Upgraded the game from 0.26-a0-1164-g1a551d6a14 to
                  | 0.26-a0-1176-g060ceda6a5
 42484 | Snake:4  | Reached skill level 12 in Spellcasting
 42492 | Snake:4  | Reached skill level 12 in Ice Magic
 44323 | Snake:4  | Got a serpentine rune of Zot
 44478 | Snake:4  | Bought a scroll of acquirement for 832 gold pieces
 44478 | Snake:4  | Acquired 719 gold pieces
 44488 | Snake:4  | Bought a scroll of magic mapping for 66 gold pieces
 44490 | Snake:4  | Bought a scroll of acquirement for 780 gold pieces
 44490 | Snake:4  | Acquired 1115 gold pieces
 44498 | Snake:4  | Bought the amulet of Nuxzui Ergher {Reflect Int+3 SH+5} for
                  | 519 gold pieces
 44683 | Shoals:1 | Entered Level 1 of the Shoals
 44975 | Shoals:1 | Gained mutation: You have a pair of large horns on your
                  | head. [demonic ancestry]
 44975 | Shoals:1 | Reached XP level 18. HP: 134/152 MP: 16/34
 45934 | Shoals:2 | Found Biul's General Store.
 45951 | Shoals:2 | Noticed Ilsuiw
 45961 | Shoals:2 | Killed Ilsuiw
 46110 | Shoals:2 | Reached skill level 14 in Long Blades
 46651 | Shoals:2 | Identified the cursed +0 kite shield of the Soldier
                  | {Stlth+}
 46651 | Shoals:2 | Noticed Donald
 46661 | Shoals:2 | Killed Donald
 47308 | Shoals:3 | Reached skill level 12 in Fighting
 47977 | Shoals:3 | Identified the ring "Doasuiph" {MP+9 Int+5 Dex-2} (You
                  | found it on level 3 of the Shoals)
 48218 | Shoals:3 | Reached skill level 14 in Earth Magic
 49216 | Shoals:4 | Entered Level 4 of the Shoals
 49216 | Shoals:4 | Found an ornate altar of the Wu Jian Council.
 49865 | Shoals:4 | Got a barnacled rune of Zot
 50108 | Shoals:4 | Found an opulent altar of Gozag.
 51178 | Shoals:4 | Upgraded the game from 0.26-a0-1176-g060ceda6a5 to
                  | 0.26-a0-1181-gd376ed14c5
 51587 | Depths:1 | Entered Level 1 of the Depths
 51591 | Depths:1 | Reached XP level 19. HP: 145/162 MP: 15/36
 52840 | Vaults:1 | Entered Level 1 of the Vaults
 52842 | Vaults:1 | Reached skill level 14 in Spellcasting
 54014 | Vaults:1 | Found Exoakyfi's Gadget Shoppe.
 54338 | Vaults:1 | Got a creamy pearl robe
 54348 | Vaults:1 | Identified the cursed +1 robe of the Nine Blessings {-Tele
                  | +Fly Will+} (You found it on level 1 of the Vaults)
 54596 | Vaults:1 | Found a runed translucent door.
 54643 | Vaults:1 | Noticed Gimozud's ghost (adept TrBe)
 54694 | Vaults:1 | Killed Gimozud's ghost
 54695 | Vaults:1 | Reached skill level 14 in Fighting
 55652 | Vaults:2 | Learned a level 9 spell: Shatter
 55706 | Vaults:2 | Reached skill level 16 in Earth Magic
 56461 | Vaults:2 | Found Uneeng's Book Boutique.
 56474 | Vaults:2 | Reached XP level 20. HP: 168/178 MP: 25/38
 56532 | Vaults:2 | Bought the Volume of Unstable Darkness for 810 gold pieces
 56535 | Vaults:2 | Learned a level 2 spell: Sublimation of Blood
 57655 | Vaults:2 | Found Baxoaf's Assorted Antiques.
 57665 | Vaults:2 | Bought a wand of acid (8) for 240 gold pieces
 57769 | Vaults:2 | Found a radiant altar of Vehumet.
 58149 | Vaults:2 | Found Abrerch's Distillery.
 58200 | Vaults:2 | Bought a potion of heal wounds for 75 gold pieces
 58229 | Vaults:2 | Found a staircase to the Crypt.
 58242 | Vaults:2 | Paralysed by a vampire knight for 4 turns
 58690 | Vaults:2 | Found Qahi's Distillery.
 58698 | Vaults:2 | Bought a potion of heal wounds for 95 gold pieces
 58698 | Vaults:2 | Bought a potion of heal wounds for 95 gold pieces
 58698 | Vaults:2 | Bought a potion of curing for 57 gold pieces
 58698 | Vaults:2 | Bought a potion of curing for 57 gold pieces
 58698 | Vaults:2 | Bought a potion of cancellation for 152 gold pieces
 58739 | Vaults:2 | Found Ozoam's Armour Shoppe.
 58994 | Vaults:3 | Noticed Margery
 59001 | Vaults:3 | Reached skill level 16 in Fighting
 59001 | Vaults:3 | Killed Margery
 60238 | Vaults:3 | Found a large runed translucent door.
 60238 | Vaults:3 | Found a large runed translucent door.
 60238 | Vaults:3 | Noticed Butoilik's ghost (veteran MiBe)
 60270 | Vaults:3 | Killed Butoilik's ghost
 60278 | Vaults:3 | Got a smoking tin ring
 60288 | Vaults:3 | Identified the ring of Mutualism {rN+ Will+} (You found it
                  | on level 3 of the Vaults)
 61079 | Vaults:4 | Found Coubeoj's Magic Scroll Shoppe.
 61097 | Vaults:4 | Bought a scroll of blinking for 112 gold pieces
 61134 | Vaults:4 | Noticed Sojobo
 61143 | Vaults:4 | Killed Sojobo
 61387 | Vaults:4 | Gained mutation: You are powered by pain. [demonic
                  | ancestry]
 61387 | Vaults:4 | Reached XP level 21. HP: 182/190 MP: 40/40
 61837 | Vaults:4 | Reached skill level 18 in Earth Magic
 62455 | Vaults:4 | Reached skill level 2 in Dodging
 62981 | Vaults:4 | Reached skill level 16 in Spellcasting
 63918 | Elf:1    | Entered Level 1 of the Elven Halls
 63943 | Elf:1    | Noticed Azrael
 63945 | Elf:1    | Killed Azrael
 64653 | Elf:1    | Reached skill level 5 in Shields
 66154 | Elf:2    | Found a runed translucent gate.
 66156 | Elf:2    | Found a runed translucent gate.
 66159 | Elf:2    | Found a runed translucent gate.
 66288 | Elf:2    | Found a large runed translucent door.
 66288 | Elf:2    | Found a large runed translucent door.
 66327 | Elf:2    | Noticed Goabecolo's ghost (adept CeHu)
 67157 | Elf:2    | Noticed Louise
 67165 | Elf:2    | Killed Louise
 67746 | Elf:3    | Entered Level 3 of the Elven Halls
 67881 | Elf:3    | Reached skill level 5 in Dodging
 67881 | Elf:3    | Gained mutation: You are very robust. (+20% HP) [demonic
                  | ancestry]
 67881 | Elf:3    | Reached XP level 22. HP: 149/217 MP: 18/42
 68098 | Elf:3    | Found a shimmering blue altar of Sif Muna.
 68439 | Elf:3    | Noticed Aizul
 68441 | Elf:3    | Identified the +8 quarterstaff of the Singing Seer {vorpal,
                  | +Fly}
 68441 | Elf:3    | Identified the +2 leather armour of the Dice {Regen+ Str+3}
 68464 | Elf:3    | Killed Aizul
 69002 | Elf:3    | Identified the cursed +2 rapier of Severance {holy, Will+
                  | Str+3 Int+2}
 69073 | Elf:3    | Identified the +9 battleaxe "Hoghism" {elec, *Drain rPois
                  | rN+ Dex+2}
 69128 | Elf:3    | Identified the +5 long sword "Keah" {speed, rN+ Dex+2}
 69389 | Elf:3    | Identified the Volume of Sinister Calling
 70716 | Depths:1 | Found Kumpeyh's General Store.
 70841 | Depths:1 | Bought a scroll of acquirement for 1040 gold pieces
 70841 | Depths:1 | Acquired 733 gold pieces
 70901 | Depths:1 | Found a one-way gate to the infinite horrors of the Abyss.
 71422 | Depths:1 | Found a gateway to Hell.
 71525 | Depths:1 | Found a one-way gate leading to the halls of Pandemonium.
 71762 | Depths:1 | Found Unnuuheu's Antique Armour Boutique.
 71764 | Depths:1 | Found Wamumoi's Distillery.
 71766 | Depths:1 | Found Dues's Antique Weapon Boutique.
 71770 | Depths:1 | Bought an ichor-stained cloak for 370 gold pieces
 71785 | Depths:1 | Identified the +0 cloak of the Gravedigger {rPois Int+3
                  | Stlth+} (You bought it in a shop on level 1 of the Depths)
 71800 | Depths:1 | Bought a pair of slimy boots for 370 gold pieces
 71813 | Depths:1 | Identified the +0 pair of boots of Intercession {rElec
                  | Int-2 Dex+3} (You bought it in a shop on level 1 of the
                  | Depths)
 73116 | Depths:2 | Reached skill level 20 in Earth Magic
 73404 | Depths:2 | Paralysed by a sphinx for 4 turns
 73460 | Depths:2 | Gained mutation: When low on magic, you restore magic in
                  | place of health. [demonic ancestry]
 73460 | Depths:2 | Reached XP level 23. HP: 206/224 MP: 31/44
 73712 | Depths:2 | Identified the Grimoire of Evil Magic and the Frostbite
 73753 | Depths:2 | Noticed a juggernaut
 73763 | Depths:2 | Killed a juggernaut
 73914 | Depths:2 | Identified the Catalogue of Shifting Air
 75056 | Depths:3 | You fall into a shaft and drop 2 floors!
 75056 | Depths:5 | Entered Level 5 of the Depths
 75199 | Depths:4 | Found Xaucyopui's Magic Scroll Boutique.
 75277 | Depths:4 | Found a gateway to a ziggurat.
 75394 | Depths:4 | Found Jenua's Jewellery Shoppe.
 77671 | Depths:3 | Reached skill level 10 in Shields
 78744 | Depths:4 | Gained mutation: You are extremely robust. (+30% HP)
                  | [demonic ancestry]
 78744 | Depths:4 | Reached XP level 24. HP: 221/251 MP: 44/44
 79479 | Depths:4 | Reached skill level 10 in Dodging
 79733 | Depths:4 | Found Muxto's General Store.
 79906 | Depths:4 | Reached skill level 18 in Spellcasting
 80363 | Depths:4 | Found Kolif's Weapon Boutique.
 81309 | Depths:5 | Reached skill level 12 in Shields
 81939 | Depths:5 | Found Pilesegg's Distillery.
 82013 | Depths:5 | Found a gate to the Realm of Zot.
 83249 | Vaults:5 | Entered Level 5 of the Vaults
 83260 | Vaults:5 | Reached skill level 14 in Shields
 83280 | Vaults:5 | Identified the +8 ice dragon scales of the Marlin {rF- rC++
                  | rN+ Dex+5}
 83282 | Vaults:5 | Reached XP level 25. HP: 175/261 MP: 41/45
 83288 | Vaults:5 | Noticed an ancient lich
 83290 | Vaults:5 | Killed an ancient lich
 83299 | Vaults:5 | Identified the +1 hand axe of Simnafio {venom, Dex+6}
 83305 | Vaults:5 | Gained mutation: You occasionally shout uncontrollably at
                  | your foes. [mutagenic glow]
 85216 | Vaults:5 | Found Mochy's Book Shoppe.
 85301 | Vaults:5 | Got a steaming robe
 85306 | Vaults:5 | Identified the +1 robe of Impressiveness {Str-5 Dex+4} (You
                  | found it on level 5 of the Vaults)
 85524 | Vaults:5 | Got a silver rune of Zot
 85906 | Vaults:5 | Got a pair of translucent gloves
 85911 | Vaults:5 | Identified the +0 pair of gloves "Eqauramu" {rN+ MP-9
                  | Slay+5} (You found it on level 5 of the Vaults)
 86107 | Vaults:5 | Bought a scroll of acquirement for 780 gold pieces
 86107 | Vaults:5 | Acquired a book of Party Tricks
 86113 | Vaults:5 | Bought a dazzling fustibalus for 660 gold pieces
 86116 | Vaults:5 | Identified the +7 fustibalus "Zuxaheir" {freeze, Str+4
                  | Dex+4 SInv} (You bought it in a shop on level 5 of the
                  | Vaults)
 86168 | Vaults:4 | Bought a scroll of brand weapon for 300 gold pieces
 86412 | Hell     | Entered the Vestibule of Hell
 86412 | Hell     | Noticed Geryon
 86619 | Hell     | Reached skill level 14 in Ice Magic
 86627 | Hell     | Reached XP level 26. HP: 247/270 MP: 1/45
 86637 | Hell     | Killed Geryon
 87282 | Hell     | Reached skill level 10 in Necromancy
 88108 | Hell     | Found a gateway to the ashen valley of Gehenna.
 88182 | Hell     | Found a gateway to the decaying netherworld of Tartarus.
 88415 | Hell     | Found a gateway to the freezing wastes of Cocytus.
 88673 | Hell     | Found a gateway to the Iron City of Dis.
 90633 | Zot:1    | Entered Level 1 of the Realm of Zot
 91992 | Zot:1    | You fall into a shaft and drop 1 floor!
 92032 | Zot:2    | Reached skill level 12 in Armour
 92936 | Zot:2    | Upgraded the game from 0.26-a0-1181-gd376ed14c5 to
                  | 0.26-a0-1184-g95e395e029
 92945 | Zot:2    | Noticed an orb of fire
 92948 | Zot:2    | Gained mutation: Your magical capacity is low. (-10% MP)
                  | [an orb of fire]
 92956 | Zot:2    | Killed an orb of fire
 92957 | Zot:2    | Reached skill level 14 in Armour
 93902 | Zot:3    | Gained mutation: You are completely covered in iridescent
                  | scales. (AC +6) [demonic ancestry]
 93902 | Zot:3    | Reached XP level 27. HP: 252/278 MP: 17/42
 93903 | Zot:3    | Reached skill level 20 in Spellcasting
 94361 | Zot:3    | Learned a level 7 spell: Orb of Destruction
 94606 | Zot:3    | Noticed an orb of fire
 94627 | Zot:3    | Killed an orb of fire
 95359 | Zot:4    | Reached skill level 10 in Conjurations
 95369 | Zot:4    | HP: 40/278 [tentacled monstrosity (6)]
 95378 | Zot:4    | Reached skill level 12 in Conjurations
 95834 | Zot:3    | Upgraded the game from 0.26-a0-1184-g95e395e029 to
                  | 0.26-a0-1191-ge2a0e31ab3
 97147 | Zot:5    | Entered Level 5 of the Realm of Zot
 98685 | Depths:4 | Bought a scroll of enchant armour for 142 gold pieces
 99010 | Zot:5    | Reached skill level 14 in Conjurations
 99338 | Zot:5    | Learned a level 8 spell: Ignition
 99418 | Zot:5    | Reached skill level 1 in Fire Magic
 99549 | Zot:5    | Noticed an ancient lich
 99746 | Zot:5    | Noticed an ancient lich
 99751 | Zot:5    | Killed an ancient lich
 99752 | Zot:5    | Reached skill level 2 in Fire Magic
 99752 | Zot:5    | Killed an ancient lich
 99819 | Zot:5    | Noticed an orb of fire
 99833 | Zot:5    | Killed an orb of fire
 99838 | Zot:5    | Noticed an orb of fire
 99952 | Zot:5    | Gained mutation: Your body sometimes deteriorates upon
                  | taking damage. [an orb of fire]
 99954 | Zot:5    | Killed an orb of fire
 99990 | Zot:5    | Noticed an orb of fire
100326 | Zot:5    | Killed an orb of fire
100327 | Zot:5    | Reached skill level 5 in Fire Magic
100369 | Zot:5    | Noticed an ancient lich
100372 | Zot:5    | Killed an ancient lich
100500 | Zot:5    | HP: 36/282 [??? (19)]
101215 | Zot:5    | Reached skill level 18 in Fighting
101408 | Zot:5    | Noticed an ancient lich
101417 | Zot:5    | Killed an ancient lich
101483 | Zot:5    | Noticed an orb of fire
101491 | Zot:5    | Killed an orb of fire
101549 | Zot:5    | Noticed an orb of fire
101560 | Zot:5    | Gained mutation: You do not regenerate when monsters are
                  | visible. [an orb of fire]
101566 | Zot:5    | Gained mutation: Your flesh is heat resistant. (rF+) [an
                  | orb of fire]
101567 | Zot:5    | Killed an orb of fire
101646 | Zot:5    | Noticed an ancient lich
101653 | Zot:5    | Killed an ancient lich
101699 | Zot:5    | Noticed an ancient lich
101704 | Zot:5    | Killed an ancient lich
102509 | Crypt:1  | Entered Level 1 of the Crypt
102513 | Crypt:1  | Noticed Boris
102516 | Crypt:1  | Noticed Bai Suzhen
102531 | Vaults:2 | Killed Boris
102638 | Vaults:2 | Killed Bai Suzhen
102701 | Crypt:1  | Noticed Mara
102746 | Crypt:1  | Killed Mara
103037 | Crypt:1  | Got a scintillating platinum ring
103039 | Crypt:1  | Identified the ring of Faoperch {+Inv rC+ Int-2 Dex+3} (You
                  | found it on level 1 of the Crypt)
103390 | Crypt:2  | Noticed Jory
103406 | Crypt:2  | Killed Jory
103628 | Crypt:2  | Got a faintly humming leather armour
103638 | Crypt:2  | Identified the +1 leather armour of Context {MP+9} (You
                  | found it on level 2 of the Crypt)
104300 | Crypt:2  | Reached skill level 10 in Fire Magic
104555 | Crypt:2  | Found an ancient bone altar of Kikubaaqudgha.
104574 | Crypt:3  | Entered Level 3 of the Crypt
105014 | Crypt:3  | Got a faintly humming scale mail
105024 | Crypt:3  | Identified the cursed +1 scale mail of Unreason {Int+4}
                  | (You found it on level 3 of the Crypt)
105892 | Crypt:3  | Found an ancient bone altar of Kikubaaqudgha.
106147 | Crypt:3  | Identified the +9 hand crossbow of the Bouncing Seers
                  | {penet, rC+}
106535 | Crypt:3  | Identified the Catalogue of Dark Magic
106691 | Crypt:3  | Found a staircase to the Tomb.
106975 | Coc:1    | Entered Level 1 of Cocytus
107050 | Coc:1    | Reached skill level 20 in Fighting
108177 | Coc:2    | Gained mutation: You are weak. (Str -2) [mutagenic glow]
108609 | Coc:2    | Reached skill level 12 in Fire Magic
112822 | Coc:4    | Reached skill level 14 in Fire Magic
117006 | Coc:6    | Reached skill level 24 in Spellcasting
118279 | Coc:6    | Reached skill level 16 in Fire Magic
119688 | Coc:7    | Entered Level 7 of Cocytus
119799 | Coc:7    | Reached skill level 16 in Armour
123759 | Coc:7    | Noticed Antaeus
123809 | Coc:7    | Killed Antaeus
124219 | Coc:7    | Got an icy rune of Zot
124758 | Coc:7    | Got a faintly glowing plate armour
124768 | Coc:7    | Identified the +8 plate armour "Kyterim" {Rampage *Drain
                  | rPois rN+ Str+5} (You found it on level 7 of Cocytus)
125089 | Hell     | Bought a scroll of magic mapping for 63 gold pieces
125106 | Geh:1    | Entered Level 1 of Gehenna
125223 | Tar:1    | Entered Level 1 of Tartarus
125530 | Tar:1    | Reached skill level 24 in Earth Magic
125946 | Tar:1    | Reached skill level 24 in Fighting
126597 | Tar:1    | Reached skill level 18 in Fire Magic
126924 | Tar:1    | Reached skill level 12 in Necromancy
128287 | Tar:2    | Reached skill level 18 in Armour
128318 | Tar:2    | HP: 57/451 [Tzitzimitl/bolt of cold[a doom hound] (20)]
129033 | Tar:2    | Learned a level 7 spell: Spellforged Servitor
129154 | Tar:2    | Reached skill level 1 in Summonings
129248 | Tar:2    | Reached skill level 2 in Summonings
130060 | Tar:2    | Reached skill level 5 in Summonings
130341 | Tar:3    | Reached skill level 12 in Dodging
131919 | Tar:3    | Reached skill level 10 in Summonings
132045 | Tar:3    | HP: 43/310 [bone dragon[the effects of Hell] (7)]
132625 | Tar:3    | Reached skill level 14 in Dodging
133828 | Tar:4    | Reached skill level 14 in Necromancy
134742 | Tar:4    | You fall into a shaft and drop 1 floor!
137841 | Tar:5    | Upgraded the game from 0.26-a0-1191-ge2a0e31ab3 to
                  | 0.26-a0-1205-g4083c211ab
138910 | Tar:7    | Entered Level 7 of Tartarus
139417 | Tar:7    | Reached skill level 16 in Ice Magic
140323 | Tar:7    | Identified the Grimoire of Dislocation and the Arsonist
140445 | Tar:7    | HP: 44/314 [???[the effects of Hell] (17)]
141369 | Tar:7    | Reached skill level 16 in Necromancy
141491 | Tar:7    | Got a clouded lead ring
141493 | Tar:7    | Identified the ring "Kaeqergh" {rF+ MP+9 Slay+4} (You found
                  | it on level 7 of Tartarus)
141513 | Tar:7    | Got a vibrating bronze ring
141515 | Tar:7    | Identified the ring "Xiurue Foec" {rPois rF++ rN+ SInv}
                  | (You found it on level 7 of Tartarus)
141614 | Tar:7    | Found the +6 lightning scales {run, rElec}
141614 | Tar:7    | Found the +3 sling "Punk" {acid, rCorr}
142965 | Tar:7    | Reached skill level 16 in Dodging
143026 | Tar:7    | Identified the Incunabulum of the Volcanoes and Summoning
143469 | Tar:7    | Noticed Ereshkigal
143475 | Tar:7    | Killed Ereshkigal
143490 | Tar:7    | Got a bone rune of Zot
143583 | Tar:7    | HP: 47/314 [something (2)]
144536 | Tar:7    | Learned a level 8 spell: Lehudib's Crystal Spear
144740 | Tar:7    | Reached skill level 20 in Fire Magic
145773 | Vaults:2 | Bought a scroll of amnesia for 105 gold pieces
146219 | Shoals:3 | Learned a level 9 spell: Absolute Zero
146659 | Dis:1    | Entered Level 1 of the Iron City of Dis
147736 | Dis:1    | Reached skill level 18 in Ice Magic
150760 | Dis:3    | Reached skill level 20 in Ice Magic
153610 | Dis:4    | Noticed a royal mummy
153615 | Dis:4    | Killed a royal mummy
153617 | Dis:4    | Noticed a royal mummy
153631 | Dis:4    | Killed a royal mummy
153643 | Dis:4    | Noticed a royal mummy
153651 | Dis:4    | Killed a royal mummy
153651 | Dis:4    | Noticed a royal mummy
153654 | Dis:4    | Upgraded the game from 0.26-a0-1205-g4083c211ab to
                  | 0.26-a0-1213-gd52f5182fe
153662 | Dis:4    | Killed a royal mummy
153839 | Dis:4    | HP: 41/314 [??? (15)]
154388 | Zot:4    | Lost mutation: You are weak. (Str -2) [potion of mutation]
154388 | Zot:4    | Lost mutation: Your flesh is heat resistant. (rF+) [potion
                  | of mutation]
154388 | Zot:4    | Lost mutation: Your magical capacity is low. (-10% MP)
                  | [potion of mutation]
154388 | Zot:4    | Lost mutation: You occasionally shout uncontrollably at
                  | your foes. [potion of mutation]
154388 | Zot:4    | Gained mutation: You can translocate small distances at
                  | will. [potion of mutation]
154388 | Zot:4    | Gained mutation: Your spells are a little harder to cast,
                  | but a little more powerful. [potion of mutation]
154388 | Zot:4    | Gained mutation: Your flesh is cold resistant. (rC+)
                  | [potion of mutation]
154389 | Zot:4    | Lost mutation: Your body sometimes deteriorates upon taking
                  | damage. [potion of mutation]
154389 | Zot:4    | Lost mutation: Your flesh is cold resistant. (rC+) [potion
                  | of mutation]
154389 | Zot:4    | Gained mutation: Your flesh is heat resistant. (rF+)
                  | [potion of mutation]
154389 | Zot:4    | Gained mutation: You possess an exceptional clarity of
                  | mind. [potion of mutation]
154601 | Depths:1 | Bought 2 potions of mutation for 320 gold pieces
154601 | Depths:1 | Lost mutation: You possess an exceptional clarity of mind.
                  | [potion of mutation]
154601 | Depths:1 | Lost mutation: You do not regenerate when monsters are
                  | visible. [potion of mutation]
154601 | Depths:1 | Gained mutation: Scrolls take you a little longer to read.
                  | [potion of mutation]
154601 | Depths:1 | Gained mutation: Your body sometimes deteriorates upon
                  | taking damage. [potion of mutation]
154601 | Depths:1 | Gained mutation: You are agile. (Dex +2) [potion of
                  | mutation]
154602 | Depths:1 | Lost mutation: Your body sometimes deteriorates upon taking
                  | damage. [potion of mutation]
154602 | Depths:1 | Lost mutation: Your spells are a little harder to cast, but
                  | a little more powerful. [potion of mutation]
154602 | Depths:1 | Lost mutation: You are agile. (Dex +2) [potion of mutation]
154602 | Depths:1 | Gained mutation: Your mind is acute. (Int +2) [potion of
                  | mutation]
154805 | D:13     | Lost mutation: Your flesh is heat resistant. (rF+) [potion
                  | of mutation]
154805 | D:13     | Lost mutation: Scrolls take you a little longer to read.
                  | [potion of mutation]
154805 | D:13     | Lost mutation: Your mind is acute. (Int +2) [potion of
                  | mutation]
154805 | D:13     | Lost mutation: You can translocate small distances at will.
                  | [potion of mutation]
154805 | D:13     | Gained mutation: Your magical capacity is low. (-10% MP)
                  | [potion of mutation]
154805 | D:13     | Gained mutation: You evolve. [potion of mutation]
156639 | Dis:5    | Gained mutation: Your magical capacity is very low. (-20%
                  | MP) [evolution]
158562 | Dis:6    | Reached skill level 26 in Spellcasting
158887 | Dis:6    | Reached skill level 26 in Earth Magic
159943 | Dis:7    | Entered Level 7 of the Iron City of Dis
161058 | Dis:7    | Identified the +10 long sword of Kastrergh {vorpal, *Drain
                  | +Inv +Fly Dex+5}
161131 | Dis:7    | Reached skill level 26 in Fighting
161299 | Dis:7    | Identified the +0 ring mail "Ulian" {Rampage MP+9 Dex+2}
162312 | Dis:7    | Identified the +4 staff of Dispater
162312 | Dis:7    | Noticed Dispater
162314 | Dis:7    | Killed Dispater
162338 | Dis:7    | Got an iron rune of Zot
162729 | Vaults:3 | Lost mutation: Your magical capacity is very low. (-20% MP)
                  | [potion of mutation]
162729 | Vaults:3 | Lost mutation: Your magical capacity is low. (-10% MP)
                  | [potion of mutation]
162729 | Vaults:3 | Lost mutation: You evolve. [potion of mutation]
162729 | Vaults:3 | Gained mutation: You are dopey. (Int -2) [potion of
                  | mutation]
162729 | Vaults:3 | Lost mutation: You are dopey. (Int -2) [potion of mutation]
162729 | Vaults:3 | Gained mutation: You are agile. (Dex +2) [potion of
                  | mutation]
163279 | Geh:1    | Reached skill level 24 in Ice Magic
163283 | Geh:1    | Reached skill level 27 in Spellcasting
165015 | Geh:2    | You fall into a shaft and drop 2 floors!
166259 | Geh:5    | Reached skill level 18 in Dodging
167817 | Geh:6    | Reached skill level 27 in Earth Magic
168565 | Geh:6    | Reached skill level 27 in Fighting
168856 | Geh:7    | Entered Level 7 of Gehenna
168988 | Geh:7    | Noticed the Serpent of Hell
169113 | Geh:7    | Killed the Serpent of Hell
169466 | Geh:7    | Identified the +7 sceptre of Asmodeus
169466 | Geh:7    | Noticed Asmodeus
169467 | Geh:7    | Killed Asmodeus
169506 | Geh:7    | Got an obsidian rune of Zot
169508 | Geh:7    | Upgraded the game from 0.26-a0-1213-gd52f5182fe to
                  | 0.26-a0-1222-g14533b3512
170274 | Geh:7    | Reached skill level 20 in Dodging
170629 | Geh:7    | Identified the +8 scimitar of Fundamental Breach {vorpal,
                  | *Rage Str+7 Int+4 Stlth+}
172143 | D:11     | Bought a pitted broad axe for 324 gold pieces
172145 | D:11     | Identified the +2 broad axe "Foseoda" {chaos, *Corrode
                  | rF++} (You bought it in a shop on level 11 of the Dungeon)
172150 | D:11     | Bought the +2 cloak of the Hills {rC+ Will+ Regen+ Stlth-}
                  | for 752 gold pieces
172360 | Slime:1  | Entered Level 1 of the Pits of Slime
172386 | Slime:2  | Gained mutation: Your flesh is cold resistant. (rC+) [a
                  | shining eye]
172611 | Slime:3  | Reached skill level 26 in Ice Magic
172893 | Slime:5  | Entered Level 5 of the Pits of Slime
173006 | Slime:5  | Noticed the Royal Jelly
173008 | Slime:5  | Found a viscous altar of Jiyva.
173011 | Slime:5  | Killed the Royal Jelly
173029 | Slime:5  | Upgraded the game from 0.26-a0-1222-g14533b3512 to
                  | 0.27-a0-3-gcf006a40f5
173036 | Slime:5  | Got a slimy rune of Zot
173060 | Slime:5  | Got a brightly glowing spear
173060 | Slime:5  | Identified the +8 spear of Foituat {freeze, *Rage rElec
                  | Str+8 Int-2} (You found it on level 5 of the Pits of Slime)
173070 | Slime:5  | Found the +8 frozen axe "Frostbite" {freezing cloud, *Noise
                  | +Fly rC+}
173102 | Slime:5  | Got a heavily runed kite shield
173113 | Slime:5  | Identified the +5 kite shield of Greater Demons {rF+
                  | Stlth+} (You found it on level 5 of the Pits of Slime)
173156 | Slime:5  | Got a translucent mace
173156 | Slime:5  | Identified the +9 mace of night's Sudden Death {chaos, rC-
                  | Dex+6} (You found it on level 5 of the Pits of Slime)
174036 | Depths:1 | Voluntarily entered the Abyss.
174036 | Abyss:1  | Found a corrupted altar of Lugonu.
174256 | Abyss:1  | Found a corrupted altar of Lugonu.
175000 | Abyss:2  | Reached skill level 18 in Necromancy
175286 | Abyss:3  | Noticed an ancient lich
175287 | Abyss:3  | Killed an ancient lich
176053 | Abyss:3  | Paralysed by accursed screaming for 1 turns
176133 | Abyss:3  | Reached skill level 16 in Shields
176270 | Abyss:3  | Noticed an ancient lich
176273 | Abyss:3  | Killed an ancient lich
176275 | Abyss:3  | Gained mutation: You are dopey. (Int -2) [a neqoxec]
176286 | Abyss:3  | Paralysed by accursed screaming for 1 turns
176959 | Abyss:3  | Found a corrupted altar of Lugonu.
177251 | Abyss:3  | Found a corrupted altar of Lugonu.
177328 | Abyss:3  | Gained mutation: You are occasionally teleported next to
                  | monsters. [a cacodemon]
177333 | Abyss:3  | Found a transporter.
177340 | Abyss:3  | Reached skill level 20 in Necromancy
177347 | Abyss:3  | Found a transporter.
177403 | Abyss:3  | Found a transporter.
177417 | Abyss:3  | Found a corrupted altar of Lugonu.
177433 | Abyss:3  | Got an abyssal rune of Zot
177448 | Abyss:3  | Found a corrupted altar of Lugonu.
177484 | Abyss:3  | Found a transporter.
177484 | Abyss:3  | Found a corrupted altar of Lugonu.
177502 | Depths:1 | Escaped the Abyss
177570 | Depths:1 | Learned a level 6 spell: Death Channel
177576 | Depths:1 | Learned a level 5 spell: Summon Forest
177666 | Depths:1 | Upgraded the game from 0.27-a0-3-gcf006a40f5 to
                  | 0.27-a0-13-g87abb2d9eb
177986 | D:10     | Bought a potion of mutation for 80 gold pieces
178209 | Vaults:2 | Bought a potion of mutation for 120 gold pieces
178209 | Vaults:2 | Bought a potion of mutation for 120 gold pieces
178411 | Pan      | Entered Pandemonium
178624 | Pan      | Noticed Yhuddeta the pandemonium lord
178625 | Pan      | Killed Yhuddeta the pandemonium lord
179751 | Pan      | Noticed Elouf the pandemonium lord
179756 | Pan      | Killed Elouf the pandemonium lord
181620 | Pan      | Noticed Wayde the pandemonium lord
181623 | Pan      | Killed Wayde the pandemonium lord
182245 | Pan      | Found a transporter.
182566 | Pan      | Found a transporter.
183049 | Pan      | Gained mutation: You do not regenerate when monsters are
                  | visible. [a cacodemon]
183056 | Pan      | Gained mutation: Potions are less effective at restoring
                  | your health. [a cacodemon]
183164 | Pan      | Got a heavily runed copper ring
183166 | Pan      | Identified the ring of Roaleeg {rPois Will+ Int+5 Slay-3}
                  | (You found it in Pandemonium)
183175 | Pan      | Got a scorched iron amulet
183176 | Pan      | Identified the amulet of the Albatross {Inacc Fragile rPois
                  | rC- MP+9} (You found it in Pandemonium)
183190 | Pan      | Lost mutation: You are dopey. (Int -2) [potion of mutation]
183190 | Pan      | Lost mutation: You do not regenerate when monsters are
                  | visible. [potion of mutation]
183190 | Pan      | Gained mutation: Your flesh is heat resistant. (rF+)
                  | [potion of mutation]
183190 | Pan      | Gained mutation: Armour fits poorly on your strangely
                  | shaped body. [potion of mutation]
183190 | Pan      | Gained mutation: You evolve. [potion of mutation]
183315 | Pan      | Lost mutation: You are occasionally teleported next to
                  | monsters. [evolution]
183743 | Pan      | Entered the realm of Gloorx Vloq.
183744 | Pan      | Upgraded the game from 0.27-a0-13-g87abb2d9eb to
                  | 0.27-a0-29-g2d0a2396b0
184223 | Pan      | Reached skill level 27 in Ice Magic
184450 | Pan      | Reached skill level 20 in Armour
184930 | Pan      | Noticed Gloorx Vloq
184933 | Pan      | Killed Gloorx Vloq
185141 | Pan      | Got a dark rune of Zot
185265 | Pan      | Gained mutation: Scrolls take you a little longer to read.
                  | [a cacodemon]
185299 | Pan      | Noticed Igaifah the pandemonium lord
185304 | Pan      | Killed Igaifah the pandemonium lord
185916 | Pan      | Entered the realm of Cerebov.
186092 | Pan      | Identified the Volume of the Scorpion
186376 | Pan      | Found an exit through the horrors of the Abyss.
186675 | Pan      | Identified the +6 sword of Cerebov {flame}
186675 | Pan      | Noticed Cerebov
186678 | Pan      | Reached skill level 2 in Stealth
186682 | Pan      | Killed Cerebov
186683 | Pan      | Reached skill level 2 in Throwing
186755 | Pan      | Reached skill level 18 in Shields
186781 | Pan      | Got a fiery rune of Zot
186808 | Pan      | Got a pitted scimitar
186808 | Pan      | Identified the +11 scimitar of Fortitude {vamp, rF+} (You
                  | found it in Pandemonium)
186812 | Pan      | Got a masterwork leather armour
186822 | Pan      | Identified the +1 leather armour of Asceticism {Regen+
                  | MP+9} (You found it in Pandemonium)
186873 | Pan      | Identified the cursed +0 longbow "Geta" {speed, rElec Will+
                  | Str+4 Dex-4}
187259 | Pan      | Identified the amulet of Equivalence {Faith rF- Int+3
                  | Dex+3} (You found it in Pandemonium)
188240 | Pan      | Lost mutation: Armour fits poorly on your strangely shaped
                  | body. [potion of mutation]
188240 | Pan      | Lost mutation: You are agile. (Dex +2) [potion of mutation]
188240 | Pan      | Gained mutation: Your mind is acute. (Int +2) [potion of
                  | mutation]
188240 | Pan      | Lost mutation: Potions are less effective at restoring your
                  | health. [potion of mutation]
188240 | Pan      | Gained mutation: You have sharp toenails. [potion of
                  | mutation]
188443 | Pan      | Found a runed translucent door.
188607 | Pan      | Noticed Imylotoch the pandemonium lord
188610 | Pan      | Killed Imylotoch the pandemonium lord
188809 | Pan      | Reached skill level 5 in Stealth
189064 | Pan      | Noticed Ulaommu the pandemonium lord
189068 | Pan      | Killed Ulaommu the pandemonium lord
189308 | Pan      | Reached skill level 5 in Throwing
189610 | Pan      | Lost mutation: Scrolls take you a little longer to read.
                  | [evolution]
189619 | Pan      | Found an exit through the horrors of the Abyss.
190488 | Pan      | Noticed Douddah the pandemonium lord
190491 | Pan      | Killed Douddah the pandemonium lord
191447 | Pan      | Found a runed translucent door.
191452 | Pan      | Found a runed translucent door.
191457 | Pan      | Found a runed translucent door.
191460 | Pan      | Noticed Raceazuo the pandemonium lord
191463 | Pan      | Killed Raceazuo the pandemonium lord
191556 | Pan      | Reached skill level 24 in Necromancy
191608 | Pan      | Found a runed translucent door.
191833 | Pan      | Found an exit through the horrors of the Abyss.
192757 | Pan      | Found an exit through the horrors of the Abyss.
192927 | Pan      | Noticed Umizemin the pandemonium lord
192934 | Pan      | Killed Umizemin the pandemonium lord
192984 | Pan      | Got a demonic rune of Zot
193333 | Pan      | Found a transporter.
193351 | Pan      | Found a transporter.
193354 | Pan      | Identified the amulet "Asolel" {rC+ Regen+}
193760 | Pan      | Found an exit through the horrors of the Abyss.
194196 | Pan      | Got a pair of faintly glowing boots
194201 | Pan      | Identified the cursed +0 pair of boots "Jihuxe" {Rampage
                  | +Blink rN+ Dex+3} (You found it in Pandemonium)
194204 | Pan      | Identified the amulet "Qehi Lyscha" {rN+ Regen+} (You found
                  | it in Pandemonium)
194492 | Pan      | Found an exit through the horrors of the Abyss.
194702 | Pan      | Noticed Esesatzu the pandemonium lord
194704 | Pan      | Killed Esesatzu the pandemonium lord
195149 | Pan      | Took an exit into the Abyss.
195149 | Abyss:1  | Escaped into the Abyss
195267 | Depths:1 | Escaped the Abyss
195277 | Pan      | Entered the realm of Lom Lobon.
195277 | Pan      | Entered Pandemonium
196463 | Pan      | Noticed Lom Lobon
196470 | Pan      | Killed Lom Lobon
196533 | Pan      | Got a magical rune of Zot
196884 | Pan      | Entered the realm of Mnoleg.
196922 | Pan      | Reached skill level 20 in Shields
197083 | Pan      | Found an exit through the horrors of the Abyss.
197097 | Pan      | Paralysed by a floating eye for 3 turns
197135 | Pan      | Gained mutation: You rapidly evolve. [a neqoxec]
197205 | Pan      | Paralysed by a floating eye for 2 turns
197345 | Pan      | Paralysed by a floating eye for 3 turns
197362 | Pan      | Gained mutation: Your body sometimes deteriorates upon
                  | taking damage. [a neqoxec]
197384 | Pan      | Gained mutation: Your spells are a little easier to cast,
                  | but a little less powerful. [a cacodemon]
197384 | Pan      | Gained mutation: You are clumsy. (Dex -2) [a shining eye]
197486 | Pan      | Noticed Mnoleg
197489 | Pan      | Killed Mnoleg
198214 | Pan      | Got a glowing rune of Zot
198330 | Pan      | Reached skill level 10 in Stealth
198441 | Pan      | Took an exit into the Abyss.
198441 | Abyss:1  | Escaped into the Abyss
198487 | Depths:1 | Escaped the Abyss
198724 | Tomb:1   | Entered Level 1 of the Tomb of the Ancients
198725 | Tomb:1   | Noticed Boris
198730 | Tomb:1   | Killed Boris
199453 | Tomb:1   | Noticed a royal mummy
199455 | Tomb:1   | Noticed a royal mummy
199457 | Tomb:1   | Killed a royal mummy
199465 | Tomb:1   | Noticed a royal mummy
199521 | Tomb:1   | Killed a royal mummy
199522 | Tomb:1   | Noticed a royal mummy
199527 | Tomb:1   | Noticed a royal mummy
199739 | Tomb:1   | Killed a royal mummy
199838 | Tomb:1   | Noticed a royal mummy
199840 | Tomb:1   | Noticed a royal mummy
199843 | Tomb:1   | Killed a royal mummy
199844 | Tomb:1   | Killed a royal mummy
199844 | Tomb:1   | Noticed a royal mummy
199845 | Tomb:1   | Killed a royal mummy
199846 | Tomb:1   | Noticed a royal mummy
199848 | Tomb:1   | Killed a royal mummy
199852 | Tomb:1   | Killed a royal mummy
199853 | Tomb:1   | Noticed a royal mummy
200079 | Tomb:1   | Gained mutation: You are occasionally teleported next to
                  | monsters. [mutagenic glow]
200094 | Tomb:1   | Gained mutation: Armour fits poorly on your strangely
                  | shaped body. [mutagenic glow]
200101 | Tomb:1   | Noticed a royal mummy
200105 | Tomb:1   | Killed a royal mummy
200111 | Tomb:1   | Gained mutation: You are very clumsy. (Dex -4) [mutagenic
                  | glow]
200119 | Tomb:1   | Noticed a royal mummy
200121 | Tomb:1   | Killed a royal mummy
200127 | Tomb:1   | Noticed a royal mummy
200132 | Tomb:1   | Killed a royal mummy
200135 | Tomb:1   | Killed a royal mummy
200135 | Tomb:1   | Noticed a royal mummy
200145 | Tomb:1   | Noticed a royal mummy
200420 | Tomb:1   | Killed a royal mummy
200471 | Tomb:1   | Identified the +7 battleaxe of Dim Light {spect, Str+4
                  | Stlth+}
200531 | Tomb:1   | Killed a royal mummy
200532 | Tomb:1   | Reached skill level 10 in Throwing
200568 | Tomb:1   | Noticed a royal mummy
200571 | Tomb:1   | Killed a royal mummy
200572 | Tomb:1   | Noticed a royal mummy
200578 | Tomb:1   | Killed a royal mummy
200679 | Tomb:1   | Noticed a royal mummy
200682 | Tomb:1   | Killed a royal mummy
200684 | Tomb:1   | Noticed a royal mummy
200688 | Tomb:1   | Killed a royal mummy
200870 | Tomb:1   | Noticed a royal mummy
200873 | Tomb:1   | Killed a royal mummy
200878 | Tomb:1   | Noticed a royal mummy
200881 | Tomb:1   | Killed a royal mummy
201303 | Tomb:2   | Noticed a royal mummy
201309 | Tomb:2   | Noticed a royal mummy
201309 | Tomb:2   | Noticed a royal mummy
201311 | Tomb:2   | Noticed Mennas
201312 | Tomb:2   | Killed a royal mummy
201312 | Tomb:2   | Noticed a royal mummy
201314 | Tomb:2   | Killed a royal mummy
201314 | Tomb:2   | Killed a royal mummy
201320 | Tomb:2   | Killed a royal mummy
201342 | Tomb:2   | HP: 44/323 [something (19)]
201623 | Tomb:1   | Killed a royal mummy
201861 | Tomb:2   | Killed Mennas
202256 | Tomb:2   | Identified the Reference Book on Excruciating Enchantment
202589 | Tomb:2   | Lost mutation: Armour fits poorly on your strangely shaped
                  | body. [potion of mutation]
202589 | Tomb:2   | Lost mutation: Your spells are a little easier to cast, but
                  | a little less powerful. [potion of mutation]
202589 | Tomb:2   | Lost mutation: You are very clumsy. (Dex -4) [potion of
                  | mutation]
202589 | Tomb:2   | Lost mutation: Your mind is acute. (Int +2) [potion of
                  | mutation]
202589 | Tomb:2   | Lost mutation: You are clumsy. (Dex -2) [potion of
                  | mutation]
202589 | Tomb:2   | Gained mutation: Your muscles are strong. (Str +2) [potion
                  | of mutation]
202590 | Tomb:2   | Lost mutation: Your body sometimes deteriorates upon taking
                  | damage. [potion of mutation]
202590 | Tomb:2   | Lost mutation: Your flesh is heat resistant. (rF+) [potion
                  | of mutation]
202590 | Tomb:2   | Lost mutation: Your muscles are strong. (Str +2) [potion of
                  | mutation]
202590 | Tomb:2   | Gained mutation: Your body sometimes deteriorates upon
                  | taking damage. [potion of mutation]
202590 | Tomb:2   | Gained mutation: You are dopey. (Int -2) [potion of
                  | mutation]
202590 | Tomb:2   | Gained mutation: You expend magic power (3 MP) to
                  | strengthen your wands. [potion of mutation]
202591 | Tomb:2   | Lost mutation: You expend magic power (3 MP) to strengthen
                  | your wands. [potion of mutation]
202591 | Tomb:2   | Lost mutation: Your flesh is cold resistant. (rC+) [potion
                  | of mutation]
202591 | Tomb:2   | Lost mutation: Your body sometimes deteriorates upon taking
                  | damage. [potion of mutation]
202591 | Tomb:2   | Gained mutation: You are agile. (Dex +2) [potion of
                  | mutation]
202592 | Tomb:2   | Lost mutation: You are agile. (Dex +2) [potion of mutation]
202592 | Tomb:2   | Lost mutation: You are dopey. (Int -2) [potion of mutation]
202592 | Tomb:2   | Lost mutation: You have sharp toenails. [potion of
                  | mutation]
202592 | Tomb:2   | Lost mutation: You rapidly evolve. [potion of mutation]
202592 | Tomb:2   | Gained mutation: You occasionally shout uncontrollably at
                  | your foes. [potion of mutation]
202592 | Tomb:2   | Gained mutation: You possess an exceptional clarity of
                  | mind. [potion of mutation]
202593 | Tomb:2   | Lost mutation: You possess an exceptional clarity of mind.
                  | [potion of mutation]
202593 | Tomb:2   | Lost mutation: You occasionally shout uncontrollably at
                  | your foes. [potion of mutation]
202593 | Tomb:2   | Lost mutation: You evolve. [potion of mutation]
202593 | Tomb:2   | Gained mutation: You expend magic power (3 MP) to
                  | strengthen your wands. [potion of mutation]
202593 | Tomb:2   | Gained mutation: Your muscles are strong. (Str +2) [potion
                  | of mutation]
202601 | Tomb:3   | Entered Level 3 of the Tomb of the Ancients
202669 | Tomb:3   | Noticed a royal mummy
202676 | Tomb:3   | Noticed a royal mummy
202676 | Tomb:3   | Noticed a royal mummy
202679 | Tomb:3   | Reached skill level 12 in Stealth
202680 | Tomb:3   | Killed a royal mummy
202680 | Tomb:3   | Killed a royal mummy
202681 | Tomb:3   | Killed a royal mummy
202792 | Tomb:3   | Paralysed by a Zot trap for 4 turns
202827 | Tomb:3   | Noticed a royal mummy
202828 | Tomb:3   | Noticed a royal mummy
202835 | Tomb:3   | Killed a royal mummy
202841 | Tomb:3   | Noticed an ancient lich
202843 | Tomb:3   | Killed a royal mummy
202848 | Tomb:3   | Killed an ancient lich
202853 | Tomb:3   | Noticed an ancient lich
202871 | Tomb:3   | Noticed a royal mummy
202871 | Tomb:3   | Noticed Khufu
202873 | Tomb:3   | Killed an ancient lich
202874 | Tomb:3   | Reached skill level 24 in Dodging
202884 | Tomb:3   | Killed a royal mummy
202926 | Tomb:3   | Found the +5 robe of Misfortune {*Contam Harm *Corrode
                  | *Drain *Slow EV+5}
203035 | Tomb:3   | Identified the Handbook of Flamy Summoning
203046 | Tomb:3   | Got a jewelled demon blade
203046 | Tomb:3   | Identified the cursed +1 demon blade of Jokeix Xeuth {vamp,
                  | rC+ rN+} (You found it on level 3 of the Tomb of the
                  | Ancients)
203062 | Tomb:3   | Identified the amulet "Ruletan" {Spirit +Inv rF- Will+
                  | Str+3 Int+3} (You found it on level 3 of the Tomb of the
                  | Ancients)
203380 | Tomb:3   | Got a jewelled tower shield
203390 | Tomb:3   | Identified the +0 tower shield "Kiyt" {+Blink rC- Stlth+}
                  | (You found it on level 3 of the Tomb of the Ancients)
203604 | Tomb:3   | Got a golden rune of Zot
203820 | Tomb:1   | Noticed a royal mummy
203825 | Tomb:1   | Killed a royal mummy
204232 | Lair:5   | Killed Dracia's ghost
204611 | Hell     | Bought a steaming tower shield for 389 gold pieces
204621 | Hell     | Identified the +1 tower shield of Eye-covered Curiosity
                  | {rElec Dex+3 Stlth+} (You bought it in a shop in the
                  | Vestibule of Hell)
204632 | Hell     | Bought faintly humming pearl dragon scales for 4243 gold
                  | pieces
204645 | Hell     | Identified the +6 pearl dragon scales "Hyses" {+Fly rN+
                  | Will++ rCorr Int-3} (You bought it in a shop in the
                  | Vestibule of Hell)
205057 | Shoals:1 | Lost mutation: You are occasionally teleported next to
                  | monsters. [potion of mutation]
205057 | Shoals:1 | Lost mutation: Your muscles are strong. (Str +2) [potion of
                  | mutation]
205057 | Shoals:1 | Gained mutation: You tend to lose your temper in combat.
                  | [potion of mutation]
205057 | Shoals:1 | Gained mutation: Your flesh is cold resistant. (rC+)
                  | [potion of mutation]
205286 | Snake:4  | Bought a potion of mutation for 168 gold pieces
205286 | Snake:4  | Bought a potion of mutation for 168 gold pieces
205286 | Snake:4  | Bought a potion of lignification for 63 gold pieces
205288 | Snake:4  | Lost mutation: You tend to lose your temper in combat.
                  | [potion of mutation]
205288 | Snake:4  | Lost mutation: Your flesh is cold resistant. (rC+) [potion
                  | of mutation]
205288 | Snake:4  | Gained mutation: Armour fits poorly on your strangely
                  | shaped body. [potion of mutation]
205288 | Snake:4  | Gained mutation: You have sharp toenails. [potion of
                  | mutation]
205288 | Snake:4  | Gained mutation: Your flesh is heat resistant. (rF+)
                  | [potion of mutation]
205289 | Snake:4  | Lost mutation: You expend magic power (3 MP) to strengthen
                  | your wands. [potion of mutation]
205289 | Snake:4  | Lost mutation: Your flesh is heat resistant. (rF+) [potion
                  | of mutation]
205289 | Snake:4  | Gained mutation: You passively map a small area around you.
                  | [potion of mutation]
205289 | Snake:4  | Gained mutation: Your flesh is cold resistant. (rC+)
                  | [potion of mutation]
205289 | Snake:4  | Gained mutation: You have razor-sharp toenails. [potion of
                  | mutation]
205692 | Zig:1    | Entered Level 1 of a ziggurat
205692 | Zig:1    | Noticed Fogux the pandemonium lord
205694 | Zig:1    | Killed Fogux the pandemonium lord
205709 | Zig:2    | Entered Level 2 of a ziggurat
205732 | Zig:3    | Entered Level 3 of a ziggurat
205770 | Zig:4    | Entered Level 4 of a ziggurat
205772 | Zig:4    | Noticed a juggernaut
205775 | Zig:4    | Killed a juggernaut
205806 | Zig:5    | Entered Level 5 of a ziggurat
205868 | Zig:6    | Entered Level 6 of a ziggurat
205971 | Zig:7    | Entered Level 7 of a ziggurat
205989 | Zig:7    | Found the +8 orange crystal plate armour {Archmagi, Int+3
                  | Clar}
206073 | Zig:8    | Entered Level 8 of a ziggurat
206085 | Zig:8    | Noticed Ofijil Fiosa the pandemonium lord
206096 | Zig:8    | Killed Ofijil Fiosa the pandemonium lord
206168 | Zig:8    | Lost mutation: Armour fits poorly on your strangely shaped
                  | body. [potion of mutation]
206168 | Zig:8    | Lost mutation: You have razor-sharp toenails. [potion of
                  | mutation]
206168 | Zig:8    | Lost mutation: Your flesh is cold resistant. (rC+) [potion
                  | of mutation]
206168 | Zig:8    | Lost mutation: You passively map a small area around you.
                  | [potion of mutation]
206168 | Zig:8    | Gained mutation: You evolve. [potion of mutation]
206168 | Zig:8    | Gained mutation: You are strong-willed. (Will+) [potion of
                  | mutation]
206168 | Zig:8    | Gained mutation: You expend magic power (3 MP) to
                  | strengthen your wands. [potion of mutation]
206195 | Zig:8    | Learned a level 9 spell: Death's Door
206217 | Zig:8    | Learned a level 8 spell: Necromutation
206223 | Zig:9    | Entered Level 9 of a ziggurat
206313 | Zig:9    | Got a scintillating wooden ring
206314 | Zig:9    | Identified the ring of Ceexell {rF+ Str+6 Dex+4 Slay+2}
                  | (You found it on level 9 of a ziggurat)
206328 | Zig:9    | Identified the cursed +2 morningstar "Plojy" {freeze, +Rage
                  | Str+3} (You found it on level 9 of a ziggurat)
206350 | Zig:10   | Entered Level 10 of a ziggurat
206365 | Zig:10   | Reached skill level 12 in Throwing
206424 | Zig:11   | Entered Level 11 of a ziggurat
206588 | Zig:12   | Entered Level 12 of a ziggurat
206609 | Zig:12   | Reached skill level 26 in Necromancy
206698 | Zig:13   | Entered Level 13 of a ziggurat
206764 | Zig:13   | Reached skill level 14 in Throwing
206818 | Zig:14   | Entered Level 14 of a ziggurat
206837 | Zig:14   | Noticed an ancient lich
206837 | Zig:14   | Noticed an ancient lich
206837 | Zig:14   | Noticed an ancient lich
206842 | Zig:14   | Killed an ancient lich
206842 | Zig:14   | Killed an ancient lich
206842 | Zig:14   | Killed an ancient lich
206930 | Zig:14   | Got a steaming lead ring
206932 | Zig:14   | Identified the ring "Zelej" {+Inv rN+} (You found it on
                  | level 14 of a ziggurat)
206943 | Zig:14   | Identified the ring "Avaviqyo" {Wiz Will+} (You found it on
                  | level 14 of a ziggurat)
206971 | Zig:14   | Identified the +4 war axe "Demonbane" {vorpal, rC+} (You
                  | found it on level 14 of a ziggurat)
206983 | Zig:15   | Entered Level 15 of a ziggurat
207000 | Zig:15   | Found the +9 staff of Wucad Mu {channel}
207147 | Zig:16   | Entered Level 16 of a ziggurat
207244 | Zig:16   | Identified the Compendium of Scorching Bewitchment
207262 | Zig:16   | Identified the amulet of Boky {*Slow Regen+ Str+2 Slay+3}
                  | (You found it on level 16 of a ziggurat)
207274 | Zig:17   | Entered Level 17 of a ziggurat
207309 | Zig:17   | Noticed a royal mummy
207311 | Zig:17   | Noticed a royal mummy
207313 | Zig:17   | Noticed a royal mummy
207314 | Zig:17   | Noticed a royal mummy
207315 | Zig:17   | Killed a royal mummy
207315 | Zig:17   | Killed a royal mummy
207315 | Zig:17   | Killed a royal mummy
207317 | Zig:17   | Noticed a royal mummy
207318 | Zig:17   | Killed a royal mummy
207328 | Zig:17   | Killed a royal mummy
207491 | Zig:17   | Identified Fimuhoeg's Papyrus of Toxins
207494 | Zig:17   | Identified the Compendium of Battle Magic
207519 | Zig:18   | Entered Level 18 of a ziggurat
207557 | Zig:18   | Identified Vehumet's Grimoire of Blistering Attacks
207646 | Zig:18   | Identified the amulet "Lytiakock" {RegenMP rF- rC+ Will++
                  | Int-3} (You found it on level 18 of a ziggurat)
207647 | Zig:18   | Identified Porchi's Tome of Attacks
207658 | Zig:18   | Identified the cursed +0 scale mail "Qaudat" {rF+} (You
                  | found it on level 18 of a ziggurat)
207723 | Zig:19   | Entered Level 19 of a ziggurat
207742 | Zig:19   | Reached skill level 16 in Throwing
207742 | Zig:19   | Reached skill level 24 in Shields
207833 | Zig:19   | Found the ring of Shadows {Umbra +Inv Stlth+}
207835 | Zig:19   | Found the +2 cloak of the Thief {*Fog Slay-2 SInv Stlth+}
207969 | Zig:19   | Identified Suqototi's Almanac of Fire and Translocation
207996 | Zig:19   | Identified the Collected Works on Flames and Shape Shifting
208096 | Zig:20   | Entered Level 20 of a ziggurat
208124 | Zig:20   | Reached skill level 1 in Transmutations
208125 | Zig:20   | Reached skill level 2 in Transmutations
208126 | Zig:20   | Noticed Jeug the pandemonium lord
208127 | Zig:20   | Killed Jeug the pandemonium lord
208236 | Zig:20   | Identified the amulet of the Pariah {Acrobat rElec rPois
                  | Int-2 Stlth-} (You found it on level 20 of a ziggurat)
208268 | Zig:21   | Entered Level 21 of a ziggurat
208283 | Zig:21   | Noticed an ancient lich
208290 | Zig:21   | Killed an ancient lich
208299 | Zig:21   | Reached skill level 24 in Armour
208311 | Zig:21   | Found the +3 Elemental Staff {rElec rF++ rC++ Will++ AC+5}
208431 | Zig:21   | Identified the ring of Qutar {rF+ Will+ rCorr} (You found
                  | it on level 21 of a ziggurat)
208443 | Zig:21   | Reached skill level 10 in Transmutations
208452 | Zig:21   | Identified the ring of the Blue Skies {rPois rF+ rC+} (You
                  | found it on level 21 of a ziggurat)
208496 | Zig:22   | Entered Level 22 of a ziggurat
208531 | Zig:22   | Found the +8 glaive of the Guard {elec, spectral, AC+5}
208703 | Zig:23   | Entered Level 23 of a ziggurat
208727 | Zig:23   | Noticed Kiazi the pandemonium lord
208727 | Zig:23   | Noticed Wayt the pandemonium lord
208727 | Zig:23   | Noticed Ejocs the pandemonium lord
208728 | Zig:23   | Noticed Afegh the pandemonium lord
208728 | Zig:23   | Noticed Biaffiga the pandemonium lord
208728 | Zig:23   | Noticed Foimuite the pandemonium lord
208728 | Zig:23   | Noticed Kanoqal the pandemonium lord
208728 | Zig:23   | Noticed Qiluga the pandemonium lord
208728 | Zig:23   | Noticed Nuontawn the pandemonium lord
208730 | Zig:23   | Noticed Lotionuc the pandemonium lord
208730 | Zig:23   | Noticed Niludd the pandemonium lord
208730 | Zig:23   | Noticed Magoho the pandemonium lord
208733 | Zig:23   | Killed Lotionuc the pandemonium lord
208734 | Zig:23   | Reached skill level 12 in Transmutations
208734 | Zig:23   | Killed Foimuite the pandemonium lord
208734 | Zig:23   | Killed Magoho the pandemonium lord
208736 | Zig:23   | Killed Biaffiga the pandemonium lord
208736 | Zig:23   | Killed Qiluga the pandemonium lord
208750 | Zig:23   | Killed Niludd the pandemonium lord
208762 | Zig:23   | Killed Kiazi the pandemonium lord
208762 | Zig:23   | Killed Ejocs the pandemonium lord
208765 | Zig:23   | Killed Kanoqal the pandemonium lord
208766 | Zig:23   | Reached skill level 18 in Throwing
208775 | Zig:23   | Killed Nuontawn the pandemonium lord
208787 | Zig:23   | Killed Wayt the pandemonium lord
208790 | Zig:23   | Killed Afegh the pandemonium lord
208791 | Zig:23   | Reached skill level 24 in Fire Magic
208851 | Zig:23   | Identified Ficuy's Volume of Shape Shifting and Earth
208890 | Zig:23   | Identified the amulet "Kommoed" {rN++ Will- Regen+} (You
                  | found it on level 23 of a ziggurat)
208938 | Zig:24   | Entered Level 24 of a ziggurat
209100 | Zig:24   | Identified the Volume of Conjuration and the Frostbite
209116 | Zig:24   | Identified Ferch's Grimoire of the Birds
209120 | Zig:24   | Identified the ring "Wodok" {rC++ rN+ Str+3 Int+3 Slay+2}
                  | (You found it on level 24 of a ziggurat)
209275 | Zig:25   | Entered Level 25 of a ziggurat
209342 | Zig:25   | Reached skill level 27 in Necromancy
209357 | Zig:25   | Paralysed by accursed screaming for 1 turns
209496 | Zig:25   | Identified the ring "Tupnech" {rC+ rCorr Stlth+} (You found
                  | it on level 25 of a ziggurat)
209503 | Zig:25   | Reached skill level 5 in Evocations
209650 | Zig:26   | Entered Level 26 of a ziggurat
209681 | Zig:26   | Found the +7 captain's cutlass {speed, disarm}
209813 | Zig:26   | Identified the ring of Piwiw {rCorr Str+4 Dex+3} (You found
                  | it on level 26 of a ziggurat)
209817 | Zig:26   | Identified the amulet of Tesmimytt {RegenMP +Inv Str+8
                  | Int+3 Dex-3} (You found it on level 26 of a ziggurat)
209820 | Zig:26   | Identified the amulet "Gegotoekh" {Acrobat rN+} (You found
                  | it on level 26 of a ziggurat)
209900 | Zig:27   | Entered Level 27 of a ziggurat
210206 | Zig:27   | Upgraded the game from 0.27-a0-29-g2d0a2396b0 to
                  | 0.27-a0-34-gc18c9092ac
210209 | Zig:27   | Identified the Almanac of the Pill Bug
210222 | Zig:27   | Identified the ring of Fragile Peace {Int-2 Dex+7 Stlth-}
                  | (You found it on level 27 of a ziggurat)
210351 | Zig:27   | Got an ichor-stained mace
210351 | Zig:27   | Identified the cursed +1 mace of the Ring {vorpal, rElec
                  | Int+4} (You found it on level 27 of a ziggurat)
210375 | Zig:27   | Got a bloodstained robe
210385 | Zig:27   | Identified the +1 robe of Kizeekh {rN++ Str-5 Dex+2} (You
                  | found it on level 27 of a ziggurat)
210425 | Zig:1    | Entered Level 1 of a ziggurat
210447 | Zig:2    | Entered Level 2 of a ziggurat
210475 | Zig:3    | Entered Level 3 of a ziggurat
210501 | Zig:3    | Reached skill level 10 in Evocations
210502 | Zig:3    | Identified Viuk's Grimoire of Confrontation and Sinister
                  | Secrets
210509 | Zig:4    | Entered Level 4 of a ziggurat
210541 | Zig:5    | Entered Level 5 of a ziggurat
210600 | Zig:6    | Entered Level 6 of a ziggurat
210636 | Zig:6    | Identified the Volume of the Jolly Tusks
210640 | Zig:6    | Identified the Disquisition on the Entrancing Frostbite
210651 | Zig:7    | Entered Level 7 of a ziggurat
210658 | Zig:7    | Noticed Hoaharegh the pandemonium lord
210660 | Zig:7    | Reached skill level 16 in Long Blades
210662 | Zig:7    | Killed Hoaharegh the pandemonium lord
210712 | Zig:7    | Identified the +1 ring mail of Filigreed Happiness {rElec
                  | rF+ Dex+3} (You found it on level 7 of a ziggurat)
210730 | Zig:8    | Entered Level 8 of a ziggurat
210738 | Zig:8    | Reached skill level 26 in Armour
210834 | Zig:8    | Learned a level 8 spell: Borgnjor's Revivification
210852 | Zig:9    | Entered Level 9 of a ziggurat
210855 | Zig:9    | Noticed Citrea the pandemonium lord
210856 | Zig:9    | Noticed Ommol the pandemonium lord
210866 | Zig:9    | Killed Ommol the pandemonium lord
210867 | Zig:9    | Reached skill level 12 in Evocations
210869 | Zig:9    | Killed Citrea the pandemonium lord
210951 | Zig:9    | Identified the amulet "Weklekado" {Reflect rElec SH+5} (You
                  | found it on level 9 of a ziggurat)
210976 | Zig:10   | Entered Level 10 of a ziggurat
211112 | Zig:11   | Entered Level 11 of a ziggurat
211189 | Zig:11   | Identified the Incunabulum of Cloudy Displacement
211259 | Zig:12   | Entered Level 12 of a ziggurat
211298 | Zig:12   | Found the +7 mace of Variability {chain chaos}
211411 | Zig:12   | Identified the +7 scimitar "Gotsiq" {flame, rElec rF- rN++
                  | Stlth+} (You found it on level 12 of a ziggurat)
211430 | Zig:13   | Entered Level 13 of a ziggurat
211443 | Zig:13   | Reached skill level 26 in Fire Magic
211464 | Zig:13   | Found the +7 Singing Sword {vorpal, sonic wave}
211540 | Zig:13   | Identified Sif Muna's Tome of Enchantment
211544 | Zig:13   | Identified the Collected Works on Feathery Conjuration
211605 | Zig:14   | Entered Level 14 of a ziggurat
211622 | Zig:14   | Reached skill level 14 in Evocations
211695 | Zig:14   | Identified Kyicom's Primer on Sorcery
211698 | Zig:14   | Got a coiled pewter ring
211699 | Zig:14   | Identified the ring "Gyamedyt" {Str+4 SInv Stlth-} (You
                  | found it on level 14 of a ziggurat)
211704 | Zig:14   | Identified the amulet "Goma" {RegenMP rPois Dex+4} (You
                  | found it on level 14 of a ziggurat)
211710 | Zig:14   | Identified the ring of Agnosticism {rN+ rCorr} (You found
                  | it on level 14 of a ziggurat)
211829 | Zig:14   | Identified the +1 pair of boots of Bitterness {Dex+2
                  | Stlth+} (You found it on level 14 of a ziggurat)
211841 | Zig:15   | Entered Level 15 of a ziggurat
212060 | Zig:15   | Got an encrusted broad axe
212060 | Zig:15   | Identified the +7 broad axe of Pucah {elec, rElec Dex+2}
                  | (You found it on level 15 of a ziggurat)
212161 | Zig:16   | Entered Level 16 of a ziggurat
212182 | Zig:16   | Reached skill level 27 in Armour
212333 | Zig:16   | Identified Xirurop's Almanac of Aerial Confrontation
212342 | Zig:16   | Identified the ring "Xusiut Fiur" {AC+4 Str+3} (You found
                  | it on level 16 of a ziggurat)
212382 | Zig:17   | Entered Level 17 of a ziggurat
212409 | Zig:17   | Reached skill level 16 in Evocations
212574 | Zig:17   | Identified the Volume of the Dove
212583 | Zig:17   | Reached skill level 2 in Axes
212583 | Zig:17   | Reached skill level 27 in Fire Magic
212593 | Zig:17   | Identified the +2 scale mail of the Jabberwock {rElec Str+3
                  | Slay+2} (You found it on level 17 of a ziggurat)
212600 | Zig:18   | Entered Level 18 of a ziggurat
212619 | Zig:18   | Noticed Siantez the pandemonium lord
212619 | Zig:18   | Noticed Viaten the pandemonium lord
212619 | Zig:18   | Noticed Bar Jiub the pandemonium lord
212619 | Zig:18   | Noticed Colu the pandemonium lord
212619 | Zig:18   | Noticed Nato the pandemonium lord
212619 | Zig:18   | Noticed Pixe the pandemonium lord
212619 | Zig:18   | Noticed Iqosuw the pandemonium lord
212620 | Zig:18   | Noticed Voutsil the pandemonium lord
212620 | Zig:18   | Noticed Tuvoppaz the pandemonium lord
212620 | Zig:18   | Noticed Esanuakh the pandemonium lord
212620 | Zig:18   | Noticed Afoq the pandemonium lord
212621 | Zig:18   | Noticed Boysemm the pandemonium lord
212622 | Zig:18   | Noticed Xelai the pandemonium lord
212622 | Zig:18   | Noticed Tismaky the pandemonium lord
212622 | Zig:18   | Noticed Tuneg the pandemonium lord
212624 | Zig:18   | Killed Colu the pandemonium lord
212624 | Zig:18   | Killed Bar Jiub the pandemonium lord
212624 | Zig:18   | Killed Pixe the pandemonium lord
212624 | Zig:18   | Noticed Qaits the pandemonium lord
212625 | Zig:18   | Reached skill level 5 in Axes
212625 | Zig:18   | Killed Tuvoppaz the pandemonium lord
212625 | Zig:18   | Killed Boysemm the pandemonium lord
212626 | Zig:18   | Killed Tismaky the pandemonium lord
212626 | Zig:18   | Killed Viaten the pandemonium lord
212626 | Zig:18   | Killed Xelai the pandemonium lord
212626 | Zig:18   | Killed Afoq the pandemonium lord
212626 | Zig:18   | Killed Qaits the pandemonium lord
212627 | Zig:18   | Reached skill level 18 in Evocations
212628 | Zig:18   | Killed Nato the pandemonium lord
212633 | Zig:18   | Killed Siantez the pandemonium lord
212634 | Zig:18   | Killed Voutsil the pandemonium lord
212636 | Zig:18   | Noticed Oroziweg the pandemonium lord
212643 | Zig:18   | Killed Esanuakh the pandemonium lord
212647 | Zig:18   | Killed Oroziweg the pandemonium lord
212648 | Zig:18   | Killed Tuneg the pandemonium lord
212650 | Zig:18   | Killed Iqosuw the pandemonium lord
212651 | Zig:18   | Reached skill level 10 in Axes
212777 | Zig:18   | Identified the +1 hand axe of Excruciating Pain {flame, rF+
                  | rN+ Int-2} (You found it on level 18 of a ziggurat)
212783 | Zig:18   | Acquired 390 gold pieces
212788 | Zig:18   | Identified Enoen's Grimoire of Bewitchment and the
                  | Snowflakes
212843 | Zig:19   | Entered Level 19 of a ziggurat
212863 | Zig:19   | Noticed Plog the pandemonium lord
212864 | Zig:19   | Noticed Xedgheufa the pandemonium lord
212864 | Zig:19   | Noticed Maelethi the pandemonium lord
212864 | Zig:19   | Noticed Yxeg Ano the pandemonium lord
212865 | Zig:19   | Noticed Nodgh the pandemonium lord
212865 | Zig:19   | Noticed Doexzyut the pandemonium lord
212865 | Zig:19   | Noticed Nuajin the pandemonium lord
212865 | Zig:19   | Noticed Hehajoen the pandemonium lord
212865 | Zig:19   | Noticed Vatt the pandemonium lord
212865 | Zig:19   | Noticed Haetarag the pandemonium lord
212866 | Zig:19   | Noticed Kibbogh the pandemonium lord
212867 | Zig:19   | Noticed Wofaful the pandemonium lord
212868 | Zig:19   | Killed Hehajoen the pandemonium lord
212870 | Zig:19   | Killed Maelethi the pandemonium lord
212870 | Zig:19   | Killed Yxeg Ano the pandemonium lord
212871 | Zig:19   | Killed Xedgheufa the pandemonium lord
212871 | Zig:19   | Killed Wofaful the pandemonium lord
212871 | Zig:19   | Killed Plog the pandemonium lord
212872 | Zig:19   | Reached skill level 12 in Axes
212875 | Zig:19   | Killed Doexzyut the pandemonium lord
212876 | Zig:19   | Reached skill level 20 in Evocations
212903 | Zig:19   | Killed Nodgh the pandemonium lord
212908 | Zig:19   | Killed Haetarag the pandemonium lord
212910 | Zig:19   | Killed Nuajin the pandemonium lord
212917 | Zig:19   | Killed Kibbogh the pandemonium lord
212927 | Zig:19   | Killed Vatt the pandemonium lord
213096 | Zig:20   | Entered Level 20 of a ziggurat
213110 | Zig:20   | Noticed a juggernaut
213111 | Zig:20   | Noticed a juggernaut
213121 | Zig:20   | Reached skill level 14 in Axes
213122 | Zig:20   | Killed a juggernaut
213123 | Zig:20   | Killed a juggernaut
213298 | Zig:20   | Identified the Compendium of Frigorific Summoning
213300 | Zig:20   | Identified Zouxtoaff's Collected Works on Transmutation
213318 | Zig:20   | Identified the Disquisition on the Hurtful Snowflakes
213328 | Zig:20   | Identified the Catalogue of Curses and Heat
213426 | Zig:21   | Entered Level 21 of a ziggurat
213451 | Zig:21   | Noticed Erurghiedgh the pandemonium lord
213460 | Zig:21   | Killed Erurghiedgh the pandemonium lord
213461 | Zig:21   | Reached skill level 16 in Axes
213554 | Zig:21   | Identified the cursed +1 rapier of Suxuot {vorpal, Will+
                  | Int+2 Dex+2} (You found it on level 21 of a ziggurat)
213633 | Zig:21   | Identified the Disquisition on Sinister Changing
213706 | Zig:22   | Entered Level 22 of a ziggurat
213727 | Zig:22   | Noticed a juggernaut
213731 | Zig:22   | Killed a juggernaut
213906 | Zig:22   | Gained mutation: Your natural rate of healing is unusually
                  | fast. [evolution]
213989 | Zig:22   | Identified the Almanac of the Evil Frostbite
214042 | Zig:22   | Identified Tusetri's Grimoire of Hurtful Clay
214098 | Zig:23   | Entered Level 23 of a ziggurat
214150 | Zig:23   | Reached skill level 18 in Axes
214177 | Zig:23   | Reached skill level 24 in Evocations
214467 | Zig:23   | Identified the Grimoire of Evil Rituals and Intoxication
214575 | Zig:23   | Identified the +5 broad axe "Suijugiyg" {distort, Str+5}
                  | (You found it on level 23 of a ziggurat)
214586 | Zig:24   | Entered Level 24 of a ziggurat
214824 | Zig:24   | Identified the Almanac of Excruciating Weightlessness
214827 | Zig:24   | Identified the amulet of Cenes {Spirit rElec} (You found it
                  | on level 24 of a ziggurat)
214961 | Zig:25   | Entered Level 25 of a ziggurat
215015 | Zig:25   | Reached skill level 20 in Axes
215033 | Zig:25   | Reached skill level 26 in Evocations
215223 | Zig:25   | Reached skill level 27 in Evocations
215359 | Zig:25   | Identified the amulet "Zuff" {Inacc Fragile Dex+7} (You
                  | found it on level 25 of a ziggurat)
215363 | Zig:25   | Reached skill level 14 in Stealth
215366 | Zig:25   | Identified the ring "Hisek" {rF+ rN+++ Str-3} (You found it
                  | on level 25 of a ziggurat)
215388 | Zig:25   | Identified Gizogye's Reference Book on Noxious Arcane
                  | Weapons
215525 | Zig:26   | Entered Level 26 of a ziggurat
215554 | Zig:26   | Paralysed by a floating eye for 2 turns
215608 | Zig:26   | Reached skill level 12 in Summonings
215871 | Zig:26   | Found the +8 mithril axe "Arga" {speed, Will+}
215876 | Zig:26   | Identified the ring "Carphiph" {+Blink +Fly rC+ Will-} (You
                  | found it on level 26 of a ziggurat)
215881 | Zig:26   | Identified the ring of Finality {*Corrode *Slow rElec rC+
                  | Slay+6} (You found it on level 26 of a ziggurat)
215904 | Zig:26   | Identified the cursed ring of Noon {EV-4 Slay+5 Stlth+}
                  | (You found it on level 26 of a ziggurat)
215919 | Zig:26   | Identified the +0 pair of gloves of the Villain {Str+4
                  | Int-2} (You found it on level 26 of a ziggurat)
215925 | Zig:27   | Entered Level 27 of a ziggurat
215959 | Zig:27   | Reached skill level 20 in Throwing
216020 | Zig:27   | Found the +9 staff of Olgreb {rPois∞}
216242 | Zig:27   | Identified the Reference Book on Glacial Intoxication
216390 | Zig:1    | Entered Level 1 of a ziggurat
216392 | Zig:1    | Reached skill level 16 in Stealth
216405 | Zig:2    | Entered Level 2 of a ziggurat
216433 | Zig:3    | Entered Level 3 of a ziggurat
216455 | Zig:3    | Identified Iginn's Incunabulum of the Snowflakes and the
                  | Compass
216528 | Zig:4    | Entered Level 4 of a ziggurat
216544 | Zig:4    | Reached skill level 14 in Summonings
216579 | Zig:4    | Identified the +11 dagger "Wighulat" {flame, Fragile rC+++
                  | Str+6} (You found it on level 4 of a ziggurat)
216585 | Zig:5    | Entered Level 5 of a ziggurat
216650 | Zig:6    | Entered Level 6 of a ziggurat
216655 | Zig:6    | Reached skill level 26 in Shields
216740 | Zig:7    | Entered Level 7 of a ziggurat
216774 | Zig:7    | Identified the +1 plate armour "Ewanargh" {Dex+3} (You
                  | found it on level 7 of a ziggurat)
216812 | Zig:7    | Identified the Tome of Congealing Execration
216860 | Zig:8    | Entered Level 8 of a ziggurat
216938 | Zig:8    | Identified the Collected Works on Conjuration and Poisoning
216942 | Zig:8    | Identified the +10 triple sword of Prudence {freeze, +Inv
                  | Str-4 Int-2 SInv} (You found it on level 8 of a ziggurat)
216963 | Zig:9    | Entered Level 9 of a ziggurat
216968 | Zig:9    | Noticed an ancient lich
216968 | Zig:9    | Noticed an ancient lich
216969 | Zig:9    | Noticed an ancient lich
216970 | Zig:9    | Killed an ancient lich
216971 | Zig:9    | Killed an ancient lich
216971 | Zig:9    | Killed an ancient lich
216971 | Zig:9    | Noticed an ancient lich
216977 | Zig:9    | Killed an ancient lich
217097 | Zig:10   | Entered Level 10 of a ziggurat
217250 | Zig:10   | Identified the +7 rapier of the Throat {flame, rElec} (You
                  | found it on level 10 of a ziggurat)
217255 | Zig:11   | Entered Level 11 of a ziggurat
217348 | Zig:11   | Identified Bisoch's Papyrus of Transformation and
                  | Displacement
217410 | Zig:12   | Entered Level 12 of a ziggurat
217419 | Zig:12   | Paralysed by accursed screaming for 2 turns
217433 | Zig:12   | Reached skill level 16 in Summonings
217624 | Zig:13   | Entered Level 13 of a ziggurat
217643 | Zig:13   | Noticed Jecleex the pandemonium lord
217656 | Zig:13   | Killed Jecleex the pandemonium lord
217657 | Zig:13   | Reached skill level 18 in Stealth
217848 | Zig:13   | Found the +9 scales of the Dragon King {rPois rF+ rC+
                  | Will+}
217961 | Zig:13   | Identified the cursed +1 whip "Voherhuw" {venom, rElec MP+9
                  | Dex-2} (You found it on level 13 of a ziggurat)
217973 | Zig:14   | Entered Level 14 of a ziggurat
217983 | Zig:14   | Noticed Xoprog the pandemonium lord
218000 | Zig:14   | Killed Xoprog the pandemonium lord
218001 | Zig:14   | Reached skill level 27 in Shields
218209 | Zig:14   | Identified the cursed +1 trident of Hepliaklqana's Esteem
                  | {distort, Dex-3 SInv Stlth+} (You found it on level 14 of a
                  | ziggurat)
218220 | Zig:15   | Entered Level 15 of a ziggurat
218394 | Zig:15   | Got a flickering platinum ring
218395 | Zig:15   | Identified the ring "Xajio" {*Tele Stlth+} (You found it on
                  | level 15 of a ziggurat)
218416 | Zig:16   | Entered Level 16 of a ziggurat
218428 | Zig:16   | Noticed Naigh the pandemonium lord
218428 | Zig:16   | Noticed Mubockeit the pandemonium lord
218429 | Zig:16   | Noticed Nucops the pandemonium lord
218429 | Zig:16   | Noticed Jiqieliu the pandemonium lord
218429 | Zig:16   | Noticed Ohitielo the pandemonium lord
218430 | Zig:16   | Noticed Vebbe the pandemonium lord
218430 | Zig:16   | Noticed Eshaul the pandemonium lord
218430 | Zig:16   | Noticed Pysuhal the pandemonium lord
218430 | Zig:16   | Noticed Zaimao the pandemonium lord
218430 | Zig:16   | Noticed Baqihu the pandemonium lord
218431 | Zig:16   | Noticed Ylozu the pandemonium lord
218432 | Zig:16   | Killed Nucops the pandemonium lord
218432 | Zig:16   | Noticed Jifuw the pandemonium lord
218433 | Zig:16   | Reached skill level 18 in Summonings
218433 | Zig:16   | Killed Vebbe the pandemonium lord
218433 | Zig:16   | Killed Pysuhal the pandemonium lord
218433 | Zig:16   | Killed Jiqieliu the pandemonium lord
218434 | Zig:16   | Killed Mubockeit the pandemonium lord
218434 | Zig:16   | Noticed Tugheph the pandemonium lord
218434 | Zig:16   | Noticed Ylerum the pandemonium lord
218435 | Zig:16   | Killed Jifuw the pandemonium lord
218435 | Zig:16   | Noticed Qeusidd the pandemonium lord
218436 | Zig:16   | Reached skill level 20 in Stealth
218439 | Zig:16   | Killed Tugheph the pandemonium lord
218440 | Zig:16   | Killed Naigh the pandemonium lord
218449 | Zig:16   | Killed Zaimao the pandemonium lord
218450 | Zig:16   | Killed Ylozu the pandemonium lord
218450 | Zig:16   | Killed Ohitielo the pandemonium lord
218450 | Zig:16   | Killed Qeusidd the pandemonium lord
218450 | Zig:16   | Killed Baqihu the pandemonium lord
218451 | Zig:16   | Killed Eshaul the pandemonium lord
218452 | Zig:16   | Killed Ylerum the pandemonium lord
218552 | Zig:16   | Found the +3 crown of Dyrovepreva {rElec Int+2 SInv}
218600 | Zig:16   | Identified the ring of Xom's Recklessness {Fire rElec
                  | Will+} (You found it on level 16 of a ziggurat)
218607 | Zig:16   | Identified the +8 falchion "Perhag" {freeze, Str+4 Dex+2}
                  | (You found it on level 16 of a ziggurat)
218632 | Zig:16   | Identified the ring of Xalaz {*Corrode rPois EV+4 Int+4
                  | SInv} (You found it on level 16 of a ziggurat)
218837 | Zig:17   | Entered Level 17 of a ziggurat
218896 | Zig:17   | Reached skill level 20 in Summonings
219022 | Zig:17   | Identified the Tome of the Mutagenic Birds
219093 | Zig:17   | Identified the +9 short sword of the Fifty Yaks {protect,
                  | Str+5} (You found it on level 17 of a ziggurat)
219106 | Zig:18   | Entered Level 18 of a ziggurat
219122 | Zig:18   | Reached skill level 24 in Throwing
219124 | Zig:18   | Found the +8 longbow "Zephyr" {speed, Dex+3 SInv}
219293 | Zig:18   | Identified the cursed ring of Seferchi {rN+ Int-4} (You
                  | found it on level 18 of a ziggurat)
219300 | Zig:18   | Identified the Almanac of Ashen Transformation
219372 | Zig:19   | Entered Level 19 of a ziggurat
219386 | Zig:19   | Noticed a juggernaut
219391 | Zig:19   | Killed a juggernaut
219519 | Zig:19   | Identified the cursed +2 scimitar of Kupuet {venom, rC-
                  | Str+3 Dex+8} (You found it on level 19 of a ziggurat)
219527 | Zig:19   | Acquired 590 gold pieces
219663 | Zig:19   | Identified the +11 dagger "Iwiruil" {flame, rElec Str+2}
                  | (You found it on level 19 of a ziggurat)
219680 | Zig:19   | Identified a +2 pair of boots of running (You found it on
                  | level 19 of a ziggurat)
219701 | Zig:20   | Entered Level 20 of a ziggurat
219727 | Zig:20   | Noticed an ancient lich
219727 | Zig:20   | Noticed an ancient lich
219731 | Zig:20   | Killed an ancient lich
219733 | Zig:20   | Killed an ancient lich
219933 | Zig:20   | Identified the Tome of the Quantum Arsonist
219949 | Zig:20   | Identified the ring of Toets {*Contam rC++ rN+} (You found
                  | it on level 20 of a ziggurat)
219973 | Zig:20   | Identified the +5 scimitar of the Evening {speed, Str+3}
                  | (You found it on level 20 of a ziggurat)
219987 | Zig:21   | Entered Level 21 of a ziggurat
220128 | Zig:21   | Paralysed by accursed screaming for 2 turns
220137 | Zig:21   | Paralysed by accursed screaming for 2 turns
220144 | Zig:21   | Paralysed by accursed screaming for 2 turns
220150 | Zig:21   | Reached skill level 24 in Stealth
220471 | Zig:21   | Identified the ring of the Coward {Will++ Int+6} (You found
                  | it on level 21 of a ziggurat)
220481 | Zig:21   | Lost mutation: You evolve. [end of evolution]
220485 | Zig:21   | Identified the +7 dagger "Ogom" {venom, Dex+3} (You found
                  | it on level 21 of a ziggurat)
220487 | Zig:21   | Got a crude wooden ring
220488 | Zig:21   | Identified the ring "Gemyet" {Will+ Str+4 Stlth+} (You
                  | found it on level 21 of a ziggurat)
220497 | Zig:21   | Identified the Papyrus of Captivating Transmigration
220620 | Zig:22   | Entered Level 22 of a ziggurat
220651 | Zig:22   | Found the +8 lance "Wyrmbane" {slay drac, rPois rF+ rC+
                  | AC+3}
220808 | Zig:22   | Identified the +0 pair of gloves of the Turtle {Dex+3} (You
                  | found it on level 22 of a ziggurat)
220809 | Zig:22   | Identified Sif Muna's Incunabulum of Dark Rituals and Earth
220862 | Zig:22   | Identified the +6 war axe "Imohill" {vorpal, +Fly rPois
                  | Will- Str+5} (You found it on level 22 of a ziggurat)
220882 | Zig:22   | Learned a level 9 spell: Dragon's Call
220889 | Zig:22   | Identified the ring "Padwuguch" {Fire Slay+3} (You found it
                  | on level 22 of a ziggurat)
221020 | Zig:23   | Entered Level 23 of a ziggurat
221041 | Zig:23   | Reached skill level 26 in Throwing
221046 | Zig:23   | Found the ring of the Mage {Wiz Will++ Int+3}
221050 | Zig:23   | Reached skill level 24 in Summonings
221265 | Zig:23   | Identified the Volume of Translocation
221272 | Zig:23   | Identified the amulet "Hiatrus" {Regen+ Dex+2} (You found
                  | it on level 23 of a ziggurat)
221275 | Zig:23   | Identified the ring of Xyejemae {rElec EV+4 Stlth+} (You
                  | found it on level 23 of a ziggurat)
221361 | Zig:24   | Entered Level 24 of a ziggurat
221374 | Zig:24   | Noticed a royal mummy
221375 | Zig:24   | Noticed a royal mummy
221378 | Zig:24   | Noticed a royal mummy
221378 | Zig:24   | Noticed a royal mummy
221378 | Zig:24   | Noticed a royal mummy
221379 | Zig:24   | Noticed a royal mummy
221379 | Zig:24   | Noticed a royal mummy
221380 | Zig:24   | Noticed a royal mummy
221380 | Zig:24   | Noticed a royal mummy
221380 | Zig:24   | Noticed a royal mummy
221380 | Zig:24   | Noticed a royal mummy
221383 | Zig:24   | Killed a royal mummy
221383 | Zig:24   | Killed a royal mummy
221383 | Zig:24   | Killed a royal mummy
221383 | Zig:24   | Killed a royal mummy
221383 | Zig:24   | Killed a royal mummy
221384 | Zig:24   | Killed a royal mummy
221385 | Zig:24   | Killed a royal mummy
221385 | Zig:24   | Killed a royal mummy
221385 | Zig:24   | Killed a royal mummy
221385 | Zig:24   | Killed a royal mummy
221385 | Zig:24   | Killed a royal mummy
221387 | Zig:24   | Noticed a royal mummy
221388 | Zig:24   | Noticed a royal mummy
221388 | Zig:24   | Noticed a royal mummy
221388 | Zig:24   | Noticed a royal mummy
221388 | Zig:24   | Noticed a royal mummy
221388 | Zig:24   | Noticed a royal mummy
221389 | Zig:24   | Noticed a royal mummy
221389 | Zig:24   | Noticed a royal mummy
221389 | Zig:24   | Noticed a royal mummy
221389 | Zig:24   | Noticed a royal mummy
221390 | Zig:24   | Noticed a royal mummy
221391 | Zig:24   | Killed a royal mummy
221391 | Zig:24   | Killed a royal mummy
221391 | Zig:24   | Killed a royal mummy
221391 | Zig:24   | Killed a royal mummy
221391 | Zig:24   | Killed a royal mummy
221391 | Zig:24   | Killed a royal mummy
221391 | Zig:24   | Killed a royal mummy
221391 | Zig:24   | Killed a royal mummy
221391 | Zig:24   | Killed a royal mummy
221391 | Zig:24   | Noticed a royal mummy
221392 | Zig:24   | Reached skill level 27 in Throwing
221392 | Zig:24   | Reached skill level 26 in Summonings
221392 | Zig:24   | Killed a royal mummy
221394 | Zig:24   | Killed a royal mummy
221394 | Zig:24   | Killed a royal mummy
221395 | Zig:24   | Noticed a royal mummy
221405 | Zig:24   | Killed a royal mummy
221675 | Zig:24   | Identified the Almanac of Beguiling
221685 | Zig:24   | Identified the +1 great sword of Udghycvo {freeze, rN+}
                  | (You found it on level 24 of a ziggurat)
221833 | Zig:25   | Entered Level 25 of a ziggurat
221848 | Zig:25   | Noticed an ancient lich
221850 | Zig:25   | Noticed an ancient lich
221855 | Zig:25   | Reached skill level 27 in Summonings
221855 | Zig:25   | Killed an ancient lich
221855 | Zig:25   | Noticed an ancient lich
221857 | Zig:25   | Noticed an ancient lich
221857 | Zig:25   | Noticed an ancient lich
221859 | Zig:25   | Killed an ancient lich
221862 | Zig:25   | Killed an ancient lich
221862 | Zig:25   | Killed an ancient lich
221863 | Zig:25   | Reached skill level 26 in Stealth
221864 | Zig:25   | Killed an ancient lich
221864 | Zig:25   | Noticed an ancient lich
221868 | Zig:25   | Reached skill level 26 in Dodging
221870 | Zig:25   | Killed an ancient lich
221875 | Zig:25   | Noticed an ancient lich
221888 | Zig:25   | Killed an ancient lich
222138 | Zig:25   | Found the +3 warlock's mirror {reflect}
222147 | Zig:25   | Identified the ring of the Sun {+Fly rCorr} (You found it
                  | on level 25 of a ziggurat)
222330 | Zig:25   | Identified the +9 broad axe of Tartarus {vorpal, rC+} (You
                  | found it on level 25 of a ziggurat)
222335 | Zig:25   | Identified the +7 falchion "Icreitun" {freeze, rElec Int+8
                  | Dex-5 Stlth+} (You found it on level 25 of a ziggurat)
222352 | Zig:26   | Entered Level 26 of a ziggurat
222380 | Zig:26   | Reached skill level 27 in Stealth
222383 | Zig:26   | Found the +7 great mace "Firestarter" {inner flame, rF++}
222384 | Zig:26   | Reached skill level 27 in Dodging
222384 | Zig:26   | Reached skill level 14 in Transmutations
222390 | Zig:26   | Reached skill level 16 in Transmutations
222747 | Zig:26   | Identified the cursed +1 falchion of Leph {freeze, +Inv}
                  | (You found it on level 26 of a ziggurat)
222759 | Zig:26   | Identified the +6 rapier "Niagg" {venom, rPois} (You found
                  | it on level 26 of a ziggurat)
222765 | Zig:27   | Entered Level 27 of a ziggurat
222791 | Zig:27   | Reached skill level 18 in Transmutations
222850 | Zig:27   | Found the +2 ratskin cloak {*Rats rPois rN+ Str-1 Int-1
                  | Dex+1}
222854 | Zig:27   | Found the cursed +14 obsidian axe {vorpal, +Fly SInv
                  | *Curse}
222863 | Zig:27   | Found the +5 sword of Power {vorpal}
222866 | Zig:27   | Identified Sif Muna's Collected Works on Virous
                  | Displacement
222873 | Zig:27   | Identified the Guide on Burning Conjuration
223195 | Zig:27   | Identified the ring "Iwkyveuq" {Fire Str+5 Int-3 Dex+5}
                  | (You found it on level 27 of a ziggurat)
223196 | Zig:27   | Identified the Tome of Displacement and Conjuration
223328 | Zig:27   | Identified the -1 kite shield of Eternity {rElec rN+} (You
                  | found it on level 27 of a ziggurat)
223332 | Zig:27   | Identified the +6 war axe of the Silent Majority {freeze,
                  | rElec rN+} (You found it on level 27 of a ziggurat)
223347 | Zig:27   | Identified the +6 crystal plate armour of Wimemefu {rC+
                  | Str+10 Int+4 Dex-2} (You found it on level 27 of a
                  | ziggurat)
223356 | Zig:27   | Identified the +11 dagger of Quick Death {antimagic, rN+}
                  | (You found it on level 27 of a ziggurat)
223594 | Tar:7    | Reached skill level 20 in Transmutations
223861 | Zig:1    | Entered Level 1 of a ziggurat
223882 | Zig:2    | Entered Level 2 of a ziggurat
223931 | Zig:3    | Entered Level 3 of a ziggurat
223952 | Zig:3    | Identified the cursed +0 glaive of the Slicing Pariah
                  | {venom, Int+3 Dex+4} (You found it on level 3 of a
                  | ziggurat)
223976 | Zig:4    | Entered Level 4 of a ziggurat
224056 | Zig:5    | Entered Level 5 of a ziggurat
224172 | Zig:6    | Entered Level 6 of a ziggurat
224176 | Zig:6    | Noticed an ancient lich
224177 | Zig:6    | Killed an ancient lich
224256 | Zig:7    | Entered Level 7 of a ziggurat
224262 | Zig:7    | Found the +3 salamander hide armour {Flames rF++ rC--}
224331 | Zig:7    | Identified the ring "Lycla" {+Fly rC+} (You found it on
                  | level 7 of a ziggurat)
224356 | Zig:8    | Entered Level 8 of a ziggurat
224494 | Zig:8    | Identified the +7 mace "Giantslayer" {flame, rElec} (You
                  | found it on level 8 of a ziggurat)
224501 | Zig:9    | Entered Level 9 of a ziggurat
224686 | Zig:10   | Entered Level 10 of a ziggurat
224696 | Zig:10   | Reached skill level 24 in Transmutations
224703 | Zig:10   | Found the ring of the Octopus King
224757 | Zig:10   | Identified a ring of the Octopus King {rCorr AC+1 EV+1
                  | Str+1 Int+1 Dex+1} (You found it on level 10 of a ziggurat)
224829 | Zig:11   | Entered Level 11 of a ziggurat
224837 | Zig:11   | Noticed Rerch the pandemonium lord
224843 | Zig:11   | Killed Rerch the pandemonium lord
224879 | Zig:11   | Identified Suvir's Guide on Gliding Combat Magic
224896 | Zig:11   | Identified the ring "Pasaepn" {*Tele Str+8 Int-2 Slay+5
                  | Stlth+} (You found it on level 11 of a ziggurat)
224998 | Zig:12   | Entered Level 12 of a ziggurat
225201 | Zig:12   | Acquired 1239 gold pieces
225202 | Zig:12   | Acquired the ring "Sios" {rElec rN+ MP+9 Str+2}
225222 | Zig:12   | Identified the +7 bardiche "Utuol" {vamp, rC+ Will- Str+2
                  | Int+3} (You found it on level 12 of a ziggurat)
225224 | Zig:12   | Identified the +6 dagger of Calamity {vamp, Will+ Int+4
                  | SInv} (You found it on level 12 of a ziggurat)
225267 | Zig:13   | Entered Level 13 of a ziggurat
225277 | Zig:13   | Noticed a juggernaut
225279 | Zig:13   | Reached skill level 26 in Transmutations
225279 | Zig:13   | Killed a juggernaut
225282 | Zig:13   | Found the +2 hood of the Assassin {Detection Stab+ Stlth++}
225407 | Zig:13   | Identified the amulet "Roetango" {Faith +Fly rPois} (You
                  | found it on level 13 of a ziggurat)
225488 | Zig:13   | Identified the +7 long sword "Ucymi Ocs" {venom, rN+ Str+3}
                  | (You found it on level 13 of a ziggurat)
225510 | Zig:14   | Entered Level 14 of a ziggurat
225523 | Zig:14   | Noticed an ancient lich
225523 | Zig:14   | Noticed an ancient lich
225523 | Zig:14   | Noticed an ancient lich
225524 | Zig:14   | Noticed an ancient lich
225525 | Zig:14   | Found the +8 storm bow {elec, penet}
225526 | Zig:14   | Reached skill level 27 in Transmutations
225526 | Zig:14   | Killed an ancient lich
225527 | Zig:14   | Reached skill level 16 in Conjurations
225527 | Zig:14   | Killed an ancient lich
225527 | Zig:14   | Killed an ancient lich
225527 | Zig:14   | Killed an ancient lich
225608 | Zig:14   | Identified the +3 acid dragon scales of Gitis {rElec rC+
                  | rN++ rCorr Int-5} (You found it on level 14 of a ziggurat)
225639 | Zig:14   | Identified Sif Muna's Guide on Torrid Poisoning
225651 | Zig:14   | Identified the cursed +0 hand axe of Doors {vorpal, *Slow
                  | Dex+6 Stlth+} (You found it on level 14 of a ziggurat)
225654 | Zig:14   | Identified the +2 dagger of the Imperium {flame, rF+ MP+9
                  | Int+3 Stlth+} (You found it on level 14 of a ziggurat)
225733 | Zig:15   | Entered Level 15 of a ziggurat
225751 | Zig:15   | Reached skill level 5 in Hexes
225751 | Zig:15   | Reached skill level 5 in Air Magic
225949 | Zig:15   | Identified the +7 falchion of the Spectre {pain, rPois
                  | Int+4 Dex+4} (You found it on level 15 of a ziggurat)
225962 | Zig:15   | Identified the cursed +0 hand axe of the Lair of Beasts
                  | {speed, rC+} (You found it on level 15 of a ziggurat)
225981 | Zig:16   | Entered Level 16 of a ziggurat
225991 | Zig:16   | Noticed a juggernaut
225991 | Zig:16   | Noticed a juggernaut
225993 | Zig:16   | Noticed a juggernaut
225994 | Zig:16   | Killed a juggernaut
225995 | Zig:16   | Reached skill level 10 in Hexes
225996 | Zig:16   | Noticed a juggernaut
225997 | Zig:16   | Noticed a juggernaut
225998 | Zig:16   | Killed a juggernaut
225999 | Zig:16   | Killed a juggernaut
226000 | Zig:16   | Reached skill level 10 in Air Magic
226001 | Zig:16   | Killed a juggernaut
226001 | Zig:16   | Killed a juggernaut
226181 | Zig:16   | Identified the cursed ring of Light {rN+ AC-4 SInv} (You
                  | found it on level 16 of a ziggurat)
226184 | Zig:16   | Identified the +8 ring mail "Zagh" {*Slow rElec Dex+5} (You
                  | found it on level 16 of a ziggurat)
226222 | Zig:16   | Identified the ring of the Cockroach {Fire Str+6} (You
                  | found it on level 16 of a ziggurat)
226223 | Zig:16   | Identified the Incunabulum of Displaced Curses
226253 | Zig:17   | Entered Level 17 of a ziggurat
226263 | Zig:17   | Noticed a juggernaut
226267 | Zig:17   | Reached skill level 12 in Hexes
226268 | Zig:17   | Killed a juggernaut
226270 | Zig:17   | Noticed a juggernaut
226272 | Zig:17   | Killed a juggernaut
226273 | Zig:17   | Reached skill level 12 in Air Magic
226333 | Zig:17   | Identified the amulet of the Harvest {Faith rElec rN+ Str+7
                  | Dex-3} (You found it on level 17 of a ziggurat)
226339 | Zig:17   | Identified the amulet of Yskuhawk {Spirit rF++ Int+3 SInv}
                  | (You found it on level 17 of a ziggurat)
226613 | Zig:18   | Entered Level 18 of a ziggurat
226620 | Zig:18   | Noticed Meiz the pandemonium lord
226621 | Zig:18   | Noticed Voexouc the pandemonium lord
226624 | Zig:18   | Noticed Vyoshics the pandemonium lord
226626 | Zig:18   | Noticed Maih the pandemonium lord
226627 | Zig:18   | Noticed Luhea the pandemonium lord
226628 | Zig:18   | Noticed Zisiasou the pandemonium lord
226628 | Zig:18   | Noticed Nutureut the pandemonium lord
226628 | Zig:18   | Noticed Zuollair the pandemonium lord
226628 | Zig:18   | Noticed Zaub the pandemonium lord
226628 | Zig:18   | Noticed Curum the pandemonium lord
226628 | Zig:18   | Noticed Moylyotu the pandemonium lord
226628 | Zig:18   | Noticed Rerphunlu the pandemonium lord
226628 | Zig:18   | Noticed Fodifuof the pandemonium lord
226629 | Zig:18   | Noticed Bafihittici the pandemonium lord
226629 | Zig:18   | Noticed Jitzaxti the pandemonium lord
226631 | Zig:18   | Noticed Viguaxof the pandemonium lord
226632 | Zig:18   | Killed Luhea the pandemonium lord
226632 | Zig:18   | Killed Zaub the pandemonium lord
226632 | Zig:18   | Killed Jitzaxti the pandemonium lord
226632 | Zig:18   | Killed Nutureut the pandemonium lord
226633 | Zig:18   | Reached skill level 14 in Hexes
226633 | Zig:18   | Killed Meiz the pandemonium lord
226633 | Zig:18   | Killed Zuollair the pandemonium lord
226633 | Zig:18   | Noticed Tedur the pandemonium lord
226634 | Zig:18   | Killed Bafihittici the pandemonium lord
226634 | Zig:18   | Killed Voexouc the pandemonium lord
226634 | Zig:18   | Killed Rerphunlu the pandemonium lord
226634 | Zig:18   | Noticed Ufyfam the pandemonium lord
226635 | Zig:18   | Reached skill level 14 in Air Magic
226635 | Zig:18   | Killed Tedur the pandemonium lord
226636 | Zig:18   | Killed Fodifuof the pandemonium lord
226636 | Zig:18   | Killed Moylyotu the pandemonium lord
226640 | Zig:18   | Noticed Meni the pandemonium lord
226643 | Zig:18   | Killed Maih the pandemonium lord
226655 | Zig:18   | Killed Viguaxof the pandemonium lord
226655 | Zig:18   | Killed Ufyfam the pandemonium lord
226655 | Zig:18   | Noticed Rirubuuq the pandemonium lord
226656 | Zig:18   | Reached skill level 16 in Hexes
226659 | Zig:18   | Killed Curum the pandemonium lord
226662 | Zig:18   | Killed Meni the pandemonium lord
226663 | Zig:18   | Killed Zisiasou the pandemonium lord
226666 | Zig:18   | Killed Vyoshics the pandemonium lord
226666 | Zig:18   | Noticed Voc Noxa the pandemonium lord
226678 | Zig:18   | Killed Voc Noxa the pandemonium lord
226687 | Zig:18   | Killed Rirubuuq the pandemonium lord
226748 | Zig:18   | Found the +10 morningstar "Eos" {elec, Halo rElec}
226823 | Zig:18   | Identified the amulet "Wugoesup" {RegenMP Int+4} (You found
                  | it on level 18 of a ziggurat)
226942 | Zig:19   | Entered Level 19 of a ziggurat
226960 | Zig:19   | Reached skill level 16 in Air Magic
226971 | Zig:19   | Reached skill level 18 in Hexes
227038 | Zig:19   | Identified the amulet of Tugeecof {Inacc rN+ Dex+2} (You
                  | found it on level 19 of a ziggurat)
227051 | Zig:19   | Got a smoking dagger
227051 | Zig:19   | Identified the +7 dagger of the Forsaken Coins {freeze,
                  | *Slow rF+ rC+ Int+4 Dex+3} (You found it on level 19 of a
                  | ziggurat)
227082 | Zig:19   | Identified the Tome of Excruciating Dark Arts
227289 | Zig:20   | Entered Level 20 of a ziggurat
227300 | Zig:20   | Noticed a royal mummy
227301 | Zig:20   | Noticed a royal mummy
227303 | Zig:20   | Noticed a royal mummy
227305 | Zig:20   | Noticed a royal mummy
227307 | Zig:20   | Killed a royal mummy
227311 | Zig:20   | Killed a royal mummy
227311 | Zig:20   | Killed a royal mummy
227312 | Zig:20   | Noticed a royal mummy
227313 | Zig:20   | Noticed a royal mummy
227313 | Zig:20   | Noticed a royal mummy
227313 | Zig:20   | Noticed a royal mummy
227313 | Zig:20   | Noticed a royal mummy
227314 | Zig:20   | Noticed a royal mummy
227314 | Zig:20   | Noticed a royal mummy
227314 | Zig:20   | Noticed a royal mummy
227314 | Zig:20   | Noticed a royal mummy
227314 | Zig:20   | Noticed a royal mummy
227314 | Zig:20   | Noticed a royal mummy
227315 | Zig:20   | Noticed a royal mummy
227315 | Zig:20   | Noticed a royal mummy
227316 | Zig:20   | Killed a royal mummy
227316 | Zig:20   | Killed a royal mummy
227316 | Zig:20   | Killed a royal mummy
227316 | Zig:20   | Killed a royal mummy
227316 | Zig:20   | Killed a royal mummy
227316 | Zig:20   | Killed a royal mummy
227317 | Zig:20   | Reached skill level 18 in Air Magic
227317 | Zig:20   | Killed a royal mummy
227317 | Zig:20   | Killed a royal mummy
227317 | Zig:20   | Killed a royal mummy
227317 | Zig:20   | Killed a royal mummy
227317 | Zig:20   | Killed a royal mummy
227318 | Zig:20   | Killed a royal mummy
227318 | Zig:20   | Killed a royal mummy
227319 | Zig:20   | Reached skill level 20 in Hexes
227322 | Zig:20   | Killed a royal mummy
227327 | Zig:20   | Noticed a royal mummy
227331 | Zig:20   | Noticed a royal mummy
227333 | Zig:20   | Killed a royal mummy
227337 | Zig:20   | Killed a royal mummy
227389 | Zig:20   | Found the +4 skin of Zhor {Englaciate rC+++ SInv}
227457 | Zig:20   | Found the ring of the Tortoise {AC+8}
227477 | Zig:20   | Found the +4 Cigotuvi's embrace {rMiasma *Drain rN+}
227578 | Zig:20   | Identified Lagiaciq's Collected Works on Evil and
                  | Orientation
227589 | Zig:20   | Identified the ring "Dupsaur" {Str+7 SInv} (You found it on
                  | level 20 of a ziggurat)
227613 | Zig:20   | Identified the cursed +0 demon trident "Grim" {distort,
                  | rPois rC+} (You found it on level 20 of a ziggurat)
227651 | Zig:21   | Entered Level 21 of a ziggurat
227672 | Zig:21   | Reached skill level 20 in Air Magic
227678 | Zig:21   | Found the +8 demon blade "Leech" {vamp, *Rage +Rage rN+}
227729 | Zig:21   | Identified the Volume of Curses
227744 | Zig:21   | Identified the ring of the Barracuda {Fire rElec} (You
                  | found it on level 21 of a ziggurat)
227749 | Zig:21   | Identified the Collected Works on Unstable Poisoning
227789 | Zig:21   | Identified the Almanac of Excruciating Shape Shifting
228025 | Zig:22   | Entered Level 22 of a ziggurat
228047 | Zig:22   | Noticed an ancient lich
228047 | Zig:22   | Noticed an ancient lich
228047 | Zig:22   | Noticed an ancient lich
228047 | Zig:22   | Noticed an ancient lich
228048 | Zig:22   | Noticed an ancient lich
228048 | Zig:22   | Noticed an ancient lich
228048 | Zig:22   | Noticed an ancient lich
228050 | Zig:22   | Killed an ancient lich
228051 | Zig:22   | Killed an ancient lich
228051 | Zig:22   | Killed an ancient lich
228051 | Zig:22   | Killed an ancient lich
228051 | Zig:22   | Killed an ancient lich
228051 | Zig:22   | Killed an ancient lich
228051 | Zig:22   | Killed an ancient lich
228267 | Zig:22   | Identified the +11 dagger "Acvoapad" {venom, rN+ Will+
                  | Str-4} (You found it on level 22 of a ziggurat)
228291 | Zig:22   | Identified the Papyrus of Weightlessness and Summoning
228366 | Zig:23   | Entered Level 23 of a ziggurat
228391 | Zig:23   | Reached skill level 24 in Hexes
228543 | Zig:23   | Identified the ring of Jauckam {+Fly rN+} (You found it on
                  | level 23 of a ziggurat)
228548 | Zig:23   | Acquired the +0 pair of gloves of Ru {+Blink Will- rCorr
                  | Dex-2}
228551 | Zig:23   | Acquired 1340 gold pieces
228754 | Zig:23   | Identified the +10 dagger "Viep" {pain, rElec rN+ Will+++
                  | Dex-5} (You found it on level 23 of a ziggurat)
228776 | Zig:24   | Entered Level 24 of a ziggurat
228791 | Zig:24   | Noticed Bakk the pandemonium lord
228795 | Zig:24   | Killed Bakk the pandemonium lord
228809 | Zig:24   | Noticed Jippo the pandemonium lord
228810 | Zig:24   | Noticed Suruan the pandemonium lord
228810 | Zig:24   | Noticed Ifyrod the pandemonium lord
228811 | Zig:24   | Noticed Utesial the pandemonium lord
228811 | Zig:24   | Noticed Qucwuthry the pandemonium lord
228811 | Zig:24   | Noticed Oxkagy the pandemonium lord
228811 | Zig:24   | Noticed Famoshej the pandemonium lord
228812 | Zig:24   | Noticed Eneamic the pandemonium lord
228812 | Zig:24   | Noticed Itaarogi the pandemonium lord
228813 | Zig:24   | Noticed Viroth the pandemonium lord
228814 | Zig:24   | Noticed Beha the pandemonium lord
228814 | Zig:24   | Noticed Vezxim the pandemonium lord
228814 | Zig:24   | Noticed Noguirog the pandemonium lord
228815 | Zig:24   | Killed Eneamic the pandemonium lord
228815 | Zig:24   | Killed Oxkagy the pandemonium lord
228815 | Zig:24   | Killed Ifyrod the pandemonium lord
228815 | Zig:24   | Noticed Ogusaqoa the pandemonium lord
228815 | Zig:24   | Noticed Orphutawna the pandemonium lord
228815 | Zig:24   | Noticed Xalow the pandemonium lord
228816 | Zig:24   | Noticed Zaguo the pandemonium lord
228817 | Zig:24   | Noticed Onureh the pandemonium lord
228818 | Zig:24   | Noticed Jutewin the pandemonium lord
228821 | Zig:24   | Killed Qucwuthry the pandemonium lord
228821 | Zig:24   | Killed Utesial the pandemonium lord
228822 | Zig:24   | Killed Xalow the pandemonium lord
228822 | Zig:24   | Killed Noguirog the pandemonium lord
228822 | Zig:24   | Noticed Epucsip the pandemonium lord
228823 | Zig:24   | Killed Jutewin the pandemonium lord
228824 | Zig:24   | Killed Jippo the pandemonium lord
228824 | Zig:24   | Noticed Hupajiac the pandemonium lord
228825 | Zig:24   | Killed Vezxim the pandemonium lord
228825 | Zig:24   | Killed Itaarogi the pandemonium lord
228825 | Zig:24   | Killed Tuloiliu the pandemonium lord
228825 | Zig:24   | Killed Onureh the pandemonium lord
228825 | Zig:24   | Killed Orphutawna the pandemonium lord
228826 | Zig:24   | Reached skill level 24 in Air Magic
228826 | Zig:24   | Noticed Ycapid the pandemonium lord
228827 | Zig:24   | Reached skill level 26 in Hexes
228827 | Zig:24   | Killed Famoshej the pandemonium lord
228827 | Zig:24   | Killed Ogusaqoa the pandemonium lord
228828 | Zig:24   | Killed Suruan the pandemonium lord
228828 | Zig:24   | Noticed Wodokh the pandemonium lord
228829 | Zig:24   | Killed Ycapid the pandemonium lord
228830 | Zig:24   | Killed Viroth the pandemonium lord
228831 | Zig:24   | Killed Zaguo the pandemonium lord
228834 | Zig:24   | Killed Epucsip the pandemonium lord
228835 | Zig:24   | Noticed Oreel the pandemonium lord
228838 | Zig:24   | Killed Beha the pandemonium lord
228839 | Zig:24   | Noticed Junot the pandemonium lord
228842 | Zig:24   | Killed Oreel the pandemonium lord
228844 | Zig:24   | Noticed Wugix the pandemonium lord
228846 | Zig:24   | Noticed Bokhuem the pandemonium lord
228854 | Zig:24   | Killed Wodokh the pandemonium lord
228854 | Zig:24   | Killed Junot the pandemonium lord
228856 | Zig:24   | Killed Bokhuem the pandemonium lord
228858 | Zig:24   | Killed Wugix the pandemonium lord
228866 | Zig:24   | Killed Hupajiac the pandemonium lord
229031 | Zig:24   | Identified the Tome of Captivating Snow
229038 | Zig:24   | Identified the ring "Fuemuog" {rPois rN+ Will+ Dex+4} (You
                  | found it on level 24 of a ziggurat)
229040 | Zig:24   | Identified the ring of Hitelov {*Tele Dex+3} (You found it
                  | on level 24 of a ziggurat)
229064 | Zig:24   | Identified the +7 dagger of Poxuojoph {freeze, rC++} (You
                  | found it on level 24 of a ziggurat)
229065 | Zig:24   | Identified the Incunabulum of the Glacier and Heat
229067 | Zig:24   | Identified the Collected Works on Creation and Conjuration
229132 | Zig:25   | Entered Level 25 of a ziggurat
229153 | Zig:25   | Reached skill level 27 in Hexes
229157 | Zig:25   | Reached skill level 26 in Air Magic
229158 | Zig:25   | Found the +3 robe of Clouds {+Thunder rCloud rElec}
229214 | Zig:25   | Identified the ring "Adin" {rF+ Str+4} (You found it on
                  | level 25 of a ziggurat)
229224 | Zig:25   | Identified the ring of Amelioration {rF++ rC+ Will+} (You
                  | found it on level 25 of a ziggurat)
229523 | Zig:26   | Entered Level 26 of a ziggurat
229561 | Zig:26   | Reached skill level 27 in Air Magic
229562 | Zig:26   | Reached skill level 2 in Slings
229562 | Zig:26   | Reached skill level 2 in Translocations
229575 | Zig:26   | Reached skill level 18 in Conjurations
229856 | Zig:26   | Found the +11 plutonium sword {*Contam Stlth-}
229918 | Zig:26   | Identified the amulet "Norchuq" {Faith Int+2 Dex+4} (You
                  | found it on level 26 of a ziggurat)
229941 | Zig:26   | Identified Sif Muna's Reference Book on the Cloudy
                  | Mountains
229944 | Zig:26   | Identified Hosiank's Tome of the Freezing Escort
229970 | Zig:26   | Identified the +2 pair of boots of Lugonu's Pride {rCorr
                  | Str+4} (You found it on level 26 of a ziggurat)
230013 | Zig:27   | Entered Level 27 of a ziggurat
230045 | Zig:27   | Reached skill level 10 in Slings
230045 | Zig:27   | Reached skill level 20 in Conjurations
230045 | Zig:27   | Reached skill level 10 in Translocations
230050 | Zig:27   | Found the +8 trident of the Octopus King {venom, rElec
                  | rPois Will+}
230053 | Zig:27   | Reached skill level 12 in Slings
230053 | Zig:27   | Reached skill level 12 in Translocations
230057 | Zig:27   | Found the ring of the Octopus King
230254 | Zig:27   | Identified the Compendium of Transmigration and
                  | Translocation
230260 | Zig:27   | Identified the amulet of Darkness {RegenMP rF- Str+6} (You
                  | found it on level 27 of a ziggurat)
230432 | Zig:27   | Identified the ring "Ecant" {rPois Will+ Str+6 Dex-4} (You
                  | found it on level 27 of a ziggurat)
230553 | Zig:1    | Entered Level 1 of a ziggurat
230593 | Zig:2    | Entered Level 2 of a ziggurat
230663 | Zig:3    | Entered Level 3 of a ziggurat
230736 | Zig:4    | Entered Level 4 of a ziggurat
230813 | Zig:4    | Identified the +9 hunting sling of the Forsaken Lies
                  | {flame, rElec Int+2} (You found it on level 4 of a
                  | ziggurat)
230824 | Zig:5    | Entered Level 5 of a ziggurat
230936 | Zig:6    | Entered Level 6 of a ziggurat
231047 | Zig:6    | Got a coiled platinum ring
231051 | Zig:6    | Identified the ring "Reyh Woi" {Fire Str+7} (You found it
                  | on level 6 of a ziggurat)
231082 | Zig:7    | Entered Level 7 of a ziggurat
231090 | Zig:7    | Reached skill level 14 in Slings
231090 | Zig:7    | Reached skill level 14 in Translocations
231168 | Zig:7    | Identified the Grimoire of Unholy Summoning
231224 | Zig:7    | Identified the +2 pair of boots of Wariness {Harm rC-
                  | Will++} (You found it on level 7 of a ziggurat)
231230 | Zig:8    | Entered Level 8 of a ziggurat
231233 | Zig:8    | Noticed Vagugyno the pandemonium lord
231233 | Zig:8    | Noticed Usibahez the pandemonium lord
231234 | Zig:8    | Noticed Nivaaler the pandemonium lord
231234 | Zig:8    | Noticed Woytha the pandemonium lord
231234 | Zig:8    | Noticed Nehidgh the pandemonium lord
231234 | Zig:8    | Noticed Plog the pandemonium lord
231235 | Zig:8    | Noticed Inuxan the pandemonium lord
231235 | Zig:8    | Noticed Letroibb the pandemonium lord
231236 | Zig:8    | Noticed Kolaost the pandemonium lord
231236 | Zig:8    | Noticed Soih the pandemonium lord
231237 | Zig:8    | Noticed Woubaj the pandemonium lord
231238 | Zig:8    | Cast into level 5 of the Abyss (Vagugyno)
231238 | Abyss:5  | Entered Level 5 of the Abyss
231947 | Abyss:5  | Learned a level 9 spell: Tornado
232161 | Zig:8    | Escaped the Abyss
232165 | Zig:8    | Killed Kolaost the pandemonium lord
232166 | Zig:8    | Killed Usibahez the pandemonium lord
232166 | Zig:8    | Killed Plog the pandemonium lord
232170 | Zig:8    | Killed Vagugyno the pandemonium lord
232170 | Zig:8    | Killed Woubaj the pandemonium lord
232172 | Zig:8    | Killed Woytha the pandemonium lord
232173 | Zig:8    | Killed Letroibb the pandemonium lord
232177 | Zig:8    | Killed Nehidgh the pandemonium lord
232179 | Zig:8    | Killed Soih the pandemonium lord
232179 | Zig:8    | Killed Inuxan the pandemonium lord
232189 | Zig:8    | Killed Nivaaler the pandemonium lord
232322 | Zig:8    | Reached skill level 16 in Slings
232322 | Zig:8    | Reached skill level 16 in Translocations
232331 | Zig:9    | Entered Level 9 of a ziggurat
232358 | Zig:9    | Identified the +8 broad axe of Coik {holy, Will+ Int+3}
                  | (You found it on level 9 of a ziggurat)
232371 | Zig:9    | Identified the +7 dagger of the Girdle {venom, rC++} (You
                  | found it on level 9 of a ziggurat)
232497 | Zig:10   | Entered Level 10 of a ziggurat
232507 | Zig:10   | Found the +18 shield of the Gong {rElec rN+ Will+ EV-5}
232514 | Zig:10   | Found the +9 heavy crossbow "Sniper" {vorpal, Acc+∞ SInv}
232552 | Zig:10   | Identified Yrotz's Disquisition on Evil Feathers
232640 | Zig:10   | Got a warped brass amulet
232641 | Zig:10   | Identified the amulet of Ugaexuic {RegenMP Str+4} (You
                  | found it on level 10 of a ziggurat)
232645 | Zig:10   | Identified the cursed +2 scimitar of the Leaping Gnat
                  | {vorpal, *Noise Dex+3} (You found it on level 10 of a
                  | ziggurat)
232683 | Zig:11   | Entered Level 11 of a ziggurat
232690 | Zig:11   | Noticed Muvo the pandemonium lord
232690 | Zig:11   | Noticed Ypippainie the pandemonium lord
232690 | Zig:11   | Noticed Kemniwaf the pandemonium lord
232690 | Zig:11   | Noticed Barowige the pandemonium lord
232691 | Zig:11   | Noticed Ufooqom the pandemonium lord
232691 | Zig:11   | Noticed Tanone the pandemonium lord
232691 | Zig:11   | Noticed Yzeileh the pandemonium lord
232691 | Zig:11   | Noticed Fanif the pandemonium lord
232692 | Zig:11   | Noticed Voaxt the pandemonium lord
232701 | Zig:11   | Noticed Ygruu the pandemonium lord
232708 | Zig:11   | Killed Barowige the pandemonium lord
232709 | Zig:11   | Killed Ufooqom the pandemonium lord
232709 | Zig:11   | Killed Voaxt the pandemonium lord
232710 | Zig:11   | Reached skill level 24 in Conjurations
232710 | Zig:11   | Killed Muvo the pandemonium lord
232711 | Zig:11   | Killed Kemniwaf the pandemonium lord
232716 | Zig:11   | Killed Ygruu the pandemonium lord
232719 | Zig:11   | Killed Fanif the pandemonium lord
232725 | Zig:11   | Killed Yzeileh the pandemonium lord
232735 | Zig:11   | Killed Tanone the pandemonium lord
232741 | Zig:11   | Killed Ypippainie the pandemonium lord
232950 | Zig:11   | Identified the Disquisition on Ashen Toxins
232984 | Zig:12   | Entered Level 12 of a ziggurat
232997 | Zig:12   | Reached skill level 18 in Slings
232997 | Zig:12   | Reached skill level 18 in Translocations
233090 | Zig:12   | Identified the Compendium of Harmful Translocation
233106 | Zig:12   | Identified the Papyrus of the Unstable Mountains
233121 | Zig:12   | Identified the Handbook of the Thirteen Places
233163 | Zig:13   | Entered Level 13 of a ziggurat
233174 | Zig:13   | Found the +0 staff of Battle
233185 | Zig:13   | Found the +5 demon whip "Spellbinder" {antimagic, Will+}
233442 | Zig:14   | Entered Level 14 of a ziggurat
233449 | Zig:14   | Noticed Qyulod the pandemonium lord
233449 | Zig:14   | Noticed Ugiz the pandemonium lord
233449 | Zig:14   | Noticed Avirale the pandemonium lord
233449 | Zig:14   | Noticed Zinoosa the pandemonium lord
233450 | Zig:14   | Noticed Osoot the pandemonium lord
233450 | Zig:14   | Noticed Ekiahaz the pandemonium lord
233451 | Zig:14   | Noticed Voholun the pandemonium lord
233452 | Zig:14   | Noticed Xyabbit the pandemonium lord
233453 | Zig:14   | Noticed Hagy the pandemonium lord
233456 | Zig:14   | Killed Osoot the pandemonium lord
233456 | Zig:14   | Killed Qyulod the pandemonium lord
233460 | Zig:14   | Killed Ekiahaz the pandemonium lord
233460 | Zig:14   | Killed Voholun the pandemonium lord
233460 | Zig:14   | Killed Avirale the pandemonium lord
233461 | Zig:14   | Noticed Coeck the pandemonium lord
233461 | Zig:14   | Noticed Seig the pandemonium lord
233462 | Zig:14   | Noticed Hushrai the pandemonium lord
233462 | Zig:14   | Noticed Cugiapt the pandemonium lord
233463 | Zig:14   | Killed Zinoosa the pandemonium lord
233463 | Zig:14   | Killed Ugiz the pandemonium lord
233464 | Zig:14   | Killed Coeck the pandemonium lord
233464 | Zig:14   | Killed Ufetilet the pandemonium lord
233464 | Zig:14   | Killed Cugiapt the pandemonium lord
233464 | Zig:14   | Killed Hushrai the pandemonium lord
233467 | Zig:14   | Noticed Lebborhi the pandemonium lord
233468 | Zig:14   | Noticed Huoq the pandemonium lord
233469 | Zig:14   | Noticed Dioh the pandemonium lord
233471 | Zig:14   | Noticed Biajerphucea the pandemonium lord
233472 | Zig:14   | Killed Dioh the pandemonium lord
233472 | Zig:14   | Killed Huoq the pandemonium lord
233473 | Zig:14   | Killed Biajerphucea the pandemonium lord
233478 | Zig:14   | Killed Seig the pandemonium lord
233478 | Zig:14   | Killed Hagy the pandemonium lord
233479 | Zig:14   | Reached skill level 20 in Slings
233479 | Zig:14   | Reached skill level 20 in Translocations
233480 | Zig:14   | Killed Lebborhi the pandemonium lord
233482 | Zig:14   | Killed Xyabbit the pandemonium lord
233567 | Zig:14   | Found the +12 Vampire's Tooth {vamp}
233642 | Zig:14   | Identified the amulet of Light {RegenMP *Corrode rN+ MP+9
                  | Str+4} (You found it on level 14 of a ziggurat)
233704 | Zig:14   | Reached skill level 26 in Conjurations
233713 | Zig:15   | Entered Level 15 of a ziggurat
233817 | Zig:15   | Identified Rerhah's Tome of Mutagenic Air
234014 | Zig:16   | Entered Level 16 of a ziggurat
234032 | Zig:16   | Reached skill level 27 in Conjurations
234303 | Zig:16   | Identified the +7 war axe of the Viper {flame, *Corrode
                  | rPois MP+9 SInv} (You found it on level 16 of a ziggurat)
234309 | Zig:17   | Entered Level 17 of a ziggurat
234323 | Zig:17   | Noticed Lyonigir the pandemonium lord
234328 | Zig:17   | Killed Lyonigir the pandemonium lord
234433 | Zig:17   | Identified Wiamiy's Reference Book on the Frostbite and
                  | Hexes
234445 | Zig:17   | Identified the ring of Neurosis {rC+ Will- Int+3 Stlth+}
                  | (You found it on level 17 of a ziggurat)
234632 | Zig:18   | Entered Level 18 of a ziggurat
234640 | Zig:18   | Noticed an orb of fire
234641 | Zig:18   | Noticed an orb of fire
234641 | Zig:18   | Noticed an orb of fire
234641 | Zig:18   | Noticed an orb of fire
234641 | Zig:18   | Noticed an orb of fire
234641 | Zig:18   | Noticed an orb of fire
234644 | Zig:18   | Noticed an orb of fire
234648 | Zig:18   | Noticed an orb of fire
234649 | Zig:18   | Killed an orb of fire
234649 | Zig:18   | Killed an orb of fire
234649 | Zig:18   | Killed an orb of fire
234649 | Zig:18   | Killed an orb of fire
234650 | Zig:18   | Noticed an orb of fire
234651 | Zig:18   | Noticed an orb of fire
234652 | Zig:18   | Killed an orb of fire
234652 | Zig:18   | Killed an orb of fire
234652 | Zig:18   | Noticed an orb of fire
234653 | Zig:18   | Noticed an orb of fire
234653 | Zig:18   | Noticed an orb of fire
234653 | Zig:18   | Noticed an orb of fire
234653 | Zig:18   | Noticed an orb of fire
234657 | Zig:18   | Noticed an orb of fire
234657 | Zig:18   | Noticed an orb of fire
234658 | Zig:18   | Found the +7 Kryia's mail coat {PotionHeal*2 rC+}
234658 | Zig:18   | Found the +10 Black Knight's barding {ponderous, rPois rN+}
234658 | Zig:18   | Found the +7 great mace "Undeadhunter" {disrupt, rN+}
234659 | Zig:18   | Killed an orb of fire
234662 | Zig:18   | Killed an orb of fire
234663 | Zig:18   | Killed an orb of fire
234664 | Zig:18   | Reached skill level 24 in Slings
234664 | Zig:18   | Reached skill level 24 in Translocations
234669 | Zig:18   | Killed an orb of fire
234671 | Zig:18   | Killed an orb of fire
234671 | Zig:18   | Killed an orb of fire
234671 | Zig:18   | Killed an orb of fire
234672 | Zig:18   | Killed an orb of fire
234673 | Zig:18   | Killed an orb of fire
234683 | Zig:18   | Killed an orb of fire
234684 | Zig:18   | Killed an orb of fire
234903 | Zig:18   | Identified the Grimoire of the Snowflakes and the Entourage
234931 | Zig:19   | Entered Level 19 of a ziggurat
234935 | Zig:19   | Noticed an ancient lich
234935 | Zig:19   | Noticed an ancient lich
234937 | Zig:19   | Noticed an ancient lich
234937 | Zig:19   | Noticed an ancient lich
234939 | Zig:19   | Noticed an ancient lich
234940 | Zig:19   | Noticed an ancient lich
234940 | Zig:19   | Noticed an ancient lich
234940 | Zig:19   | Noticed an ancient lich
234942 | Zig:19   | Killed an ancient lich
234942 | Zig:19   | Killed an ancient lich
234942 | Zig:19   | Killed an ancient lich
234943 | Zig:19   | Killed an ancient lich
234943 | Zig:19   | Killed an ancient lich
234943 | Zig:19   | Killed an ancient lich
234949 | Zig:19   | Killed an ancient lich
234951 | Zig:19   | Killed an ancient lich
234953 | Zig:19   | Found the +7 Spriggan's Knife {stab, EV+4 Stlth+}
235023 | Zig:19   | Identified the ring of Arylod {Will+ Str+4 Int-2} (You
                  | found it on level 19 of a ziggurat)
235029 | Zig:19   | Reached skill level 26 in Slings
235029 | Zig:19   | Reached skill level 26 in Translocations
235046 | Zig:19   | Identified the Volume of Nocuous Transmigration
235229 | Zig:20   | Entered Level 20 of a ziggurat
235252 | Zig:20   | Reached skill level 27 in Slings
235252 | Zig:20   | Reached skill level 27 in Translocations
235252 | Zig:20   | Reached skill level 1 in Unarmed Combat
235252 | Zig:20   | Reached skill level 2 in Poison Magic
235253 | Zig:20   | Reached skill level 2 in Unarmed Combat
235433 | Zig:20   | Acquired 1187 gold pieces
235464 | Zig:20   | Identified the Papyrus of Damaging Darkness
235466 | Zig:20   | Identified the Papyrus of Beguiling and Creation
235528 | Zig:20   | Identified the amulet of Quewaax {Regen+ Str+2 Dex+7} (You
                  | found it on level 20 of a ziggurat)
235573 | Zig:21   | Entered Level 21 of a ziggurat
235583 | Zig:21   | Noticed Vewul the pandemonium lord
235583 | Zig:21   | Noticed Rimocang the pandemonium lord
235583 | Zig:21   | Noticed Jurcher the pandemonium lord
235583 | Zig:21   | Noticed Yrphuumit the pandemonium lord
235584 | Zig:21   | Noticed Hinnuare the pandemonium lord
235584 | Zig:21   | Noticed Toulamis the pandemonium lord
235584 | Zig:21   | Noticed Ryblos the pandemonium lord
235584 | Zig:21   | Noticed Felugor the pandemonium lord
235585 | Zig:21   | Noticed Gokhodar the pandemonium lord
235585 | Zig:21   | Noticed Bipoeta the pandemonium lord
235585 | Zig:21   | Noticed Gulalut the pandemonium lord
235585 | Zig:21   | Noticed Tawesoak the pandemonium lord
235585 | Zig:21   | Noticed Neqin the pandemonium lord
235585 | Zig:21   | Noticed Methumm the pandemonium lord
235585 | Zig:21   | Noticed Ruur Qol the pandemonium lord
235587 | Zig:21   | Noticed Vuosh the pandemonium lord
235588 | Zig:21   | Noticed Laukuril the pandemonium lord
235588 | Zig:21   | Noticed Oji Cyal the pandemonium lord
235589 | Zig:21   | Noticed Wanuihev the pandemonium lord
235589 | Zig:21   | Noticed Ycvityo the pandemonium lord
235589 | Zig:21   | Noticed Joniogun the pandemonium lord
235590 | Zig:21   | Killed Ruur Qol the pandemonium lord
235590 | Zig:21   | Killed Gulalut the pandemonium lord
235590 | Zig:21   | Killed Toulamis the pandemonium lord
235590 | Zig:21   | Killed Vewul the pandemonium lord
235591 | Zig:21   | Noticed Wupaesa Foko the pandemonium lord
235591 | Zig:21   | Killed Felugor the pandemonium lord
235591 | Zig:21   | Killed Ycvityo the pandemonium lord
235591 | Zig:21   | Killed Neqin the pandemonium lord
235591 | Zig:21   | Noticed Picemn the pandemonium lord
235592 | Zig:21   | Noticed Acuw the pandemonium lord
235592 | Zig:21   | Noticed Bummaqa the pandemonium lord
235592 | Zig:21   | Noticed Waon the pandemonium lord
235592 | Zig:21   | Killed Yrphuumit the pandemonium lord
235592 | Zig:21   | Noticed Ymoass the pandemonium lord
235593 | Zig:21   | Noticed Suddafoq the pandemonium lord
235593 | Zig:21   | Killed Oji Cyal the pandemonium lord
235593 | Zig:21   | Killed Wupaesa Foko the pandemonium lord
235593 | Zig:21   | Killed Joniogun the pandemonium lord
235593 | Zig:21   | Killed Gokhodar the pandemonium lord
235593 | Zig:21   | Killed Rimocang the pandemonium lord
235593 | Zig:21   | Killed Hinnuare the pandemonium lord
235593 | Zig:21   | Killed Temib the pandemonium lord
235594 | Zig:21   | Reached skill level 10 in Unarmed Combat
235594 | Zig:21   | Killed Waon the pandemonium lord
235594 | Zig:21   | Killed Wanuihev the pandemonium lord
235594 | Zig:21   | Killed Suddafoq the pandemonium lord
235594 | Zig:21   | Killed Ryblos the pandemonium lord
235594 | Zig:21   | Killed Jurcher the pandemonium lord
235595 | Zig:21   | Reached skill level 12 in Poison Magic
235595 | Zig:21   | Noticed Apnibb the pandemonium lord
235595 | Zig:21   | Noticed Cigouv the pandemonium lord
235595 | Zig:21   | Noticed Mukogav the pandemonium lord
235595 | Zig:21   | Noticed Opty Awkeqaj the pandemonium lord
235595 | Zig:21   | Noticed Raggamev the pandemonium lord
235595 | Zig:21   | Killed Vuosh the pandemonium lord
235596 | Zig:21   | Reached skill level 12 in Unarmed Combat
235596 | Zig:21   | Killed Apnibb the pandemonium lord
235596 | Zig:21   | Killed Bipoeta the pandemonium lord
235596 | Zig:21   | Noticed Jivuf the pandemonium lord
235597 | Zig:21   | Noticed Bietuaciu the pandemonium lord
235597 | Zig:21   | Noticed Haraisma the pandemonium lord
235598 | Zig:21   | Noticed Menwoe the pandemonium lord
235598 | Zig:21   | Noticed Oklajauwk the pandemonium lord
235598 | Zig:21   | Noticed Kotec the pandemonium lord
235599 | Zig:21   | Killed Ymoass the pandemonium lord
235599 | Zig:21   | Killed Pocue the pandemonium lord
235599 | Zig:21   | Killed Raggamev the pandemonium lord
235599 | Zig:21   | Killed Kotec the pandemonium lord
235599 | Zig:21   | Killed Bietuaciu the pandemonium lord
235599 | Zig:21   | Killed Menwoe the pandemonium lord
235600 | Zig:21   | Killed Opty Awkeqaj the pandemonium lord
235600 | Zig:21   | Killed Bummaqa the pandemonium lord
235600 | Zig:21   | Killed Methumm the pandemonium lord
235600 | Zig:21   | Killed Jivuf the pandemonium lord
235601 | Zig:21   | Reached skill level 14 in Poison Magic
235609 | Zig:21   | Killed Picemn the pandemonium lord
235609 | Zig:21   | Killed Cigouv the pandemonium lord
235617 | Zig:21   | Killed Laukuril the pandemonium lord
235618 | Zig:21   | Killed Mukogav the pandemonium lord
235618 | Zig:21   | Killed Acuw the pandemonium lord
235621 | Zig:21   | Killed Tawesoak the pandemonium lord
235623 | Zig:21   | Killed Haraisma the pandemonium lord
235625 | Zig:21   | Killed Oklajauwk the pandemonium lord
235637 | Zig:21   | Found the +4 moon troll leather armour {Spirit, Regen++
                  | MP+5}
235648 | Zig:21   | Identified the amulet of Paiqemni {RegenMP rPois rN+ Dex+3}
                  | (You found it on level 21 of a ziggurat)
235868 | Zig:21   | Identified the Catalogue of Ice
235879 | Zig:22   | Entered Level 22 of a ziggurat
235886 | Zig:22   | Noticed a juggernaut
235886 | Zig:22   | Noticed a juggernaut
235886 | Zig:22   | Paralysed by a floating eye for 3 turns
235886 | Zig:22   | Noticed a juggernaut
235891 | Zig:22   | Reached skill level 14 in Unarmed Combat
235891 | Zig:22   | Noticed a juggernaut
235891 | Zig:22   | Noticed a juggernaut
235893 | Zig:22   | Killed a juggernaut
235893 | Zig:22   | Killed a juggernaut
235893 | Zig:22   | Killed a juggernaut
235894 | Zig:22   | Killed a juggernaut
235894 | Zig:22   | Killed a juggernaut
235894 | Zig:22   | Noticed a juggernaut
235896 | Zig:22   | Noticed a juggernaut
235898 | Zig:22   | Noticed a juggernaut
235899 | Zig:22   | Noticed a juggernaut
235900 | Zig:22   | Noticed a juggernaut
235901 | Zig:22   | Noticed a juggernaut
235901 | Zig:22   | Killed a juggernaut
235902 | Zig:22   | Reached skill level 16 in Poison Magic
235904 | Zig:22   | Killed a juggernaut
235905 | Zig:22   | Killed a juggernaut
235906 | Zig:22   | Killed a juggernaut
235907 | Zig:22   | Killed a juggernaut
235907 | Zig:22   | Killed a juggernaut
235910 | Zig:22   | Reached skill level 16 in Unarmed Combat
235910 | Zig:22   | Noticed a juggernaut
235911 | Zig:22   | Noticed a juggernaut
235913 | Zig:22   | Noticed a juggernaut
235915 | Zig:22   | Noticed a juggernaut
235916 | Zig:22   | Killed a juggernaut
235916 | Zig:22   | Killed a juggernaut
235918 | Zig:22   | Killed a juggernaut
235922 | Zig:22   | Reached skill level 18 in Poison Magic
235922 | Zig:22   | Killed a juggernaut
236179 | Zig:22   | Identified Helepp's Almanac of Burning Toxins
236182 | Zig:22   | Identified the Compendium of Orientation and Weightlessness
236185 | Zig:22   | Identified the ring of Xedicy {Wiz *Slow rF+ rC+ Will+}
                  | (You found it on level 22 of a ziggurat)
236259 | Zig:22   | Identified the cursed +2 broad axe "Wafac" {vamp, rF+ Will-
                  | Str+2 Int+4} (You found it on level 22 of a ziggurat)
236267 | Zig:22   | Identified the +4 short sword "Veott" {speed, Int+8} (You
                  | found it on level 22 of a ziggurat)
236276 | Zig:23   | Entered Level 23 of a ziggurat
236290 | Zig:23   | Reached skill level 18 in Unarmed Combat
236299 | Zig:23   | Reached skill level 20 in Poison Magic
236305 | Zig:23   | Found the +3 robe of Folly {Archmagi, Will-- Int+5}
236307 | Zig:23   | Found the brooch of Shielding {Spirit SH+8}
236704 | Zig:24   | Entered Level 24 of a ziggurat
236717 | Zig:24   | Reached skill level 20 in Unarmed Combat
236887 | Zig:24   | Found the ring of the Hare {EV+8}
236887 | Zig:24   | Found the +27 Lear's hauberk
236994 | Zig:24   | Identified the Guide on Weightlessness and the Blaze
237070 | Zig:25   | Entered Level 25 of a ziggurat
237093 | Zig:25   | Reached skill level 24 in Poison Magic
237096 | Zig:25   | Found the +6 Majin-Bo {vamp, MP+6 Int+6}
237097 | Zig:25   | Found the +3 giant club "Skullcrusher" {speed, Str+7}
237182 | Zig:25   | Identified the Compendium of Moulding and Translocation
237223 | Zig:25   | Identified the amulet of No Interval {Fragile Regen+ MP+9
                  | Slay+2 Stlth+} (You found it on level 25 of a ziggurat)
237558 | Zig:26   | Entered Level 26 of a ziggurat
237565 | Zig:26   | Noticed an ancient lich
237568 | Zig:26   | Noticed an ancient lich
237569 | Zig:26   | Noticed an ancient lich
237569 | Zig:26   | Noticed an ancient lich
237572 | Zig:26   | Noticed an ancient lich
237575 | Zig:26   | Noticed an ancient lich
237576 | Zig:26   | Noticed an ancient lich
237576 | Zig:26   | Noticed an ancient lich
237576 | Zig:26   | Noticed an ancient lich
237576 | Zig:26   | Killed an ancient lich
237577 | Zig:26   | Noticed an ancient lich
237577 | Zig:26   | Noticed an ancient lich
237577 | Zig:26   | Noticed an ancient lich
237577 | Zig:26   | Killed an ancient lich
237578 | Zig:26   | Noticed an ancient lich
237578 | Zig:26   | Noticed an ancient lich
237578 | Zig:26   | Noticed an ancient lich
237579 | Zig:26   | Killed an ancient lich
237579 | Zig:26   | Killed an ancient lich
237579 | Zig:26   | Killed an ancient lich
237579 | Zig:26   | Killed an ancient lich
237579 | Zig:26   | Killed an ancient lich
237579 | Zig:26   | Killed an ancient lich
237579 | Zig:26   | Killed an ancient lich
237579 | Zig:26   | Killed an ancient lich
237580 | Zig:26   | Reached skill level 24 in Unarmed Combat
237580 | Zig:26   | Reached skill level 26 in Poison Magic
237580 | Zig:26   | Killed an ancient lich
237580 | Zig:26   | Killed an ancient lich
237580 | Zig:26   | Killed an ancient lich
237580 | Zig:26   | Killed an ancient lich
237580 | Zig:26   | Killed an ancient lich
237582 | Zig:26   | Noticed an ancient lich
237586 | Zig:26   | Reached skill level 27 in Poison Magic
237586 | Zig:26   | Killed an ancient lich
237876 | Zig:26   | Identified the ring "Zigirac" {rN+ SInv} (You found it on
                  | level 26 of a ziggurat)
237897 | Zig:26   | Identified the +4 war axe of Revolt {flame, rPois rN+} (You
                  | found it on level 26 of a ziggurat)
237916 | Zig:26   | Identified the cursed +1 rapier of Premature Burial
                  | {freeze, rPois Str+5} (You found it on level 26 of a
                  | ziggurat)
237924 | Zig:26   | Identified the +2 broad axe "Ketinuga" {pain, SInv} (You
                  | found it on level 26 of a ziggurat)
237935 | Zig:27   | Entered Level 27 of a ziggurat
237940 | Zig:27   | Noticed an orb of fire
237940 | Zig:27   | Noticed an orb of fire
237941 | Zig:27   | Noticed an orb of fire
237941 | Zig:27   | Noticed an orb of fire
237942 | Zig:27   | Noticed an orb of fire
237942 | Zig:27   | Noticed an orb of fire
237942 | Zig:27   | Noticed an orb of fire
237943 | Zig:27   | Noticed an orb of fire
237943 | Zig:27   | Noticed an orb of fire
237943 | Zig:27   | Noticed an orb of fire
237943 | Zig:27   | Noticed an orb of fire
237944 | Zig:27   | Noticed an orb of fire
237944 | Zig:27   | Noticed an orb of fire
237944 | Zig:27   | Noticed an orb of fire
237944 | Zig:27   | Noticed an orb of fire
237944 | Zig:27   | Noticed an orb of fire
237944 | Zig:27   | Noticed an orb of fire
237944 | Zig:27   | Noticed an orb of fire
237944 | Zig:27   | Noticed an orb of fire
237944 | Zig:27   | Noticed an orb of fire
237944 | Zig:27   | Noticed an orb of fire
237944 | Zig:27   | Noticed an orb of fire
237944 | Zig:27   | Noticed an orb of fire
237944 | Zig:27   | Noticed an orb of fire
237944 | Zig:27   | Noticed an orb of fire
237944 | Zig:27   | Noticed an orb of fire
237944 | Zig:27   | Noticed an orb of fire
237944 | Zig:27   | Noticed an orb of fire
237944 | Zig:27   | Noticed an orb of fire
237944 | Zig:27   | Noticed an orb of fire
237944 | Zig:27   | Noticed an orb of fire
237945 | Zig:27   | Noticed an orb of fire
237946 | Zig:27   | Noticed an orb of fire
237947 | Zig:27   | Reached skill level 26 in Unarmed Combat
237948 | Zig:27   | Killed an orb of fire
237949 | Zig:27   | Reached skill level 27 in Unarmed Combat
237949 | Zig:27   | Killed an orb of fire
237949 | Zig:27   | Killed an orb of fire
237949 | Zig:27   | Killed an orb of fire
237949 | Zig:27   | Killed an orb of fire
237949 | Zig:27   | Killed an orb of fire
237949 | Zig:27   | Killed an orb of fire
237949 | Zig:27   | Killed an orb of fire
237950 | Zig:27   | Killed an orb of fire
237950 | Zig:27   | Killed an orb of fire
237950 | Zig:27   | Killed an orb of fire
237950 | Zig:27   | Killed an orb of fire
237950 | Zig:27   | Killed an orb of fire
237950 | Zig:27   | Killed an orb of fire
237950 | Zig:27   | Killed an orb of fire
237950 | Zig:27   | Killed an orb of fire
237950 | Zig:27   | Killed an orb of fire
237950 | Zig:27   | Killed an orb of fire
237950 | Zig:27   | Killed an orb of fire
237950 | Zig:27   | Killed an orb of fire
237950 | Zig:27   | Killed an orb of fire
237950 | Zig:27   | Killed an orb of fire
237950 | Zig:27   | Killed an orb of fire
237951 | Zig:27   | Reached skill level 5 in Short Blades
237951 | Zig:27   | Reached skill level 5 in Maces & Flails
237951 | Zig:27   | Reached skill level 5 in Polearms
237951 | Zig:27   | Killed an orb of fire
237951 | Zig:27   | Killed an orb of fire
237951 | Zig:27   | Killed an orb of fire
237951 | Zig:27   | Killed an orb of fire
237952 | Zig:27   | Killed an orb of fire
237952 | Zig:27   | Killed an orb of fire
237952 | Zig:27   | Killed an orb of fire
237952 | Zig:27   | Killed an orb of fire
237952 | Zig:27   | Noticed an orb of fire
237953 | Zig:27   | Killed an orb of fire
237953 | Zig:27   | Killed an orb of fire
237955 | Zig:27   | Found the +6 arbalest "Damnation" {damnation}
237964 | Zig:27   | Found the +7 pair of quick blades "Gyre" and "Gimble"
                  | {protect}
237968 | Zig:27   | Killed an orb of fire
238195 | Zig:27   | Identified the ring of Pride {rF+ rN+ Stlth+} (You found it
                  | on level 27 of a ziggurat)
238266 | Zig:27   | Identified Sif Muna's Incunabulum of the Escort and
                  | Intoxication
238284 | Zig:27   | Identified the Reference Book on Changing and Necromancy
238403 | Zig:27   | Identified the +2 broad axe of the Twelve Lives {vamp,
                  | Will++} (You found it on level 27 of a ziggurat)
238431 | Zig:27   | Identified the +6 fustibalus of Nadac {freeze, rF+ rC+
                  | SInv} (You found it on level 27 of a ziggurat)
238519 | Zig:1    | Entered Level 1 of a ziggurat
238545 | Zig:2    | Entered Level 2 of a ziggurat
238546 | Zig:2    | Noticed Byisonot the pandemonium lord
238550 | Zig:2    | Killed Byisonot the pandemonium lord
238586 | Zig:2    | Identified Zozaz's Compendium of the Dolphin
238592 | Zig:3    | Entered Level 3 of a ziggurat
238658 | Zig:4    | Entered Level 4 of a ziggurat
238659 | Zig:4    | Noticed a juggernaut
238660 | Zig:4    | Noticed a juggernaut
238660 | Zig:4    | Noticed a juggernaut
238660 | Zig:4    | Noticed a juggernaut
238662 | Zig:4    | Killed a juggernaut
238662 | Zig:4    | Killed a juggernaut
238663 | Zig:4    | Killed a juggernaut
238664 | Zig:4    | Killed a juggernaut
238666 | Zig:4    | Found the +0 pair of fencer's gloves {Riposte Dex+3}
238738 | Zig:5    | Entered Level 5 of a ziggurat
238748 | Zig:5    | Reached skill level 18 in Long Blades
238847 | Zig:6    | Entered Level 6 of a ziggurat
238854 | Zig:6    | Reached skill level 10 in Short Blades
238854 | Zig:6    | Reached skill level 10 in Maces & Flails
238854 | Zig:6    | Reached skill level 10 in Staves
238857 | Zig:6    | Reached skill level 10 in Polearms
238937 | Zig:6    | Identified Itsor's Reference Book on the Ashen Volcanoes
238961 | Zig:6    | Identified the cursed +3 rapier "Killer Bee's Death"
                  | {vorpal, Int+2} (You found it on level 6 of a ziggurat)
239011 | Zig:7    | Entered Level 7 of a ziggurat
239148 | Zig:8    | Entered Level 8 of a ziggurat
239290 | Zig:8    | Got a transparent glass ring
239334 | Zig:9    | Entered Level 9 of a ziggurat
239336 | Zig:9    | Noticed a royal mummy
239336 | Zig:9    | Noticed a royal mummy
239338 | Zig:9    | Noticed a royal mummy
239338 | Zig:9    | Noticed a royal mummy
239339 | Zig:9    | Killed a royal mummy
239339 | Zig:9    | Noticed a royal mummy
239339 | Zig:9    | Noticed a royal mummy
239341 | Zig:9    | Noticed a royal mummy
239341 | Zig:9    | Noticed a royal mummy
239342 | Zig:9    | Noticed a royal mummy
239343 | Zig:9    | Found the amulet of Vitality {Regen+ HP+15}
239346 | Zig:9    | Killed a royal mummy
239346 | Zig:9    | Killed a royal mummy
239346 | Zig:9    | Killed a royal mummy
239346 | Zig:9    | Killed a royal mummy
239346 | Zig:9    | Killed a royal mummy
239347 | Zig:9    | Killed a royal mummy
239348 | Zig:9    | Killed a royal mummy
239354 | Zig:9    | Killed a royal mummy
239411 | Zig:9    | Acquired the +0 tower shield "Lubew" {Int+3 Slay+3}
239596 | Zig:10   | Entered Level 10 of a ziggurat
239599 | Zig:10   | Noticed a royal mummy
239599 | Zig:10   | Noticed a royal mummy
239600 | Zig:10   | Noticed a royal mummy
239600 | Zig:10   | Noticed a royal mummy
239601 | Zig:10   | Noticed a royal mummy
239601 | Zig:10   | Noticed a royal mummy
239602 | Zig:10   | Noticed a royal mummy
239603 | Zig:10   | Killed a royal mummy
239603 | Zig:10   | Killed a royal mummy
239603 | Zig:10   | Killed a royal mummy
239604 | Zig:10   | Noticed a royal mummy
239604 | Zig:10   | Noticed a royal mummy
239605 | Zig:10   | Found the ring of the Octopus King
239605 | Zig:10   | Noticed a royal mummy
239605 | Zig:10   | Noticed a royal mummy
239611 | Zig:10   | Noticed a royal mummy
239613 | Zig:10   | Killed a royal mummy
239613 | Zig:10   | Killed a royal mummy
239613 | Zig:10   | Killed a royal mummy
239613 | Zig:10   | Killed a royal mummy
239613 | Zig:10   | Killed a royal mummy
239614 | Zig:10   | Reached skill level 12 in Short Blades
239614 | Zig:10   | Reached skill level 12 in Maces & Flails
239614 | Zig:10   | Reached skill level 12 in Polearms
239614 | Zig:10   | Reached skill level 12 in Staves
239614 | Zig:10   | Killed a royal mummy
239614 | Zig:10   | Killed a royal mummy
239614 | Zig:10   | Killed a royal mummy
239615 | Zig:10   | Killed a royal mummy
239646 | Zig:10   | Identified the ring "Jausumut" {Ice +Blink Will+++ Int+3
                  | Dex-2} (You found it on level 8 of a ziggurat)
239650 | Zig:10   | Identified the cursed +1 scimitar "Semesivicup" {vorpal,
                  | rPois Str+4 Dex+4} (You found it on level 10 of a ziggurat)
239669 | Zig:10   | Identified the amulet of Hyafas {Faith Will+ Str+3} (You
                  | found it on level 10 of a ziggurat)
239788 | Zig:10   | Identified the +8 trident of Pysish {flame, rC+ rN+} (You
                  | found it on level 10 of a ziggurat)
239838 | Zig:10   | Identified Sif Muna's Reference Book on Burning Stones
239863 | Zig:11   | Entered Level 11 of a ziggurat
239877 | Zig:11   | Noticed an ancient lich
240040 | Zig:11   | Identified the amulet of Culeamat {Acrobat rN++} (You found
                  | it on level 11 of a ziggurat)
240119 | Zig:12   | Entered Level 12 of a ziggurat
240286 | Zig:12   | Identified the ring "Xotaum" {rF+ Stlth+} (You found it on
                  | level 12 of a ziggurat)
240294 | Zig:12   | Acquired 711 gold pieces
240295 | Zig:12   | Acquired 1106 gold pieces
240298 | Zig:12   | Identified the +8 hand axe of Iconoclasm {speed, Will-
                  | Str+8 Dex+8} (You found it on level 12 of a ziggurat)
240306 | Zig:12   | Got a translucent whip
240306 | Zig:12   | Identified the +3 whip of Death's Door {speed, +Fly rN+
                  | Str-4 Int+3} (You found it on level 12 of a ziggurat)
240328 | Zig:13   | Entered Level 13 of a ziggurat
240419 | Zig:13   | Identified Bafaewkod's First Steps in Witchery
240480 | Zig:13   | Identified the ring of the Wild Haggis {rElec SInv} (You
                  | found it on level 13 of a ziggurat)
240559 | Zig:13   | Got a pair of ichor-stained boots
240569 | Zig:13   | Identified the +0 pair of boots "Qoseoklu" {rCorr MP-9
                  | Dex+4 Stlth+} (You found it on level 13 of a ziggurat)
240590 | Zig:14   | Entered Level 14 of a ziggurat
240607 | Zig:14   | Reached skill level 20 in Long Blades
240608 | Zig:14   | Reached skill level 14 in Staves
240609 | Zig:14   | Reached skill level 14 in Maces & Flails
240613 | Zig:14   | Noticed Ahaidoan the pandemonium lord
240615 | Zig:14   | Reached skill level 14 in Short Blades
240615 | Zig:14   | Reached skill level 14 in Polearms
240619 | Zig:14   | Killed Ahaidoan the pandemonium lord
240623 | Zig:14   | Found the amulet of the Four Winds {rN+ Will+++ Clar}
240824 | Zig:14   | Identified the ring of Ogossuwn {rElec Str-3 Dex+3 Stlth+}
                  | (You found it on level 14 of a ziggurat)
240827 | Zig:14   | Identified the ring "Cuif" {rC+ Dex+4 SInv} (You found it
                  | on level 14 of a ziggurat)
240885 | Zig:15   | Entered Level 15 of a ziggurat
240901 | Zig:15   | Noticed Goydirgh the pandemonium lord
240903 | Zig:15   | Killed Goydirgh the pandemonium lord
240915 | Zig:15   | Found the +9 sword of Zonguldrok {reap}
240920 | Zig:15   | Found the cursed +13 scythe of Curses {drain, *Curse}
241202 | Zig:15   | Identified the amulet "Juwunis" {rPois Will+ Regen+} (You
                  | found it on level 15 of a ziggurat)
241205 | Zig:15   | Identified the +5 scimitar "Dragonbane" {vamp, rC+} (You
                  | found it on level 15 of a ziggurat)
241227 | Zig:16   | Entered Level 16 of a ziggurat
241245 | Zig:16   | Found the +1 cloak of Starlight {*Dazzle EV+4 Stlth--}
241249 | Zig:16   | Found the +5 scythe "Finisher" {speed, eviscerate}
241478 | Zig:16   | Reached skill level 24 in Axes
241497 | Zig:16   | Identified Sif Muna's Almanac of the Shifting Oath
241501 | Zig:16   | Acquired 638 gold pieces
241541 | Zig:17   | Entered Level 17 of a ziggurat
241548 | Zig:17   | Paralysed by a floating eye for 2 turns
241553 | Zig:17   | Reached skill level 16 in Staves
241554 | Zig:17   | Reached skill level 16 in Maces & Flails
241557 | Zig:17   | Reached skill level 16 in Short Blades
241557 | Zig:17   | Reached skill level 16 in Polearms
241676 | Zig:17   | Identified the Disquisition on Toxic Air
241720 | Zig:17   | Identified the ring of Nynwa {rC+ EV+4 Int+3} (You found it
                  | on level 17 of a ziggurat)
241934 | Zig:18   | Entered Level 18 of a ziggurat
241957 | Zig:18   | Found the +0 mask of the Dragon {Will+ Slay+3 SInv}
242245 | Zig:18   | Identified the Incunabulum of the Rocks and Intoxication
242258 | Zig:18   | Identified the ring of the Peculiar Xenops {*Tele rElec
                  | Int+3} (You found it on level 18 of a ziggurat)
242261 | Zig:18   | Identified the ring of Qyrued {+Blink Will+ Stlth-} (You
                  | found it on level 18 of a ziggurat)
242270 | Zig:18   | Identified the cursed +0 long sword "Jonemawa" {vorpal,
                  | rPois rC- Str-3 Int+8} (You found it on level 18 of a
                  | ziggurat)
242295 | Zig:18   | Got a heavily runed marble ring
242297 | Zig:18   | Identified the ring "Acsiowk" {rPois rF+++ Will- Dex+6}
                  | (You found it on level 18 of a ziggurat)
242319 | Zig:19   | Entered Level 19 of a ziggurat
242325 | Zig:19   | Paralysed by a floating eye for 2 turns
242329 | Zig:19   | Noticed an ancient lich
242329 | Zig:19   | Noticed an ancient lich
242338 | Zig:19   | Noticed an ancient lich
242340 | Zig:19   | Killed an ancient lich
242342 | Zig:19   | Noticed an ancient lich
242342 | Zig:19   | Noticed an ancient lich
242342 | Zig:19   | Noticed an ancient lich
242343 | Zig:19   | Noticed an ancient lich
242344 | Zig:19   | Noticed an ancient lich
242345 | Zig:19   | Killed an ancient lich
242345 | Zig:19   | Killed an ancient lich
242345 | Zig:19   | Killed an ancient lich
242345 | Zig:19   | Killed an ancient lich
242346 | Zig:19   | Killed an ancient lich
242347 | Zig:19   | Killed an ancient lich
242348 | Zig:19   | Noticed an ancient lich
242349 | Zig:19   | Noticed an ancient lich
242353 | Zig:19   | Noticed an ancient lich
242353 | Zig:19   | Killed an ancient lich
242354 | Zig:19   | Noticed an ancient lich
242357 | Zig:19   | Reached skill level 18 in Maces & Flails
242357 | Zig:19   | Reached skill level 18 in Staves
242358 | Zig:19   | Killed an ancient lich
242358 | Zig:19   | Killed an ancient lich
242358 | Zig:19   | Killed an ancient lich
242358 | Zig:19   | Killed an ancient lich
242359 | Zig:19   | Reached skill level 18 in Short Blades
242359 | Zig:19   | Reached skill level 18 in Polearms
242361 | Zig:19   | Found the macabre finger necklace {rN+}
242706 | Zig:20   | Entered Level 20 of a ziggurat
242737 | Zig:20   | Found the +8 whip "Snakebite" {curare, rPois}
243075 | Zig:20   | Identified Sif Muna's Collected Works on Displacement and
                  | Stones
243114 | Zig:20   | Identified Ufuruby's Almanac of Ashen Transformation
243141 | Zig:20   | Got a smoking steel ring
243143 | Zig:20   | Identified the ring "Dionelui" {Will++ rCorr} (You found it
                  | on level 20 of a ziggurat)
243159 | Zig:20   | Got an encrusted fustibalus
243159 | Zig:20   | Identified the +2 fustibalus "Xopnicuc" {flame, *Corrode
                  | +Inv Str+3 SInv} (You found it on level 20 of a ziggurat)
243163 | Zig:20   | Got a twisted war axe
243163 | Zig:20   | Identified the +12 war axe of Purpose {vorpal, rC++ SInv}
                  | (You found it on level 20 of a ziggurat)
243189 | Zig:21   | Entered Level 21 of a ziggurat
243198 | Zig:21   | Noticed an orb of fire
243200 | Zig:21   | Noticed an orb of fire
243203 | Zig:21   | Noticed an orb of fire
243203 | Zig:21   | Noticed an orb of fire
243204 | Zig:21   | Noticed an orb of fire
243204 | Zig:21   | Noticed an orb of fire
243204 | Zig:21   | Noticed an orb of fire
243204 | Zig:21   | Noticed an orb of fire
243204 | Zig:21   | Noticed an orb of fire
243204 | Zig:21   | Noticed an orb of fire
243204 | Zig:21   | Noticed an orb of fire
243204 | Zig:21   | Noticed an orb of fire
243204 | Zig:21   | Noticed an orb of fire
243204 | Zig:21   | Noticed an orb of fire
243204 | Zig:21   | Noticed an orb of fire
243204 | Zig:21   | Noticed an orb of fire
243204 | Zig:21   | Noticed an orb of fire
243204 | Zig:21   | Noticed an orb of fire
243204 | Zig:21   | Noticed an orb of fire
243204 | Zig:21   | Noticed an orb of fire
243207 | Zig:21   | Noticed an orb of fire
243207 | Zig:21   | Noticed an orb of fire
243208 | Zig:21   | Reached skill level 26 in Axes
243209 | Zig:21   | Killed an orb of fire
243210 | Zig:21   | Killed an orb of fire
243210 | Zig:21   | Killed an orb of fire
243210 | Zig:21   | Killed an orb of fire
243211 | Zig:21   | Killed an orb of fire
243211 | Zig:21   | Killed an orb of fire
243211 | Zig:21   | Killed an orb of fire
243211 | Zig:21   | Killed an orb of fire
243211 | Zig:21   | Killed an orb of fire
243211 | Zig:21   | Killed an orb of fire
243211 | Zig:21   | Killed an orb of fire
243211 | Zig:21   | Killed an orb of fire
243211 | Zig:21   | Killed an orb of fire
243211 | Zig:21   | Killed an orb of fire
243211 | Zig:21   | Killed an orb of fire
243212 | Zig:21   | Killed an orb of fire
243212 | Zig:21   | Killed an orb of fire
243212 | Zig:21   | Killed an orb of fire
243212 | Zig:21   | Noticed an orb of fire
243213 | Zig:21   | Reached skill level 24 in Long Blades
243213 | Zig:21   | Killed an orb of fire
243213 | Zig:21   | Killed an orb of fire
243213 | Zig:21   | Killed an orb of fire
243214 | Zig:21   | Reached skill level 20 in Maces & Flails
243214 | Zig:21   | Reached skill level 20 in Staves
243216 | Zig:21   | Noticed an orb of fire
243217 | Zig:21   | Noticed an orb of fire
243217 | Zig:21   | Noticed an orb of fire
243217 | Zig:21   | Noticed an orb of fire
243218 | Zig:21   | Noticed an orb of fire
243219 | Zig:21   | Killed an orb of fire
243220 | Zig:21   | Reached skill level 20 in Short Blades
243220 | Zig:21   | Reached skill level 20 in Polearms
243220 | Zig:21   | Noticed an orb of fire
243225 | Zig:21   | Killed an orb of fire
243226 | Zig:21   | Killed an orb of fire
243226 | Zig:21   | Killed an orb of fire
243226 | Zig:21   | Killed an orb of fire
243226 | Zig:21   | Killed an orb of fire
243227 | Zig:21   | Killed an orb of fire
243227 | Zig:21   | Killed an orb of fire
243294 | Zig:21   | Identified the Handbook of Twisted Evil Arts
243470 | Zig:21   | Identified the Handbook of Attacks and Dark Secrets
243481 | Zig:21   | Got a shimmering glass ring
243483 | Zig:21   | Identified the ring "Deaschenk" {*Drain EV+4 Str+4 Int+2}
                  | (You found it on level 21 of a ziggurat)
243513 | Zig:21   | Identified the ring of Xaraptia {+Fly Dex+5} (You found it
                  | on level 21 of a ziggurat)
243516 | Zig:21   | Identified the Incunabulum of Distant Shores
243608 | Zig:22   | Entered Level 22 of a ziggurat
243616 | Zig:22   | Noticed a royal mummy
243616 | Zig:22   | Noticed a royal mummy
243616 | Zig:22   | Noticed a royal mummy
243617 | Zig:22   | Noticed a royal mummy
243618 | Zig:22   | Noticed a royal mummy
243618 | Zig:22   | Noticed a royal mummy
243620 | Zig:22   | Noticed a royal mummy
243620 | Zig:22   | Noticed a royal mummy
243621 | Zig:22   | Killed a royal mummy
243621 | Zig:22   | Noticed a royal mummy
243625 | Zig:22   | Noticed a royal mummy
243627 | Zig:22   | Noticed a royal mummy
243627 | Zig:22   | Noticed a royal mummy
243627 | Zig:22   | Noticed a royal mummy
243627 | Zig:22   | Noticed a royal mummy
243627 | Zig:22   | Noticed a royal mummy
243627 | Zig:22   | Noticed a royal mummy
243628 | Zig:22   | Noticed a royal mummy
243628 | Zig:22   | Noticed a royal mummy
243628 | Zig:22   | Noticed a royal mummy
243628 | Zig:22   | Noticed a royal mummy
243630 | Zig:22   | Noticed a royal mummy
243631 | Zig:22   | Noticed a royal mummy
243631 | Zig:22   | Noticed a royal mummy
243632 | Zig:22   | Noticed a royal mummy
243632 | Zig:22   | Killed a royal mummy
243632 | Zig:22   | Killed a royal mummy
243632 | Zig:22   | Killed a royal mummy
243632 | Zig:22   | Killed a royal mummy
243632 | Zig:22   | Killed a royal mummy
243632 | Zig:22   | Noticed a royal mummy
243632 | Zig:22   | Noticed a royal mummy
243633 | Zig:22   | Killed a royal mummy
243633 | Zig:22   | Killed a royal mummy
243633 | Zig:22   | Killed a royal mummy
243633 | Zig:22   | Killed a royal mummy
243633 | Zig:22   | Killed a royal mummy
243633 | Zig:22   | Killed a royal mummy
243633 | Zig:22   | Killed a royal mummy
243633 | Zig:22   | Killed a royal mummy
243633 | Zig:22   | Killed a royal mummy
243633 | Zig:22   | Killed a royal mummy
243633 | Zig:22   | Killed a royal mummy
243633 | Zig:22   | Killed a royal mummy
243633 | Zig:22   | Noticed a royal mummy
243634 | Zig:22   | Killed a royal mummy
243635 | Zig:22   | Killed a royal mummy
243635 | Zig:22   | Noticed a royal mummy
243636 | Zig:22   | Noticed a royal mummy
243636 | Zig:22   | Noticed a royal mummy
243636 | Zig:22   | Noticed a royal mummy
243636 | Zig:22   | Noticed a royal mummy
243637 | Zig:22   | Killed a royal mummy
243638 | Zig:22   | Reached skill level 27 in Axes
243642 | Zig:22   | Noticed a royal mummy
243643 | Zig:22   | Found the +8 autumn katana {vorpal, Clar}
243646 | Zig:22   | Noticed a royal mummy
243647 | Zig:22   | Found the +4 dagger "Morg" {pain, Will+ Int+5}
243647 | Zig:22   | Killed a royal mummy
243647 | Zig:22   | Killed a royal mummy
243647 | Zig:22   | Killed a royal mummy
243647 | Zig:22   | Killed a royal mummy
243647 | Zig:22   | Killed a royal mummy
243647 | Zig:22   | Killed a royal mummy
243647 | Zig:22   | Killed a royal mummy
243647 | Zig:22   | Killed a royal mummy
243647 | Zig:22   | Killed a royal mummy
243647 | Zig:22   | Noticed a royal mummy
243648 | Zig:22   | Killed a royal mummy
243648 | Zig:22   | Killed a royal mummy
243648 | Zig:22   | Noticed a royal mummy
243649 | Zig:22   | Killed a royal mummy
243649 | Zig:22   | Noticed a royal mummy
243650 | Zig:22   | Noticed a royal mummy
243655 | Zig:22   | Killed a royal mummy
243655 | Zig:22   | Killed a royal mummy
243656 | Zig:22   | Killed a royal mummy
243656 | Zig:22   | Killed a royal mummy
243964 | Zig:22   | Identified the Tome of Flames and Cold
243976 | Zig:22   | Identified the ring "Naethia" {rPois rC+ MP+9 Str+5 Slay-6}
                  | (You found it on level 22 of a ziggurat)
244181 | Zig:23   | Entered Level 23 of a ziggurat
244189 | Zig:23   | Noticed a royal mummy
244190 | Zig:23   | Noticed a royal mummy
244190 | Zig:23   | Noticed a royal mummy
244190 | Zig:23   | Noticed a royal mummy
244191 | Zig:23   | Noticed a royal mummy
244192 | Zig:23   | Noticed a royal mummy
244192 | Zig:23   | Noticed a royal mummy
244194 | Zig:23   | Noticed a royal mummy
244194 | Zig:23   | Noticed a royal mummy
244195 | Zig:23   | Noticed a royal mummy
244195 | Zig:23   | Noticed a royal mummy
244195 | Zig:23   | Noticed a royal mummy
244195 | Zig:23   | Noticed a royal mummy
244195 | Zig:23   | Noticed a royal mummy
244195 | Zig:23   | Noticed a royal mummy
244195 | Zig:23   | Noticed a royal mummy
244195 | Zig:23   | Noticed a royal mummy
244195 | Zig:23   | Noticed a royal mummy
244195 | Zig:23   | Noticed a royal mummy
244195 | Zig:23   | Noticed a royal mummy
244195 | Zig:23   | Noticed a royal mummy
244197 | Zig:23   | Noticed a royal mummy
244197 | Zig:23   | Noticed a royal mummy
244198 | Zig:23   | Killed a royal mummy
244198 | Zig:23   | Killed a royal mummy
244198 | Zig:23   | Killed a royal mummy
244198 | Zig:23   | Killed a royal mummy
244198 | Zig:23   | Killed a royal mummy
244198 | Zig:23   | Killed a royal mummy
244198 | Zig:23   | Killed a royal mummy
244198 | Zig:23   | Killed a royal mummy
244198 | Zig:23   | Killed a royal mummy
244198 | Zig:23   | Killed a royal mummy
244198 | Zig:23   | Killed a royal mummy
244198 | Zig:23   | Noticed a royal mummy
244199 | Zig:23   | Killed a royal mummy
244199 | Zig:23   | Killed a royal mummy
244199 | Zig:23   | Noticed a royal mummy
244199 | Zig:23   | Noticed a royal mummy
244199 | Zig:23   | Noticed a royal mummy
244200 | Zig:23   | Killed a royal mummy
244200 | Zig:23   | Killed a royal mummy
244200 | Zig:23   | Killed a royal mummy
244200 | Zig:23   | Killed a royal mummy
244200 | Zig:23   | Killed a royal mummy
244200 | Zig:23   | Noticed a royal mummy
244201 | Zig:23   | Noticed a royal mummy
244201 | Zig:23   | Noticed a royal mummy
244201 | Zig:23   | Noticed a royal mummy
244202 | Zig:23   | Noticed a royal mummy
244202 | Zig:23   | Noticed a royal mummy
244203 | Zig:23   | Noticed a royal mummy
244203 | Zig:23   | Noticed a royal mummy
244204 | Zig:23   | Noticed a royal mummy
244204 | Zig:23   | Noticed a royal mummy
244205 | Zig:23   | Noticed a royal mummy
244206 | Zig:23   | Killed a royal mummy
244206 | Zig:23   | Killed a royal mummy
244206 | Zig:23   | Killed a royal mummy
244206 | Zig:23   | Killed a royal mummy
244206 | Zig:23   | Killed a royal mummy
244206 | Zig:23   | Killed a royal mummy
244206 | Zig:23   | Noticed a royal mummy
244206 | Zig:23   | Noticed a royal mummy
244207 | Zig:23   | Killed a royal mummy
244207 | Zig:23   | Killed a royal mummy
244207 | Zig:23   | Killed a royal mummy
244207 | Zig:23   | Killed a royal mummy
244207 | Zig:23   | Killed a royal mummy
244207 | Zig:23   | Killed a royal mummy
244207 | Zig:23   | Killed a royal mummy
244207 | Zig:23   | Killed a royal mummy
244207 | Zig:23   | Killed a royal mummy
244208 | Zig:23   | Killed a royal mummy
244208 | Zig:23   | Killed a royal mummy
244208 | Zig:23   | Killed a royal mummy
244208 | Zig:23   | Killed a royal mummy
244209 | Zig:23   | Reached skill level 26 in Long Blades
244209 | Zig:23   | Noticed a royal mummy
244210 | Zig:23   | Noticed a royal mummy
244212 | Zig:23   | Noticed a royal mummy
244213 | Zig:23   | Killed a royal mummy
244213 | Zig:23   | Killed a royal mummy
244213 | Zig:23   | Killed a royal mummy
244214 | Zig:23   | Killed a royal mummy
244216 | Zig:23   | Killed a royal mummy
244216 | Zig:23   | Killed a royal mummy
244696 | Zig:23   | Identified the ring "Ruploba" {rF+ EV+4} (You found it on
                  | level 23 of a ziggurat)
244702 | Zig:23   | Identified the ring of Laci {rN+ Str+6 Int+2} (You found it
                  | on level 23 of a ziggurat)
244723 | Zig:23   | Identified the ring of Puxir {rF- rC+ Str+8 SInv Stlth+}
                  | (You found it on level 23 of a ziggurat)
244739 | Zig:24   | Entered Level 24 of a ziggurat
244758 | Zig:24   | Noticed Qeruacak the pandemonium lord
244758 | Zig:24   | Noticed Tyfiuh the pandemonium lord
244759 | Zig:24   | Noticed Puipsut the pandemonium lord
244759 | Zig:24   | Noticed Miulitaso the pandemonium lord
244759 | Zig:24   | Noticed Daorphiv the pandemonium lord
244759 | Zig:24   | Noticed Uraorusa the pandemonium lord
244760 | Zig:24   | Noticed Eggom the pandemonium lord
244760 | Zig:24   | Noticed Atuhiwa the pandemonium lord
244760 | Zig:24   | Noticed Tynae the pandemonium lord
244761 | Zig:24   | Noticed Yfere the pandemonium lord
244761 | Zig:24   | Noticed Worim the pandemonium lord
244762 | Zig:24   | Noticed Koyn the pandemonium lord
244762 | Zig:24   | Noticed Juitwiti the pandemonium lord
244762 | Zig:24   | Noticed Vawarusk the pandemonium lord
244763 | Zig:24   | Noticed Rionac the pandemonium lord
244763 | Zig:24   | Noticed Viudeamn the pandemonium lord
244763 | Zig:24   | Noticed Jedymn the pandemonium lord
244764 | Zig:24   | Noticed Ovuyhat the pandemonium lord
244764 | Zig:24   | Noticed Qopirchaa the pandemonium lord
244764 | Zig:24   | Noticed Daggikh the pandemonium lord
244764 | Zig:24   | Noticed Etyenk the pandemonium lord
244767 | Zig:24   | Noticed Veom the pandemonium lord
244768 | Zig:24   | Noticed Xatopemu the pandemonium lord
244771 | Zig:24   | Noticed Xopygaush the pandemonium lord
244772 | Zig:24   | Noticed Ducimisy the pandemonium lord
244773 | Zig:24   | Noticed Intuch the pandemonium lord
244774 | Zig:24   | Noticed Bypreer the pandemonium lord
244774 | Zig:24   | Noticed Uze Kuxt the pandemonium lord
244775 | Zig:24   | Noticed Ylamom the pandemonium lord
244775 | Zig:24   | Noticed Vycolunu the pandemonium lord
244775 | Zig:24   | Noticed Gios the pandemonium lord
244775 | Zig:24   | Noticed Beba Fuu the pandemonium lord
244779 | Zig:24   | Noticed Tixtagih the pandemonium lord
244780 | Zig:24   | Noticed Laorah the pandemonium lord
244781 | Zig:24   | Killed Uraorusa the pandemonium lord
244782 | Zig:24   | Noticed Qoucs the pandemonium lord
244785 | Zig:24   | Noticed Osit the pandemonium lord
244787 | Zig:24   | Noticed Maab the pandemonium lord
244797 | Zig:24   | Killed Yfere the pandemonium lord
244805 | Zig:24   | Killed Eggom the pandemonium lord
244809 | Zig:24   | Killed Rionac the pandemonium lord
244810 | Zig:24   | Killed Juitwiti the pandemonium lord
244812 | Zig:24   | Killed Viudeamn the pandemonium lord
244813 | Zig:24   | Killed Miulitaso the pandemonium lord
244816 | Zig:24   | Killed Qopirchaa the pandemonium lord
244816 | Zig:24   | Killed Etyenk the pandemonium lord
244816 | Zig:24   | Killed Tyfiuh the pandemonium lord
244816 | Zig:24   | Killed Gios the pandemonium lord
244816 | Zig:24   | Noticed Ybapsez the pandemonium lord
244832 | Zig:24   | Killed Vawarusk the pandemonium lord
244841 | Zig:24   | Killed Puipsut the pandemonium lord
244841 | Zig:24   | Killed Jedymn the pandemonium lord
244843 | Zig:24   | Noticed Qemess the pandemonium lord
244846 | Zig:24   | Noticed Ofreup the pandemonium lord
244847 | Zig:24   | Killed Xatopemu the pandemonium lord
244847 | Zig:24   | Killed Uze Kuxt the pandemonium lord
244847 | Zig:24   | Killed Worim the pandemonium lord
244847 | Zig:24   | Killed Ybapsez the pandemonium lord
244847 | Zig:24   | Killed Tynae the pandemonium lord
244847 | Zig:24   | Noticed Ijogaa the pandemonium lord
244848 | Zig:24   | Killed Veom the pandemonium lord
244848 | Zig:24   | Killed Daorphiv the pandemonium lord
244848 | Zig:24   | Killed Qoucs the pandemonium lord
244848 | Zig:24   | Killed Beba Fuu the pandemonium lord
244848 | Zig:24   | Killed Maab the pandemonium lord
244848 | Zig:24   | Killed Atuhiwa the pandemonium lord
244848 | Zig:24   | Killed Vycolunu the pandemonium lord
244850 | Zig:24   | Killed Laorah the pandemonium lord
244850 | Zig:24   | Killed Ofreup the pandemonium lord
244850 | Zig:24   | Killed Ijogaa the pandemonium lord
244851 | Zig:24   | Killed Qemess the pandemonium lord
244851 | Zig:24   | Killed Ylamom the pandemonium lord
244851 | Zig:24   | Noticed Goatap the pandemonium lord
244852 | Zig:24   | Killed Tixtagih the pandemonium lord
244852 | Zig:24   | Killed Ovuyhat the pandemonium lord
244852 | Zig:24   | Killed Qeruacak the pandemonium lord
244852 | Zig:24   | Noticed Haejann the pandemonium lord
244853 | Zig:24   | Noticed Yguuno the pandemonium lord
244856 | Zig:24   | Killed Intuch the pandemonium lord
244857 | Zig:24   | Noticed Zomit the pandemonium lord
244858 | Zig:24   | Noticed Taicei the pandemonium lord
244858 | Zig:24   | Killed Zomit the pandemonium lord
244859 | Zig:24   | Killed Ducimisy the pandemonium lord
244861 | Zig:24   | Noticed Ecvigumm the pandemonium lord
244880 | Zig:24   | Found the +7 sceptre of Torment {pain, torment}
244903 | Zig:24   | Killed Goatap the pandemonium lord
244904 | Zig:24   | Killed Koyn the pandemonium lord
244904 | Zig:24   | Noticed Ompoib the pandemonium lord
244905 | Zig:24   | Killed Yguuno the pandemonium lord
244908 | Zig:24   | Killed Ompoib the pandemonium lord
244908 | Zig:24   | Killed Daggikh the pandemonium lord
244916 | Zig:24   | Killed Haejann the pandemonium lord
244922 | Zig:24   | Killed Xopygaush the pandemonium lord
244940 | Zig:24   | Killed Osit the pandemonium lord
244941 | Zig:24   | Killed Bypreer the pandemonium lord
244942 | Zig:24   | Killed Ecvigumm the pandemonium lord
244943 | Zig:24   | Killed Taicei the pandemonium lord
245190 | Zig:24   | Identified the Grimoire of Unstable Envenoming
245205 | Zig:24   | Identified Yryra's Tome of Creative Poison
245207 | Zig:24   | Identified the Grimoire of Confrontation
245322 | Zig:25   | Entered Level 25 of a ziggurat
245339 | Zig:25   | Reached skill level 27 in Long Blades
245342 | Zig:25   | Reached skill level 24 in Short Blades
245342 | Zig:25   | Reached skill level 24 in Maces & Flails
245342 | Zig:25   | Reached skill level 24 in Polearms
245342 | Zig:25   | Reached skill level 24 in Staves
245594 | Zig:25   | Identified the Grimoire of Ashen Evil Rites
245596 | Zig:25   | Identified the Papyrus of the Voyage and the Volcanoes
245601 | Zig:25   | Identified the amulet of Avif {Spirit rPois rC+ MP+9 Dex+4}
                  | (You found it on level 25 of a ziggurat)
245602 | Zig:25   | Identified the Reference Book on Floating Arcane Weapons
245610 | Zig:25   | Identified Sif Muna's Tome of Hurtful Stones
245613 | Zig:25   | Identified the ring of Decut {Will+ rCorr Slay+2} (You
                  | found it on level 25 of a ziggurat)
245688 | Zig:25   | Identified Cigotuvi's Grimoire of Darkness and
                  | Transmigration
245922 | Zig:26   | Entered Level 26 of a ziggurat
245937 | Zig:26   | Noticed a juggernaut
245937 | Zig:26   | Noticed a juggernaut
245939 | Zig:26   | Noticed a juggernaut
245945 | Zig:26   | Noticed a juggernaut
245945 | Zig:26   | Noticed a juggernaut
245946 | Zig:26   | Noticed a juggernaut
245946 | Zig:26   | Noticed a juggernaut
245946 | Zig:26   | Noticed a juggernaut
245947 | Zig:26   | Noticed a juggernaut
245947 | Zig:26   | Noticed a juggernaut
245949 | Zig:26   | Killed a juggernaut
245949 | Zig:26   | Killed a juggernaut
245949 | Zig:26   | Killed a juggernaut
245949 | Zig:26   | Killed a juggernaut
245949 | Zig:26   | Killed a juggernaut
245950 | Zig:26   | Noticed a juggernaut
245952 | Zig:26   | Noticed a juggernaut
245952 | Zig:26   | Noticed a juggernaut
245952 | Zig:26   | Noticed a juggernaut
245952 | Zig:26   | Noticed a juggernaut
245952 | Zig:26   | Killed a juggernaut
245953 | Zig:26   | Noticed a juggernaut
245956 | Zig:26   | Noticed a juggernaut
245956 | Zig:26   | Killed a juggernaut
245956 | Zig:26   | Killed a juggernaut
245956 | Zig:26   | Killed a juggernaut
245956 | Zig:26   | Killed a juggernaut
245956 | Zig:26   | Killed a juggernaut
245957 | Zig:26   | Noticed a juggernaut
245958 | Zig:26   | Killed a juggernaut
245958 | Zig:26   | Killed a juggernaut
245958 | Zig:26   | Killed a juggernaut
245958 | Zig:26   | Killed a juggernaut
245958 | Zig:26   | Killed a juggernaut
245958 | Zig:26   | Killed a juggernaut
245960 | Zig:26   | Killed a juggernaut
245960 | Zig:26   | Killed a juggernaut
245961 | Zig:26   | Noticed a juggernaut
245962 | Zig:26   | Noticed a juggernaut
245962 | Zig:26   | Noticed a juggernaut
245963 | Zig:26   | Noticed a juggernaut
245964 | Zig:26   | Noticed a juggernaut
245965 | Zig:26   | Noticed a juggernaut
245967 | Zig:26   | Killed a juggernaut
245967 | Zig:26   | Killed a juggernaut
245967 | Zig:26   | Killed a juggernaut
245967 | Zig:26   | Killed a juggernaut
245967 | Zig:26   | Killed a juggernaut
245969 | Zig:26   | Killed a juggernaut
245970 | Zig:26   | Found the +8 Wrath of Trog {antimagic, *Rage}
245994 | Zig:26   | Identified the +4 pair of gloves of Vehumet's Envy {rElec
                  | MP+9 Int-4} (You found it on level 26 of a ziggurat)
246357 | Zig:26   | Identified the Volume of the Gravedigger
246480 | Zig:26   | Got a jewelled scimitar
246480 | Zig:26   | Identified the +6 scimitar "Muzoiq" {vorpal, Str+2 Dex+4}
                  | (You found it on level 26 of a ziggurat)
246514 | Zig:27   | Entered Level 27 of a ziggurat
246539 | Zig:27   | Reached skill level 26 in Maces & Flails
246540 | Zig:27   | Reached skill level 26 in Polearms
246540 | Zig:27   | Reached skill level 26 in Staves
246543 | Zig:27   | Reached skill level 26 in Short Blades
246557 | Zig:27   | Found the +10 dark maul {vorpal}
246558 | Zig:27   | Found the cursed necklace of Bloodlust {*Rage +Rage Will++
                  | Int-3 Slay+6 *Curse}
246558 | Zig:27   | Found the +6 shillelagh "Devastator" {shatter}
247217 | Zig:27   | Identified the ring "Lecyella" {+Inv rElec rN+ Dex+2} (You
                  | found it on level 27 of a ziggurat)
247264 | Hell     | Upgraded the game from 0.27-a0-34-gc18c9092ac to
                  | 0.27-a0-40-g5f2be0e231
247629 | Zot:5    | Got the Orb of Zot
247888 | Depths:3 | Noticed Toppecure the pandemonium lord
247896 | Depths:3 | Killed Toppecure the pandemonium lord
248124 | D:11     | Noticed Otrut the pandemonium lord
248133 | D:11     | Killed Otrut the pandemonium lord
248429 | D:1      | Noticed Waina Kott the pandemonium lord
248438 | D:1      | Killed Waina Kott the pandemonium lord
248516 | D:$      | Escaped with the Orb!

Illustrated notes

Levels and vault maps discovered:
D:1:      dpeg_arrival_concentric_ovals, layout_loops_corners
D:2:      layout_basic, chequers_mini_garden
D:3:      layout_rooms, nicolae_overflow_hidden_temple, marbit_many_paths,
          elyvilon_altar_1, bloody_trog
D:4:      layout_gridville, serial_shops, nicolae_shop_behind_doors,
          uniq_natasha
D:5:      layout_rooms, fedhas_bush_and_centaur_altar
D:6:      layout_loops_ring, nicolae_dithmenos_through_a_glass_darkly,
          minmay_temple_entry_junction_2, serial_shops, shop,
          nicolae_shop_waterfront, nicolae_shop_competitors_out_of_business,
          kennysheep_mini_moat, shop, gup_sewer_entry_glass, okawaru_trees_2
D:7:      layout_basic, ashenzari_conservatory_becter,
          hangedman_abyss_or_decor_stabs
D:8:      layout_basic, guppyfry_shop_venom, uniq_grum
D:9:      layout_basic, vehumet_crystals, hex_large, grunt_ministairs_10
D:10:     layout_irregular_city, erik_lair_dragon, orc_0_dummy, basic_altar,
          serial_shops, shop, nicolae_shop_trees, kennysheep_mini, st_stairs_6
D:11:     fort_yaktaur, layout_irregular_city, billiards_dpeg
D:12:     layout_irregular_city
D:13:     layout_gridville
D:14:     layout_stronghold, skrybe_vaults_entry_preservation,
          minmay_staircase_windowed_large, uniq_nessos
D:15:     grunt_enter_depths_hoard, layout_basic, minmay_misc_feat_secret_circle
Temple:   dshaligram_water_room_temple
Lair:1:   layout_loops_ring, grunt_megastairs_1, lemuel_fruit_tree,
          lemuel_fruit_fields, uniq_erica
Lair:2:   layout_cellular_growth, dummy_snake_entry, gauntlet_entry_generic,
          lemuel_fruit_fields
Lair:3:   layout_regular_city, serial_bayou_shore_a
Lair:4:   layout_roguey, elwin_shoals_entry_stream, ebering_ghost_xom,
          grunt_megastairs_4, uniq_josephine, uniq_kirke
Lair:5:   layout_cave_pods, dpeg_slime_entry_corner,
          gammafunk_ghost_berserking_beasts, nicolae_quartered_pool_little,
          grunt_megastairs_2
Lair:6:   minmay_lair_end_frog_pond, layout_loops_ring, kennysheep_rathole
Shoals:1: layout_shoals, nzn_prometheus_bound
Shoals:2: layout_shoals, serial_shops, nicolae_shop_crystal, st_shoals_ruin,
          uniq_donald, uniq_ilsuiw
Shoals:3: cheibrodos_shoals_epimethial_gifts, layout_shoals,
          nicolae_shoals_mertower
Shoals:4: shoals_end_hangedman, layout_shoals, hangedman_feature_mirror
Snake:1:  layout_onion, grunt_ministairs_10, uniq_jorgrun
Snake:2:  layout_onion_interference, hangedman_snake_corridor_split
Snake:3:  layout_misc_corridors, minmay_shop_grove
Snake:4:  snake_pit_salamanders_mu, layout_onion, special_room,
          minmay_shoptagon, uniq_nikola
Slime:1:  cheibrodos_slime_lost_civilization_3, layout_caves
Slime:2:  layout_caves
Slime:3:  layout_caves
Slime:4:  layout_caves
Slime:5
Orc:1:    layout_diamond_mine, serial_shops, nicolae_shop_statue_plus
Orc:2:    st_orc_elflike, layout_caves
Elf:1:    layout_loops_ring, hangedman_elven_crosses_minicolossus,
          grunt_ministairs_4, uniq_azrael
Elf:2:    layout_geoelf_diagonals, ebering_ghost_disaster_area, uniq_louise
Elf:3:    grunt_elf_hall_spiral, layout_gridlike, basic_altar, drop_trap,
          minmay_misc_feat_five, uniq_aizul
Vaults:1: ebering_vaults_ghost_reflecting_pool,
          nicolae_vaults_inception_scallops, nicolae_vaults_disjoint_gnomons,
          v_pattern_3, vaults_room_hallway, hangedman_vaults_stagger,
          grunt_vaults_bifocal, v_misc_14, v_misc_19, hangedman_vaults_trim,
          vaults_room_grunt_arrival_ludios, layout_vaults_ring, serial_shops,
          shop, portal_desolation_entry_nicolae_slug
Vaults:2: vaults_room_boxed, v_misc_12, minmay_crypt_entry_simple_round,
          grunt_tower_of_power, nicolae_vaults_asterisk,
          nicolae_vaults_sealed_display, hangedman_vaults_nodes, v_pattern_5,
          dpeg_vaults_monster_box, layout_vaults_omnigrid, serial_shops, shop,
          nicolae_shop_crystal, nicolae_shop_overgrown_old_shop,
          nicolae_shop_statue_plus, nicolae_shop_behind_doors
Vaults:3: advil_vaults_ghost_guards, vaults_dpeg_cross, v_misc_4, st_lines,
          vaults_mumra_minichess_inversion, nicolae_vaults_little_squares_2,
          ontoclasm_vaults_pinch, nicolae_vaults_ring_of_whatevers,
          vaults_mumra_chevron, vaults_room_fours, layout_vaults_chaotic_city,
          uniq_margery
Vaults:4: v_misc_22, dpeg_vaults_waves, hangedman_vaults_trim,
          nicolae_vaults_alarming, v_misc_33, nicolae_vaults_circle_grid_a,
          nicolae_vaults_yaktaur_gun_rack, v_pattern_4,
          nicolae_vaults_shelves_hall, v_misc_4, v_misc_14,
          nicolae_vaults_gold_heap, layout_vaults_maze_bifur, serial_shops,
          shop, uniq_sojobo
Vaults:5: serial_shops
Crypt:1:  layout_rooms, grunt_ministairs_12, uniq_mara, uniq_boris,
          uniq_bai_suzhen
Crypt:2:  layout_basic, lemuel_mausoleum_altar_kikubaaqudgha,
          roderic_lattice_octagonal_star, uniq_jory
Crypt:3:  church_of_pain_bobbens, layout_chaotic_city,
          nicolae_tomb_entry_unfolded_pyramid_diagonal, minmay_misc_feat_hallway
Tomb:1
Tomb:2:   uniq_mennas
Tomb:3
Depths:1: layout_twisted_cross, abyss_entry, grunt_pan_entry_sceptre,
          pf_coc_iceberg, serial_shops, shop_fountains,
          kennysheep_generic_room_15, minmay_shop_star
Depths:2: minmay_the_grid_four_pointed_star_mashed
          [minmay_the_grid_triangle_9x9_warning,
          minmay_the_grid_triangle_9x9_zippers_vertical,
          minmay_the_grid_triangle_9x9_corrupted_corridor,
          minmay_the_grid_triangle_9x9_limited_checkers,
          minmay_the_grid_prize_four_corners_diamond_b], layout_gridlike,
          hellmouth_1, kennysheep_small_spiral, minivault_14,
          onia_ninara_cookie, infiniplex_staircase_pillars_1,
          serial_bayou_shore_b
Depths:3: kb_forest_paths, layout_basic, pf_vacation_house_of_asmodeus,
          rand_demon_pan_entry_8, minmay_crystal_water, minmay_staircase_bubble
Depths:4: minmay_complete_graph, layout_long_grid, enter_ziggurat_b,
          grunt_hell_entry_dis_mu, abyss_entry_glasseish, serial_sigils,
          serial_sigils_hangedman_carve, serial_sigils_hangedman_scratch,
          serial_sigils_hangedman_confine, serial_sigils_hangedman_leer,
          serial_shops, nicolae_shop_behind_doors, nicolae_shop_waterfront,
          shop, shop
Depths:5: grunt_zot_entry_gee_three, layout_long_grid, solitary_fountain,
          hell_entry, serial_shops, shop
Hell
Dis:1:    layout_regular_city
Dis:2:    layout_chaotic_city
Dis:3:    layout_regular_city, nicolae_dis_hell_towers
Dis:4:    lemuel_mystery_crypt, layout_overlapping_boxes
Dis:5:    layout_subdivisions
Dis:6:    layout_subdivisions, grunt_dis_stairs_iron_hall
Dis:7:    iron_city_of_dis [dis_grunt, dis_wall_8], layout_chaotic_city
Geh:1:    layout_gehenna_lava_caves
Geh:2:    layout_gehenna_pools_basic, nicolae_geh_sunburst
Geh:4:    layout_gehenna_pools_box, nicolae_geh_single_fiery_grave
Geh:5:    layout_gehenna_pools_box
Geh:6:    layout_gehenna_lava_caves, gehenna_fire_generator
Geh:7:    geh_hangedman
Coc:1:    grunt_deathspiral_small, layout_cocytus_water_paths
Coc:2:    layout_ice_bergs
Coc:3:    layout_ice_bergs
Coc:4:    layout_cocytus_water_paths
Coc:5:    layout_cocytus_water_paths
Coc:6:    layout_ice_bergs
Coc:7:    coc_mu
Tar:1:    layout_cathedral_of_symmetry
Tar:2:    layout_grid_maze
Tar:3:    layout_grid_maze, lemuel_elevator
Tar:4:    layout_cathedral_of_symmetry
Tar:5:    layout_grid_maze, grunt_megastairs_5
Tar:6:    layout_catacombs, lemuel_elevator
Tar:7:    tar_mu [tar_mu_maze]
Zot:1:    kennysheep_ambush_hall, layout_basic
Zot:2:    layout_gridlike
Zot:3:    layout_misc_corridors, hangedman_elemental_grid_stream
Zot:4:    layout_onion_interference
Zot:5:    layout_onion, grunt_ministairs_6, hangedman_zot_decor_scrapings

Skill      XL: |  1  2  3  4  5  6  7  8  9 10 11 12 13 14 15 16 17 18 19 20 21 22 23 24 25 26 27 |
---------------+----------------------------------------------------------------------------------+-----
Ice Magic      | 4 5 6 7 8 9 10 11 12 14 27 | 27.0
Spellcasting   | 3 4 5 6 7 9 10 11 12 13 14 15 16 17 18 19 27 | 27.0
Armour         | 2 6 8 9 10 14 27 | 27.0
Shields        | 2 4 6 8 10 14 15 27 | 27.0
Necromancy     | 6 9 10 27 | 27.0
Long Blades    | 5 7 9 10 11 12 13 14 27 | 27.0
Earth Magic    | 5 7 9 10 11 12 13 14 16 17 19 20 21 22 27 | 27.0
Fighting       | 4 7 9 10 11 12 15 16 17 27 | 27.0
Conjurations   | 3 6 27 | 27.0
Dodging        | 5 7 9 10 27 | 27.0
Fire Magic     | 27 | 27.0
Summonings     | 27 | 27.0
Stealth        | 27 | 27.0
Throwing       | 27 | 27.0
Transmutations | 27 | 27.0
Evocations     | 27 | 27.0
Axes           | 27 | 27.0
Hexes          | 27 | 27.0
Air Magic      | 27 | 27.0
Slings         | 27 | 27.0
Translocations | 27 | 27.0
Unarmed Combat | 27 | 27.0
Poison Magic   | 27 | 27.0
Short Blades   | 26 | 26.6
Maces & Flails | 26 | 26.6
Polearms       | 26 | 26.6
Staves         | 26 | 26.6

Action                   |  1- 3 |  4- 6 |  7- 9 | 10-12 | 13-15 | 16-18 | 19-21 | 22-24 | 25-27 || total
-------------------------+-------+-------+-------+-------+-------+-------+-------+-------+-------++-------
Melee: Dagger            |    33 |    32 |   197 |       |       |       |       |       |   251 ||   513
       Short sword       |     1 |       |       |       |       |       |       |       |       ||     1
       Headbutt          |       |     2 |    50 |    39 |   136 |    81 |   166 |   207 |  3217 ||  3898
       Demon blade       |       |       |   111 |   240 |   763 |   446 |   830 |   813 | 11138 || 14341
       Whip              |       |       |       |     6 |       |       |    12 |       |       ||    18
       Staff             |       |       |       |       |       |    74 |    17 |    33 |   480 ||   604
       Scimitar          |       |       |       |       |       |       |       |    11 |       ||    11
       Falchion          |       |       |       |       |       |       |       |       |   136 ||   136
       Double sword      |       |       |       |       |       |       |       |       |   132 ||   132
       Broad axe         |       |       |       |       |       |       |       |       |    20 ||    20
       Lance             |       |       |       |       |       |       |       |       |    16 ||    16
 Fire: Hunting sling     |       |       |    28 |    37 |    57 |    22 |       |       |       ||   144
Throw: Stone             |       |     1 |       |       |       |       |       |       |       ||     1
       Dart              |       |       |     2 |       |       |       |       |       |     2 ||     4
       Javelin           |       |       |       |       |       |       |    10 |       |    78 ||    88
 Cast: Freeze            |    55 |    18 |    33 |    25 |    42 |     8 |       |       |       ||   181
       Frozen Ramparts   |     2 |    16 |    37 |    51 |    63 |       |     2 |       |       ||   171
       Ozocubu's Armour  |     2 |     4 |    17 |    23 |    15 |       |     1 |       |       ||    62
       Summon Ice Beast  |       |       |    15 |    35 |    32 |     3 |       |       |     1 ||    86
       Borgnjor's Vile C |       |       |       |    19 |   101 |    34 |    43 |    44 |    23 ||   264
       Ozocubu's Refrige |       |       |       |       |    50 |   353 |   237 |   236 |   807 ||  1683
       Iron Shot         |       |       |       |       |     8 |     9 |    44 |    47 |   547 ||   655
       Sublimation of Bl |       |       |       |       |       |       |     1 |       |     9 ||    10
       Shatter           |       |       |       |       |       |       |       |     7 |   733 ||   740
       Ignition          |       |       |       |       |       |       |       |       |  1181 ||  1181
       Absolute Zero     |       |       |       |       |       |       |       |       |  1001 ||  1001
       Orb of Destructio |       |       |       |       |       |       |       |       |   235 ||   235
       Necromutation     |       |       |       |       |       |       |       |       |   157 ||   157
       Spellforged Servi |       |       |       |       |       |       |       |       |    97 ||    97
       Lehudib's Crystal |       |       |       |       |       |       |       |       |    73 ||    73
       Death Channel     |       |       |       |       |       |       |       |       |    36 ||    36
       Tornado           |       |       |       |       |       |       |       |       |    29 ||    29
       Dragon's Call     |       |       |       |       |       |       |       |       |    19 ||    19
       Summon Forest     |       |       |       |       |       |       |       |       |     2 ||     2
Invok: Potion Petition   |       |       |       |     1 |     5 |       |     3 |     5 |   192 ||   206
       Call Merchant     |       |       |       |       |       |     3 |       |       |    16 ||    19
 Abil: End Transformatio |       |       |       |       |       |       |       |       |    14 ||    14
Evoke: Wand              |     1 |       |     1 |     1 |     4 |       |     1 |       |    23 ||    31
       Box of beasts     |       |       |       |     1 |       |       |       |       |     1 ||     2
       Condenser vane    |       |       |       |       |     1 |       |       |       |     5 ||     6
       Sceptre of Asmode |       |       |       |       |       |       |       |       |    10 ||    10
       Figurine of a zig |       |       |       |       |       |       |       |       |     6 ||     6
       Lightning rod     |       |       |       |       |       |       |       |       |     3 ||     3
       Phial of floods   |       |       |       |       |       |       |       |       |     1 ||     1
  Use: Potion            |       |       |     3 |     4 |       |       |       |       |    96 ||   103
       Scroll            |       |       |    19 |     8 |    16 |     8 |     7 |     2 |   237 ||   297
 Stab: Sleeping          |     6 |     2 |     2 |       |     2 |       |       |       |       ||    12
       Distracted        |       |       |     1 |     3 |     4 |     4 |     3 |     6 |   198 ||   219
       Invisible         |       |       |       |       |       |       |       |       |    11 ||    11
       Confused          |       |       |       |       |       |       |       |       |     3 ||     3
       Paralysed         |       |       |       |       |       |       |       |       |     2 ||     2
Armor: Robe              |     5 |     7 |    42 |       |       |       |       |       |       ||    54
       Ring mail         |       |       |     9 |    74 |   220 |   189 |   248 |   194 |    81 ||  1015
       Ice dragon scales |       |       |       |       |       |       |       |       |  3787 ||  3787
       Crystal plate arm |       |       |       |       |       |       |       |       |  1091 ||  1091
       Skin              |       |       |       |       |       |       |       |       |   108 ||   108
Dodge: Dodged            |    45 |    32 |   309 |   142 |   412 |   318 |   305 |   398 |  4689 ||  6650
Block: Buckler           |       |       |     4 |    43 |   226 |   218 |   365 |   395 |       ||  1251
       Kite shield       |       |       |       |       |       |     1 |       |    11 |  8227 ||  8239
       Reflection        |       |       |       |       |       |    25 |    55 |    36 |    50 ||   166
       Tower shield      |       |       |       |       |       |       |       |       |   395 ||   395
       Rpst.: Demon blade |       |       |    40 |    44 |    99 |    42 |    68 |    52 |   694 ||  1039
       Falchion          |       |       |       |       |       |       |       |       |     8 ||     8
       Double sword      |       |       |       |       |       |       |       |       |     1 ||     1

Table legend: (Time is in decaauts)
 A = Elapsed time spent in this place.
 B = Non-inter-level travel time spent in this place.
 C = Inter-level travel time spent in this place.
 D = Time resting spent in this place.
 E = Time spent auto-exploring this place.
 F = Levels seen in this place.
 G = Mean time per level.
                   A        B        C        D        E       F      G
               +--------+--------+--------+--------+--------+-----+--------+
         Total | 243322 | 223389 |  19933 |  39955 | 111736 | 274 |  888.0 |
       Dungeon |  28511 |  21755 |   6756 |   4457 |  13479 |  15 | 1900.7 |
        Temple |    205 |    183 |     22 |      0 |    165 |   1 |  205.0 |
          Lair |  13421 |  11697 |   1724 |   3234 |   6128 |   6 | 2236.8 |
        Shoals |   7402 |   6601 |    801 |   1519 |   3894 |   4 | 1850.5 |
     Snake Pit |   8820 |   8073 |    747 |   1652 |   4724 |   4 | 2205.0 |
    Slime Pits |   1346 |   1248 |     98 |    192 |    491 |   5 |  269.2 |
  Orcish Mines |   2153 |   1852 |    301 |    350 |   1082 |   2 | 1076.5 |
   Elven Halls |   6350 |   5966 |    384 |   1416 |   3324 |   3 | 2116.7 |
        Vaults |  15766 |  13129 |   2637 |   2936 |   7521 |   5 | 3153.2 |
         Crypt |   3868 |   3615 |    253 |    347 |   2094 |   3 | 1289.3 |
          Tomb |   5151 |   4696 |    455 |   1436 |   1726 |   3 | 1717.0 |
        Depths |  15232 |  12887 |   2345 |   3361 |   7239 |   5 | 3046.4 |
          Hell |   2337 |   1844 |    493 |    455 |    713 |   1 | 2337.0 |
           Dis |  13142 |  12623 |    519 |   1514 |   5801 |   7 | 1877.4 |
       Gehenna |   8725 |   8404 |    321 |    457 |   5422 |   6 | 1454.2 |
       Cocytus |  16797 |  16439 |    358 |   4421 |   6572 |   7 | 2399.6 |
      Tartarus |  19686 |  18858 |    828 |   4247 |   7276 |   7 | 2812.3 |
           Zot |  11020 |  10137 |    883 |   4662 |   3382 |   5 | 2204.0 |
         Abyss |   4117 |   4117 |      0 |    316 |   1127 |   6 |  686.2 |
   Pandemonium |  19356 |  19356 |      0 |   1251 |  11253 |  16 | 1209.8 |
      Ziggurat |  38907 |  38907 |      0 |   1181 |  18168 | 162 |  240.2 |
      Gauntlet |   1001 |   1001 |      0 |    545 |    152 |   1 | 1001.0 |
               +--------+--------+--------+--------+--------+-----+--------+

Top non-repeatable levels by time:
   Tar:7: 6475 daAuts
   Coc:7: 5115 daAuts
    D:15: 4957 daAuts
Vaults:1: 4282 daAuts
Depths:3: 3823 daAuts
Vaults:2: 3770 daAuts
   Tar:5: 3724 daAuts
   Coc:6: 3484 daAuts
Depths:2: 3397 daAuts
Depths:1: 3390 daAuts
   Tar:3: 3363 daAuts
  Tomb:1: 3255 daAuts
  Zig:27: 3212 daAuts
    D:14: 3180 daAuts
Vaults:4: 3172 daAuts
